Workbook
Name _msoanchor_1: '2009'!$B$3
Name _msoanchor_1: '2010'!$B$3
Name _msoanchor_1: '2011'!$B$3
Name _msoanchor_1: '2012'!$B$3
Name _msoanchor_1: '2013'!$B$3
Name _msoanchor_1: '2014'!$B$3
Name _msoanchor_1: '2015'!$B$3
Name _msoanchor_1: '2016'!$B$3
Name _msoanchor_1: '2017'!$B$3
Name _msoanchor_10: '2009'!$B$11
Name _msoanchor_10: '2010'!$B$11
Name _msoanchor_10: '2011'!$B$11
Name _msoanchor_10: '2012'!$B$11
Name _msoanchor_10: '2013'!$B$11
Name _msoanchor_10: '2014'!$B$11
Name _msoanchor_10: '2015'!$B$11
Name _msoanchor_10: '2016'!$B$11
Name _msoanchor_10: '2017'!$B$11
Name _msoanchor_11: '2009'!$E$11
Name _msoanchor_11: '2010'!$E$11
Name _msoanchor_11: '2011'!$E$11
Name _msoanchor_11: '2012'!$E$11
Name _msoanchor_11: '2013'!$E$11
Name _msoanchor_11: '2014'!$E$11
Name _msoanchor_11: '2015'!$E$11
Name _msoanchor_11: '2016'!$E$11
Name _msoanchor_11: '2017'!$E$11
Name _msoanchor_12: '2009'!$H$17
Name _msoanchor_12: '2010'!$H$17
Name _msoanchor_12: '2011'!$H$17
Name _msoanchor_12: '2012'!$H$17
Name _msoanchor_12: '2013'!$H$17
Name _msoanchor_12: '2014'!$H$17
Name _msoanchor_12: '2015'!$H$17
Name _msoanchor_12: '2016'!$H$17
Name _msoanchor_12: '2017'!$H$17
Name _msoanchor_13: '2009'!$B$18
Name _msoanchor_13: '2010'!$B$18
Name _msoanchor_13: '2011'!$B$18
Name _msoanchor_13: '2012'!$B$18
Name _msoanchor_13: '2013'!$B$18
Name _msoanchor_13: '2014'!$B$18
Name _msoanchor_13: '2015'!$B$18
Name _msoanchor_13: '2016'!$B$18
Name _msoanchor_13: '2017'!$B$18
Name _msoanchor_14: '2009'!$E$18
Name _msoanchor_14: '2010'!$E$18
Name _msoanchor_14: '2011'!$E$18
Name _msoanchor_14: '2012'!$E$18
Name _msoanchor_14: '2013'!$E$18
Name _msoanchor_14: '2014'!$E$18
Name _msoanchor_14: '2015'!$E$18
Name _msoanchor_14: '2016'!$E$18
Name _msoanchor_14: '2017'!$E$18
Name _msoanchor_15: '2009'!$H$18
Name _msoanchor_15: '2010'!$H$18
Name _msoanchor_15: '2011'!$H$18
Name _msoanchor_15: '2012'!$H$18
Name _msoanchor_15: '2013'!$H$18
Name _msoanchor_15: '2014'!$H$18

Sheet WEBSITE
A1: CBML DRAFT | D1: CBML DRAFT | G1: CBML DRAFT | J1: CBML DRAFT | M1: CBML DRAFT
A2: 1988 | B2: Wadsworth, OH | D2: 1989 | E2: Allentown, PA | G2: 1990 | H2: Hackettstown, NJ | J2: 1991 | K2: Hackettstown, NJ | M2: 1992 | N2: Kent, Ohio
A4: ROUND 1 | D4: ROUND 1 | G4: ROUND 1 | J4: ROUND 1 | M4: ROUND 1
A5: 1 | B5: Indians | C5: Roger Clemens | D5: 1 | E5: Reds | F5: Roberto Alomar | G5: 1 | H5: Phillies | I5: Ken Griffey Jr. | J5: 1 | K5: Orioles | L5: Frank Thomas | M5: 1 | N5: Phillies | O5: Chuck Knoblauch
A6: 2 | B6: Padres | C6: Dave Stewart | D6: 2 | E6: Yankees | F6: Chris Sabo | G6: 2 | H6: Giants | I6: Jerome Walton | J6: 2 | K6: Pirates | L6: Cecil Fielder | M6: 2 | N6: Tigers | O6: Jeff Bagwell
A7: 3 | B7: Orioles | C7: Wade Boggs | D7: 3 | E7: Padres | F7: Gary Sheffield | G7: 3 | H7: Phillies | I7: Pat Coombs | J7: 3 | K7: Orioles | L7: Travis Fryman | M7: 3 | N7: Orioles | O7: Mike Mussina
A8: 4 | B8: Astros | C8: Ted Higuera | D8: 4 | E8: Mets | F8: Mark Grace | G8: 4 | H8: Mets | I8: Todd Zeille | J8: 4 | K8: Astros | L8: Delino DeShields | M8: 4 | N8: Indians | O8: Juan Guzman
A9: 5 | B9: Phillies | C9: Mark McGuire | D9: 5 | E9: Twins | F9: Rick Jordan | G9: 5 | H9: Astros | I9: Andy Benes | J9: 5 | K9: Tigers | L9: Jose Offerman | M9: 5 | N9: Padres | O9: Mark Lewis
A10: 6 | B10: Pirates | C10: Mark Langston | D10: 6 | E10: Phillies | F10: John Dopson | G10: 6 | H10: Padres | I10: Jim Abbott | J10: 6 | K10: Padres | L10: Jack McDowell | M10: 6 | N10: Mets | O10: Ivan Rodriguez
A11: 7 | B11: Royals | C11: Dale Murphy | D11: 7 | E11: Cardinals | F11: Dave Gallagher | G11: 7 | H11: Cardinals | I11: Robin Ventura | J11: 7 | K11: Yankees | L11: Alex Fernandez | M11: 7 | N11: Cardinals | O11: Bill Wegman
A12: 8 | B12: Reds | C12: Wally Joyner | D12: 8 | E12: Padres | F12: Sandy Alomar Jr | G12: 8 | H12: Twins | I12: Ben McDonald | J12: 8 | K12: Phillies | L12: Mickey Morandini | M12: 8 | N12: Tigers | O12: Jim Thome
A13: 9 | B13: Twins | C13: Fernando Valenzuela | D13: 9 | E13: Expos | F13: Don August | G13: 9 | H13: Expos | I13: Dwight Smith | J13: 9 | K13: Reds | L13: Tino Martinez | M13: 9 | N13: Giants | O13: Todd Van Poppell
A14: 10 | B14: Yankees | C14: Andre Dawson | D14: 10 | E14: Indians | F14: Paul Gibson | G14: 10 | H14: Blue Jays | I14: John Wetteland | J14: 10 | K14: Twins | L14: Ray Lankford | M14: 10 | N14: Reds | O14: Mo Vaughn
A15: 11 | B15: Blue Jays | C15: B.J. Surhoff | D15: 11 | E15: Pirates | F15: Cecil Espy | G15: 11 | H15: Yankees | I15: Junior Felix | J15: 11 | K15: Indians | L15: Kevin Maas | M15: 11 | N15: Yankees | O15: Darryl Kile
A16: 12 | B16: Giants | C16: Ruben Sierra | D16: 12 | E16: Tigers | F16: John Moses | G16: 12 | H16: Indians | I16: Ken Howell | J16: 12 | K16: Expos | L16: Mark Whiten | M16: 12 | N16: Pirates | O16: Dean Palmer
... A20: 16 | B20: Tigers | C20: Charlie Hough | D20: 16 | E20: Blue Jays | F20: Ramon Martinez | G20: 16 | H20: Pirates | I20: Bill Landrum | J20: 16 | K20: Blue Jays | L20: Steve Avery | M20: 16 | N20: Blue Jays | O20: Royce Clayton
A22: ROUND 2 | D22: ROUND 2 | G22: ROUND 2 | J22: ROUND 2 | M22: ROUND 2
A23: 17 | B23: Indians | C23: Jack McDowell | D23: 17 | E23: Reds | F23: Norm Charlton | G23: 17 | H23: Phillies | I23: Ken Hill | J23: 17 | K23: Orioles | L23: Brian McRae | M23: 17 | N23: Yankees | O23: Arthur Rhodes
A24: 18 | B24: Padres | C24: Orel Hershiser | D24: 18 | E24: Yankees | F24: Mike Harkey | G24: 18 | H24: Reds | I24: Jamie Navarro | J24: 18 | K24: Indians | L24: Mike McFarlane | M24: 18 | N24: Phillies | O24: Keith Mitchell
A25: 19 | B25: Orioles | C25: Mike Greenwell | D25: 19 | E25: Orioles | F25: Erik Hansen | G25: 19 | H25: Royals | I25: Eric Anthony | J25: 19 | K25: Pirates | L25: Steve Decker | M25: 19 | N25: Giants | O25: Reggie Sanders
A26: 20 | B26: Astros | C26: Dan Plesac | D26: 20 | E26: Mets | F26: Dave West | G26: 20 | H26: Orioles | I26: Rob Ritchie | J26: 20 | K26: Astros | L26: Phil Plantier | M26: 20 | N26: Indians | O26: Reggie Jefferson
A27: 21 | B27: Phillies | C27: Harold Reynolds | D27: 21 | E27: Twins | F27: Joe Orsulak | G27: 21 | H27: Astros | I27: Lonnie Smith | J27: 21 | K27: Tigers | L27: Carlos Baerga | M27: 21 | N27: Orioles | O27: Chuck McElroy
A28: 22 | B28: Pirates | C28: Devon White | D28: 22 | E28: Phillies | F28: Andres Thomas | G28: 22 | H28: Pirates | I28: Mike Stanton | J28: 22 | K28: Twins | L28: Bernard Gilkey | M28: 22 | N28: Mets | O28: Jose Hernandez
A29: 23 | B29: Royals | C29: Dale Sveum | D29: 23 | E29: Cardinals | F29: Tim Crews | G29: 23 | H29: Cardinals | I29: Greg Vaughn | J29: 23 | K29: Yankees | L29: Terry Shumpert | M29: 23 | N29: Cardinals | O29: Doug Henry
A30: 24 | B30: Reds | C30: Mike Witt | D30: 24 | E30: Yankees | F30: Ron Jones | G30: 24 | H30: Twins | I30: Chuck Cary | J30: 24 | K30: Mets | L30: Shawn Boskie | M30: 24 | N30: Tigers | O30: Kyle Abbott
A31: 25 | B31: Twins | C31: Rick Sutcliffe | D31: 25 | E31: Expos | F31: Randy Johnson | G31: 25 | H31: Expos | I31: Larry Walker | J31: 25 | K31: Reds | L31: Chris Hammond | M31: 25 | N31: Twins | O31: Kenny Lofton
A32: 26 | B32: Yankees | C32: Floyd Bannister | D32: 26 | E32: Indians | F32: Todd Burns | G32: 26 | H32: Blue Jays | I32: John Olerud | J32: 26 | K32: Twins | L32: Randy Tomlin | M32: 26 | N32: Reds | O32: Ray Sanchez
A33: 27 | B33: Expos | C33: Ellid Burks | D33: 27 | E33: Pirates | F33: Brian Holman | G33: 27 | H33: Yankees | I33: Scott Scudder | J33: 27 | K33: Pirates | L33: Shane Mack | M33: 27 | N33: Yankees | O33: Pat Kelly
A34: 28 | B34: Expos | C34: Dick Schofield | D34: 28 | E34: Tigers | F34: Jerry Reuss | G34: 28 | H34: Indians | I34: Kent Mercker | J34: 28 | K34: Expos | L34: Lee Stevens | M34: 28 | N34: Royals | O34: Luis Mercedes
... A38: 32 | B38: Tigers | C38: Dwight Evans | D38: 32 | E38: Blue Jays | F38: Cris Carpenter | G38: 32 | H38: Pirates | I38: Greg Hibbard | J38: 32 | K38: Blue Jays | L38: Brian Barnes | M38: 32 | N38: Blue Jays | O38: Bernie Williams
A40: ROUND 3 | D40: ROUND 3 | G40: ROUND 3 | J40: ROUND 3 | M40: ROUND 3
A41: 33 | B41: Indians | C41: Mitch Williams | D41: 33 | E41: Reds | F41: Jack Armstrong | G41: 33 | H41: Phillies | I41: Junior Noboa | J41: 33 | K41: Orioles | L41: Sal Chiamparino | M41: 33 | N41: Phillies | O41: Scott Lesius
A42: 34 | B42: Padres | C42: Bruce Hurst | D42: 34 | E42: Yankees | F42: Mike Campbell | G42: 34 | H42: Reds | I42: Omar Visquel | J42: 34 | K42: Cardinals | L42: Bob Tewksberry | M42: 34 | N42: Giants | O42: Rheal Cormier
A43: 35 | B43: Orioles | C43: Ivan Calderon | D43: 35 | E43: Orioles | F43: John Costello | G43: 35 | H43: Royals | I43: Joe Oliver | J43: 35 | K43: Cardinals | L43: Milt Cuyler | M43: 35 | N43: Padres | O43: Eddie Zosky
A44: 36 | B44: Astros | C44: Alfredo Griffin | D44: 36 | E44: Mets | F44: Chad Krueter | G44: 36 | H44: Orioles | I44: Francisco Cabrerra | J44: 36 | K44: Astros | L44: Derrick May | M44: 36 | N44: Indians | O44: Brian Hunter
A45: 37 | B45: Phillies | C45: Terry Steinbach | D45: 37 | E45: Twins | F45: Paul Mirabella | G45: 37 | H45: Astros | I45: John Orton | J45: 37 | K45: Tigers | L45: Luis Gonzalez | M45: 37 | N45: Yankees | O45: Jeff Juden
A46: 38 | B46: Pirates | C46: Carney Lansford | D46: 38 | E46: Phillies | F46: Mark Grant | G46: 38 | H46: Padres | I46: Gary Eave | J46: 38 | K46: Padres | L46: Leo Gomez | M46: 38 | N46: Mets | O46: Hector Fajardo
A47: 39 | B47: Royals | C47: Dale Mohorcic | D47: 39 | E47: Cardinals | F47: Mickey Hatcher | G47: 39 | H47: Padres | I47: Joey Bell | J47: 39 | K47: Yankees | L47: Wes Chamberlain | M47: 39 | N47: Cardinals | O47: Joel Johnston
A48: 40 | B48: Reds | C48: Shawn Hillegas | D48: 40 | E48: Padres | F48: Rick Mahler | G48: 40 | H48: Twins | I48: Mark Gardner | J48: 40 | K48: Philles | L48: Jim Neidlinger | M48: 40 | N48: Tigers | O48: Cal Eldred
A49: 41 | B49: Twins | C49: Lee Smith | D49: 41 | E49: Expos | F49: Pat Borders | G49: 41 | H49: Expos | I49: Tommy Greene | J49: 41 | K49: Reds | L49: Lance Dickson | M49: 41 | N49: Twins | O49: Frank Castillo
A50: 42 | B50: Yankees | C50: Ozzie Virgil | D50: 42 | E50: Indians | F50: Joey Meyer | G50: 42 | H50: Blue Jays | I50: Steve Finley | J50: 42 | K50: Twins | L50: Scott Radinsky | M50: 42 | N50: Reds | O50: Mo Sanford
A51: 43 | B51: Expos | C51: Bobby Witt | D51: 43 | E51: Pirates | F51: Brian Harper | G51: 43 | H51: Twins | I51: Wilson Alvarez | J51: 43 | K51: Pirates | L51: Mike Sharperson | M51: 43 | N51: Yankees | O51: Anthony Young
A52: 44 | B52: Expos | C52: Dave Valle | D52: 44 | E52: Tigers | F52: Rex Hudler | G52: 44 | H52: Indians | I52: Bill Soiers | J52: 44 | K52: Expos | L52: Wally Whitehurst | M52: 44 | N52: Twins | O52: Todd Frohwirth
... A56: 48 | B56: Tigers | C56: Jim Presley | D56: 48 | E56: Blue Jays | F56: Pete Harnisch | G56: 48 | H56: Pirates | I56: Mark Portugal | J56: 48 | K56: Philles | L56: Mark Portugal | M56: 48 | N56: Blue Jays | O56: Dave Hansen
A58: ROUND 4 | D58: ROUND 4 | G58: ROUND 4 | J58: ROUND 4 | M58: ROUND 4
A59: 49 | B59: Indians | C59: Bobby Thigpen | D59: 49 | E59: Reds | F59: Keith Brown | G59: 49 | H59: Phillies | I59: Ken Rogers | J59: 49 | K59: Orioles | L59: Rich Garces | M59: 49 | N59: Phillies | O59: Dave Fleming
A60: 50 | B60: Padres | C60: Pete Incaviglia | D60: 50 | E60: Yankees | F60: Kirk Manwaring | G60: 50 | H60: Reds | I60: Joe Giardi | J60: 50 | K60: Indians | L60: John Smiley | M60: 50 | N60: Royals | O60: Chris Haney
A61: 51 | B61: Orioles | C61: Curt Young | D61: 51 | E61: Orioles | F61: Dennis Cook | G61: 51 | H61: Royals | I61: Derek Lilliquist | J61: 51 | K61: Cardinals | L61: Andujar Cedeno | M61: 51 | N61: Padres | O61: Craig Grebeck
A62: 52 | B62: Astros | C62: Pete O'Brien | D62: 52 | E62: Mets | F62: Bob Milacki | G62: 52 | H62: Orioles | I62: Brian DuBois | J62: 52 | K62: Astros | L62: Dave Hansen | M62: 52 | N62: Indians | O62: Mike Timlin
A63: 53 | B63: Phillies | C63: Phil Bradley | D63: 53 | E63: Twins | F63: Cameron Drew | G63: 53 | H63: Astros | I63: Jeff Kunkel | J63: 53 | K63: Tigers | L63: Tom Pagnozzi | M63: 53 | N63: Orioles | O63: Jose Melendez
A64: 54 | B64: Pirates | C64: Ozzie Guillen | D64: 54 | E64: Phillies | F64: Mike Fitzgerald | G64: 54 | H64: Padres | I64: Rolando Roomes | J64: 54 | K64: Padres | L64: Charles Nagy | M64: 54 | N64: Mets | O64: Ramon Garcia
A65: 55 | B65: Royals | C65: Mike Scioscia | D65: 55 | E65: Cardinals | F65: Jim Eppard | G65: 55 | H65: Cardinals | I65: Bob McClure | J65: 55 | K65: Yankees | L65: Paul Marak | M65: 55 | N65: Cardinals | O65: Milt Thompson
A66: 56 | B66: Reds | C66: Mickey Brantley | D66: 56 | E66: Orioles | F66: Jose Bautista | G66: 56 | H66: Twins | I66: Steve Wilson | J66: 56 | K66: Mets | L66: Dave Hollins | M66: 56 | N66: Tigers | O66: John Habyan
A67: 57 | B67: Twins | C67: Marty Barrett | D67: 57 | E67: Padres | F67: Keith Miller | G67: 57 | H67: Expos | I67: Alex Sanchez | J67: 57 | K67: Reds | L67: John Tudor | M67: 57 | N67: Cardinals | O67: Steve Howe
A68: 58 | B68: Yankees | C68: Jay Howell | D68: 58 | E68: Indians | F68: Steve Searcy | G68: 58 | H68: Blue Jays | I68: Jim Acker | J68: 58 | K68: Twins | L68: Gerald Alexander | M68: 58 | N68: Reds | O68: John Wehner
A69: 59 | B69: Giants | C69: Edwin Correa | D69: 59 | E69: Pirates | F69: Tony Armas | G69: 59 | H69: Yankees | I69: Greg Myers | J69: 59 | K69: Pirates | L69: Julio Valera | M69: 59 | N69: Yankees | O69: Gary Scott
A70: 60 | B70: Expos | C70: Rafael Palmeiro | D70: 60 | E70: Tigers | F70: Larry McWilliams | G70: 60 | H70: Indians | I70: Jeff Brantley | J70: 60 | K70: Expos | L70: Karl Rhodes | M70: 60 | N70: Twins | O70: Denny Neagle
... A74: 64 | B74: Tigers | C74: Dave Martinez | D74: 64 | E74: Blue Jays | F74: Jose Alvarez | G74: 64 | H74: Pirates | I74: Lee Gutterman | J74: 64 | K74: Blue Jays | L74: Junior Ortiz | M74: 64 | N74: Blue Jays | O74: Chito Martinez
A76: ROUND 5 | D76: ROUND 5 | G76: ROUND 5 | J76: ROUND 5 | M76: ROUND 5
A77: 65 | B77: Indians | C77: Ken Phelps | D77: 65 | E77: Reds | F77: Van Snider | G77: 65 | H77: Royals | I77: Lent Anderson | J77: 65 | K77: Orioles | L77: Gene Harris | M77: 65 | N77: Padres | O77: Brian Williams
A78: 66 | B78: Padres | C78: Harold Baines | D78: 66 | E78: Yankees | F78: Doug Dacenzo | G78: 66 | H78: Reds | I78: Tommy Gregg | J78: 66 | K78: Indians | L78: Tom Bolton | M78: 66 | N78: Phillies | O78: Eric Karros
A79: 67 | B79: Orioles | C79: Jose Guzman | D79: 67 | E79: Orioles | F79: Todd Stottlemyre | G79: 67 | H79: Royals | I79: Kevin Tapani | J79: 67 | K79: Cardinals | L79: Dana Kiecker | M79: 67 | N79: Royals | O79: Mike Magnante
A80: 68 | B80: Astros | C80: Luis Polonia | D80: 68 | E80: Pirates | F80: Terry Mullholland | G80: 68 | H80: Orioles | I80: Gary Wayne | J80: 68 | K80: Astros | L80: Victor Rosario | M80: 68 | N80: Indians | O80: John Vanderwal
A81: 69 | B81: Phillies | C81: Rey Quinones | D81: 69 | E81: Twins | F81: Rafael Ramirez | G81: 69 | H81: Astros | I81: Steve Olin | J81: 69 | K81: Tigers | L81: Matt Young | M81: 69 | N81: Orioles | O81: Pete Schourek
A82: 70 | B82: Pirates | C82: Willie Fraser | D82: 70 | E82: Phillies | F82: Darrin Jackson | G82: 70 | H82: Padres | I82: Clay Parker | J82: 70 | K82: Padres | L82: Rafael Valdez | M82: 70 | N82: Mets | O82: Dave Weathers
A83: 71 | B83: Royals | C83: Dewayne Buice | D83: 71 | E83: Cardinals | F83: Brad Havens | G83: 71 | H83: Cardinals | I83: Mike Blowers | J83: 71 | K83: Yankees | L83: Joe Grahe | M83: 71 | N83: Cardinals | O83: Jeff Fassero
A84: 72 | B84: Reds | C84: Shawn Dunston | D84: 72 | E84: Padres | F84: Jeff Pico | G84: 72 | H84: Twins | I84: Bob Rose | J84: 72 | K84: Phillies | L84: Jim Leyritz | M84: 72 | N84: Tigers | O84: Jeff Innis
A85: 73 | B85: Twins | C85: Geno Petralli | D85: 73 | E85: Expos | F85: Mark Lemke | G85: 73 | H85: Expos | I85: Dean Palmer | J85: 73 | K85: Reds | L85: Omar Oliveros | M85: 73 | N85: Twins | O85: Ricky Bones
A86: 74 | B86: Yankees | C86: Dennis Eckersley | D86: 74 | E86: Indians | F86: Mike Devereaux | G86: 74 | H86: Blue Jays | I86: Hal Morris | J86: 74 | K86: Giants | L86: Edwin Nunez | M86: 74 | N86: Reds | O86: Mike Maddux
A87: 75 | B87: Giants | C87: Tom Glavine | D87: 75 | E87: Pirates | F87: Jerry Browne | G87: 75 | H87: Yankees | I87: Storm Davis | J87: 75 | K87: Pirates | L87: Hector Villanueva | M87: 75 | N87: Yankees | O87: Kirk Dressendorer
A88: 76 | B88: Expos | C88: Walt Weiss | D88: 76 | E88: Tigers | F88: Al Nipper | G88: 76 | H88: Indians | I88: Chip Hale | J88: 76 | K88: Expos | L88: Thomas Howard | M88: 76 | N88: Giants | O88: Dave Howard
... A92: 80 | B92: Tigers | C92: Frank Dipino | D92: 80 | E92: Blue Jays | F92: Nelson Santovenia | G92: 80 | H92: Pirates | I92: Mark Guthrie | J92: 80 | K92: Blue Jays | L92: Scott Ruskin | M92: 80 | N92: Blue Jays | O92: Joe Hesketh
A94: ROUND 6 | D94: ROUND 6 | G94: ROUND 6 | J94: ROUND 6 | M94: ROUND 6
A95: 81 | B95: Indians | C95: Dave Stapleton | D95: 81 | E95: Reds | F95: Jeff Reed | G95: 81 | H95: Phillies | I95: Deion Sanders | J95: 81 | K95: Orioles | L95: Willie Blair | M95: 81 | N95: Padres | O95: Ryan Bowen
A96: 82 | B96: Padres | C96: Bob Dernier | D96: 82 | E96: Yankees | F96: Lance Blankenship | G96: 82 | H96: Reds | I96: Kevin Appier | J96: 82 | K96: Indians | L96: Bill Sampen | M96: 82 | N96: Phillies | O96: Kevin Morton
A97: 83 | B97: Orioles | C97: John Marzano | D97: 83 | E97: Orioles | F97: Ravelo Manzanillo | G97: 83 | H97: Royals | I97: Curt Schilling | J97: 83 | K97: Cardinals | L97: 0 | M97: 83 | N97: Royals | O97: Dave Burba
A98: 84 | B98: Astros | C98: Carlton Fisk | D98: 84 | E98: Mets | F98: Scott Service | G98: 84 | H98: Orioles | I98: Mark Knudson | J98: 84 | K98: Astros | L98: Mike Bell | M98: 84 | N98: Indians | O98: Kevin Brown
A99: 85 | B99: Phillies | C99: Bill Wegman | D99: 85 | E99: Twins | F99: Carlos Quintanna | G99: 85 | H99: Cardinals | I99: Franklin Stubbs | J99: 85 | K99: Tigers | L99: Bill Swift | M99: 85 | N99: Orioles | O99: Terry Mathews
A100: 86 | B100: Pirates | C100: Leon Durham | D100: 86 | E100: Phillies | F100: Ron Hassey | G100: 86 | H100: Padres | I100: Geranamo Berroa | J100: 86 | K100: Padres | L100: Greg Smith | M100: 86 | N100: Mets | O100: Terry Clark
A101: 87 | B101: Royals | C101: Rich Dotson | D101: 87 | E101: Cardinals | F101: Shawn Abner | G101: 87 | H101: Cardinals | I101: Louie Meadows | J101: 87 | K101: Yankees | L101: Narcisco Elvira | M101: 87 | N101: Cardinals | O101: Scott Livingstone
A102: 88 | B102: Reds | C102: Mark Clear | D102: 88 | E102: Padres | F102: Randy Velarde | G102: 88 | H102: Twins | I102: Don Pall | J102: 88 | K102: Phillies | L102: Mike Hartley | M102: 88 | N102: Tigers | O102: Dave Otto
A103: 89 | B103: Twins | C103: Sam Horn | D103: 89 | E103: Expos | F103: Lenny Harris | G103: 89 | H103: Expos | I103: Jason Grimsley | J103: 89 | K103: Reds | L103: Chris Hoiles | M103: 89 | N103: Twins | O103: Gil Heredia
A104: 90 | B104: Yankees | C104: Calvin Schiraldi | D104: 90 | E104: Indians | F104: Tony Castillo | G104: 90 | H104: Blue Jays | I104: Lloyd McClendon | J104: 90 | K104: Twins | L104: Paul Faries | M104: 90 | N104: Reds | O104: Rob Mauer
A105: 91 | B105: Giants | C105: Mike Loynd | D105: 91 | E105: Pirates | F105: Dickie Thon | G105: 91 | H105: Yankees | I105: Mike Jeffcoat | J105: 91 | K105: Pirates | L105: Jerry Gleaton | M105: 91 | N105: Yankees | O105: Eddie Taubensee
A106: 92 | B106: Expos | C106: Bill Wilkinson | D106: 92 | E106: Tigers | F106: Dwayne Murphy | G106: 92 | H106: Indians | I106: Eric Hetzel | J106: 92 | K106: Expos | L106: Willie Fraser | M106: 92 | N106: Giants | O106: Rick Wilkins
A107: 93 | B107: Mets | C107: Jack Howell | D107: 93 | E107: Royals | F107: Odell Jones | G107: 93 | H107: Reds | I107: Felix Jose | J107: 93 | K107: Mets | L107: Kevin Belcher | M107: 93 | N107: Expos | O107: Jeff King
A108: 94 | B108: Cardinals | C108: Scott Bankhead | D108: 94 | E108: Astros | F108: John Schmoltz | G108: 94 | H108: Tigers | I108: Mike Felder | J108: 94 | K108: Cardinals | L108: Beau Allred | M108: 94 | N108: Pirates | O108: Rafael Belliard
A109: 95 | B109: Blue Jays | C109: Brian Downing | D109: 95 | E109: Giants | F109: Mark Parent | G109: 95 | H109: Mets | I109: Craig Wilson | J109: 95 | K109: Giants | L109: Mike Fitzgerald | M109: 95 | N109: Astros | O109: Mark Guthrie
A110: 96 | B110: Tigers | C110: Alvin Davis | D110: 96 | E110: Blue Jays | F110: Bob Stanley | G110: 96 | H110: Pirates | I110: Dave Otto | J110: 96 | K110: Blue Jays | L110: Bob Patterson | M110: 96 | N110: Blue Jays | O110: Kenny Rogers
A112: ROUND 7 | D112: ROUND 7 | G112: ROUND 7 | J112: ROUND 7 | M112: ROUND 7
A113: 97 | B113: Indians | C113: Scott Fletcher | D113: 97 | E113: Reds | F113: Tim Birstas | G113: 97 | H113: Phillies | I113: Luis Quinnons | J113: 97 | K113: Orioles | L113: Eric Gunderson | M113: 97 | N113: Padres | O113: John Franco
A114: 98 | B114: Padres | C114: Manny Trillo | D114: 98 | E114: Yankees | F114: Zane Smith | G114: 98 | H114: Reds | I114: Hensley Muelens | J114: 98 | K114: Indians | L114: Rob Ducey | M114: 98 | N114: Phillies | O114: Ted Wood
A115: 99 | B115: Orioles | C115: Jim Gantner | D115: 99 | E115: Orioles | F115: Steve Rosenberg | G115: 99 | H115: Royals | I115: Mauro Gozzo | J115: 99 | K115: Cardinals | L115: Daryl Hamilton | M115: 99 | N115: Royals | O115: Roberto Hernandez
A116: 100 | B116: Astros | C116: Gary Lucas | D116: 100 | E116: Mets | F116: Rick Reed | G116: 100 | H116: Orioles | I116: Kevin Ritz | J116: 100 | K116: Astros | L116: Steve Frey | M116: 100 | N116: Indians | O116: Lenny Webster
A117: 101 | B117: Phillies | C117: Steve Lyons | D117: 101 | E117: Twins | F117: William Brennan | G117: 101 | H117: Astros | I117: Eric Yelding | J117: 101 | K117: Tigers | L117: Mike Witt | M117: 101 | N117: Orioles | O117: Xavier Hernandez
A118: 102 | B118: Pirates | C118: Dave Leiper | D118: 102 | E118: Phillies | F118: Marvin Freeman | G118: 102 | H118: Padres | I118: Doug Baker | J118: 102 | K118: Padres | L118: Mike Simms | M118: 102 | N118: Mets | O118: Chris Gardiner
A119: 103 | B119: Royals | C119: John Shelby | D119: 103 | E119: Cardinals | F119: Tim Jones | G119: 103 | H119: Padres | I119: Juan Bell | J119: 103 | K119: Yankees | L119: Steve Adkins | M119: 103 | N119: Cardinals | O119: Roger Mason
A120: 104 | B120: Reds | C120: Jody Davis | D120: 104 | E120: Padres | F120: Joel Skinner | G120: 104 | H120: Twins | I120: Mike Fetters | J120: 104 | K120: Phillies | L120: Larry Casian | M120: 104 | N120: Tigers | O120: Mark Leiter
A121: 105 | B121: Twins | C121: Mike Marshall | D121: 105 | E121: Expos | F121: Greg Briley | G121: 105 | H121: Expos | I121: Chris Gwynn | J121: 105 | K121: Reds | L121: Gerald Perry | M121: 105 | N121: Twins | O121: Chico Walker
A122: 106 | B122: Yankees | C122: Mike Davis | D122: 106 | E122: Indians | F122: Luis delos Santos | G122: 106 | H122: Blue Jays | I122: 0 | J122: 106 | K122: Twins | L122: Mark Leonard | M122: 106 | N122: Reds | O122: Mike Huff
...

Sheet Sheet1

Sheet 1988
A1: ROUND 1 | D1: ROUND 2 | G1: ROUND 3 | K1: ROUND 1
A2: 1 | B2: Indians | C2: Roger Clemens | D2: 17 | E2: Indians | F2: Jack McDowell | G2: 33 | H2: Indians | I2: Mitch Williams | K2: 1 | L2: Indians | M2: Roger Clemens
A3: 2 | B3: Padres | C3: Dave Stewart | D3: 18 | E3: Padres | F3: Orel Hershiser | G3: 34 | H3: Padres | I3: Bruce Hurst | K3: 2 | L3: Padres | M3: Dave Stewart
A4: 3 | B4: Orioles | C4: Wade Boggs | D4: 19 | E4: Orioles | F4: Mike Greenwell | G4: 35 | H4: Orioles | I4: Ivan Calderon | K4: 3 | L4: Orioles | M4: Wade Boggs
A5: 4 | B5: Astros | C5: Ted Higuera | D5: 20 | E5: Astros | F5: Dan Plesac | G5: 36 | H5: Astros | I5: Alfredo Griffin | K5: 4 | L5: Astros | M5: Ted Higuera
A6: 5 | B6: Phillies | C6: Mark McGuire | D6: 21 | E6: Phillies | F6: Harold Reynolds | G6: 37 | H6: Phillies | I6: Terry Steinbach | K6: 5 | L6: Phillies | M6: Mark McGuire
A7: 6 | B7: Pirates | C7: Mark Langston | D7: 22 | E7: Pirates | F7: Devon White | G7: 38 | H7: Pirates | I7: Carney Lansford | K7: 6 | L7: Pirates | M7: Mark Langston
A8: 7 | B8: Royals | C8: Dale Murphy | D8: 23 | E8: Royals | F8: Dale Sveum | G8: 39 | H8: Royals | I8: Dale Mohorcic | K8: 7 | L8: Royals | M8: Dale Murphy
A9: 8 | B9: Reds | C9: Wally Joyner | D9: 24 | E9: Reds | F9: Mike Witt | G9: 40 | H9: Reds | I9: Shawn Hillegas | K9: 8 | L9: Reds | M9: Wally Joyner
A10: 9 | B10: Twins | C10: Fernando Valenzuela | D10: 25 | E10: Twins | F10: Rick Sutcliffe | G10: 41 | H10: Twins | I10: Lee Smith | K10: 9 | L10: Twins | M10: Fernando Valenzuela
A11: 10 | B11: Yankees | C11: Andre Dawson | D11: 26 | E11: Yankees | F11: Floyd Bannister | G11: 42 | H11: Yankees | I11: Ozzie Virgil | K11: 10 | L11: Yankees | M11: Andre Dawson
A12: 11 | B12: Blue Jays | C12: B.J. Surhoff | D12: 27 | E12: Expos | F12: Ellid Burks | G12: 43 | H12: Expos | I12: Bobby Witt | K12: 11 | L12: Blue Jays | M12: B.J. Surhoff
A13: 12 | B13: Giants | C13: Ruben Sierra | D13: 28 | E13: Expos | F13: Dick Schofield | G13: 44 | H13: Expos | I13: Dave Valle | K13: 12 | L13: Giants | M13: Ruben Sierra
... A17: 16 | B17: Tigers | C17: Charlie Hough | D17: 32 | E17: Tigers | F17: Dwight Evans | G17: 48 | H17: Tigers | I17: Jim Presley | K17: 16 | L17: Tigers | M17: Charlie Hough
A19: ROUND 4 | D19: ROUND 5 | G19: ROUND 6 | K19: ROUND 2
A20: 49 | B20: Indians | C20: Bobby Thigpen | D20: 65 | E20: Indians | F20: Ken Phelps | G20: 81 | H20: Indians | I20: Dave Stapleton | K20: 17 | L20: Indians | M20: Jack McDowell
A21: 50 | B21: Padres | C21: Pete Incaviglia | D21: 66 | E21: Padres | F21: Harold Baines | G21: 82 | H21: Padres | I21: Bob Dernier | K21: 18 | L21: Padres | M21: Orel Hershiser
A22: 51 | B22: Orioles | C22: Curt Young | D22: 67 | E22: Orioles | F22: Jose Guzman | G22: 83 | H22: Orioles | I22: John Marzano | K22: 19 | L22: Orioles | M22: Mike Greenwell
A23: 52 | B23: Astros | C23: Pete O'Brien | D23: 68 | E23: Astros | F23: Luis Polonia | G23: 84 | H23: Astros | I23: Carlton Fisk | K23: 20 | L23: Astros | M23: Dan Plesac
A24: 53 | B24: Phillies | C24: Phil Bradley | D24: 69 | E24: Phillies | F24: Rey Quinones | G24: 85 | H24: Phillies | I24: Bill Wegman | K24: 21 | L24: Phillies | M24: Harold Reynolds
A25: 54 | B25: Pirates | C25: Ozzie Guillen | D25: 70 | E25: Pirates | F25: Willie Fraser | G25: 86 | H25: Pirates | I25: Leon Durham | K25: 22 | L25: Pirates | M25: Devon White
A26: 55 | B26: Royals | C26: Mike Scioscia | D26: 71 | E26: Royals | F26: Dewayne Buice | G26: 87 | H26: Royals | I26: Rich Dotson | K26: 23 | L26: Royals | M26: Dale Sveum
A27: 56 | B27: Reds | C27: Mickey Brantley | D27: 72 | E27: Reds | F27: Shawn Dunston | G27: 88 | H27: Reds | I27: Mark Clear | K27: 24 | L27: Reds | M27: Mike Witt
A28: 57 | B28: Twins | C28: Marty Barrett | D28: 73 | E28: Twins | F28: Geno Petralli | G28: 89 | H28: Twins | I28: Sam Horn | K28: 25 | L28: Twins | M28: Rick Sutcliffe
A29: 58 | B29: Yankees | C29: Jay Howell | D29: 74 | E29: Yankees | F29: Dennis Eckersley | G29: 90 | H29: Yankees | I29: Calvin Schiraldi | K29: 26 | L29: Yankees | M29: Floyd Bannister
A30: 59 | B30: Giants | C30: Edwin Correa | D30: 75 | E30: Giants | F30: Tom Glavine | G30: 91 | H30: Giants | I30: Mike Loynd | K30: 27 | L30: Expos | M30: Ellid Burks
A31: 60 | B31: Expos | C31: Rafael Palmeiro | D31: 76 | E31: Expos | F31: Walt Weiss | G31: 92 | H31: Expos | I31: Bill Wilkinson | K31: 28 | L31: Expos | M31: Dick Schofield
... A35: 64 | B35: Tigers | C35: Dave Martinez | D35: 80 | E35: Tigers | F35: Frank Dipino | G35: 96 | H35: Tigers | I35: Alvin Davis | K35: 32 | L35: Tigers | M35: Dwight Evans
A37: ROUND 7 | D37: ROUND 8 | G37: ROUND 9 | K37: ROUND 3
A38: 97 | B38: Indians | C38: Scott Fletcher | D38: 113 | E38: Indians | F38: Steve Ontiveros | G38: 129 | H38: Indians | I38: Scott Bradley | K38: 33 | L38: Indians | M38: Mitch Williams
A39: 98 | B39: Padres | C39: Manny Trillo | D39: 114 | E39: Padres | F39: Greg Brock | G39: 130 | H39: Padres | I39: Steve Buchelle | K39: 34 | L39: Padres | M39: Bruce Hurst
A40: 99 | B40: Orioles | C40: Jim Gantner | D40: 115 | E40: Orioles | F40: Kirk McKaskill | G40: 131 | H40: Orioles | I40: Edwin Nunez | K40: 35 | L40: Orioles | M40: Ivan Calderon
A41: 100 | B41: Astros | C41: Gary Lucas | D41: 116 | E41: Astros | F41: Dave Lapoint | G41: 132 | H41: Astros | I41: Rob Mallicoat | K41: 36 | L41: Astros | M41: Alfredo Griffin
A42: 101 | B42: Phillies | C42: Steve Lyons | D42: 117 | E42: Phillies | F42: Greg Walker | G42: 133 | H42: Phillies | I42: Brian Dayett | K42: 37 | L42: Phillies | M42: Terry Steinbach
A43: 102 | B43: Pirates | C43: Dave Leiper | D43: 118 | E43: Pirates | F43: Glenn Hubbard | G43: 134 | H43: Pirates | I43: Dave Otto | K43: 38 | L43: Pirates | M43: Carney Lansford
A44: 103 | B44: Royals | C44: John Shelby | D44: 119 | E44: Royals | F44: Mike Felder | G44: 135 | H44: Royals | I44: Jim Rice | K44: 39 | L44: Royals | M44: Dale Mohorcic
A45: 104 | B45: Reds | C45: Jody Davis | D45: 120 | E45: Reds | F45: Bob Brower | G45: 136 | H45: Reds | I45: Ken Oberkfell | K45: 40 | L45: Reds | M45: Shawn Hillegas
A46: 105 | B46: Twins | C46: Mike Marshall | D46: 121 | E46: Twins | F46: Mark McLemore | G46: 137 | H46: Twins | I46: Bob Knepper | K46: 41 | L46: Twins | M46: Lee Smith
A47: 106 | B47: Yankees | C47: Mike Davis | D47: 122 | E47: Yankees | F47: Keith Moreland | G47: 138 | H47: Yankees | I47: Gary Redus | K47: 42 | L47: Yankees | M47: Ozzie Virgil
A48: 107 | B48: Expos | C48: Rich Gedman | D48: 123 | E48: Giants | F48: Chuck Crim | G48: 139 | H48: Giants | I48: Ron Karkovice | K48: 43 | L48: Expos | M48: Bobby Witt
A49: 108 | B49: Expos | C49: Ken Williams | D49: 124 | E49: Expos | F49: Steve Sax | G49: 140 | H49: Expos | I49: Jose Rijo | K49: 44 | L49: Expos | M49: Dave Valle
... A53: 112 | B53: Tigers | C53: Gerald Perry | D53: 128 | E53: Tigers | F53: Lance Johnson | G53: 144 | H53: Tigers | I53: Ronnie Gant | K53: 48 | L53: Tigers | M53: Jim Presley
A55: ROUND 10 | D55: ROUND 11 | G55: ROUND 12 | K55: ROUND 4
A56: 145 | B56: Indians | C56: Jeff Dedmon | D56: 161 | E56: Indians | F56: Jody Reed | G56: 177 | H56: Indians | I56: Jeff Blauser | K56: 49 | L56: Indians | M56: Bobby Thigpen
A57: 146 | B57: Padres | C57: Gene Nelson | D57: 162 | E57: Padres | F57: Don Slaught | G57: 178 | H57: Padres | I57: David Palmer | K57: 50 | L57: Padres | M57: Pete Incaviglia
A58: 147 | B58: Orioles | C58: Oddibe McDowell | D58: 163 | E58: Orioles | F58: Darryl Boston | G58: 179 | H58: Orioles | I58: Jay Aldrich | K58: 51 | L58: Orioles | M58: Curt Young
A59: 148 | B59: Astros | C59: Mike Deveraux | D59: 164 | E59: Astros | F59: John Pawlowski | G59: 180 | H59: Astros | I59: Randy Milligan | K59: 52 | L59: Astros | M59: Pete O'Brien
A60: 149 | B60: Phillies | C60: Greg Maddux | D60: 165 | E60: Phillies | F60: Jamie Moyer | G60: 181 | H60: Phillies | I60: Steve Carlton | K60: 53 | L60: Phillies | M60: Phil Bradley
A61: 150 | B61: Pirates | C61: Todd Benzinger | D61: 166 | E61: Pirates | F61: Alejandro Pena | G61: 182 | H61: Pirates | I61: Matt Young | K61: 54 | L61: Pirates | M61: Ozzie Guillen
A62: 151 | B62: Royals | C62: Albert Hall | D62: 167 | E62: Royals | F62: Bill Long | G62: 183 | H62: Royals | I62: Jim Acker | K62: 55 | L62: Royals | M62: Mike Scioscia
A63: 152 | B63: Reds | C63: Tony Bernazard | D63: 168 | E63: Reds | F63: Stan Javier | G63: 184 | H63: Reds | I63: Mike Gallego | K63: 56 | L63: Reds | M63: Mickey Brantley
A64: 153 | B64: Twins | C64: Chris Bosio | D64: 169 | E64: Padres | F64: Mike Kingery | G64: 185 | H64: Twins | I64: Damingo Ramos | K64: 57 | L64: Twins | M64: Marty Barrett
A65: 154 | B65: Yankees | C65: Wes Gardner | D65: 170 | E65: Yankees | F65: Brian Holton | G65: 186 | H65: Yankees | I65: Ed Lynch | K65: 58 | L65: Yankees | M65: Jay Howell
A66: 155 | B66: Giants | C66: Mariano Duncan | D66: 171 | E66: Giants | F66: Mike Birkbeck | G66: 187 | H66: Giants | I66: Mike Moore | K66: 59 | L66: Giants | M66: Edwin Correa
A67: 156 | B67: Expos | C67: Bob Boone | D67: 172 | E67: Expos | F67: Donnell Nixon | G67: 188 | H67: Expos | I67: Ernest Riles | K67: 60 | L67: Expos | M67: Rafael Palmeiro
... A71: 160 | B71: Tigers | C71: Gary Pettis | D71: 176 | E71: Tigers | F71: Tom Nieto | G71: 192 | H71: Tiges | I71: Dennis Powell | K71: 64 | L71: Tigers | M71: Dave Martinez
K73: ROUND 5
K74: 65 | L74: Indians | M74: Ken Phelps
K75: 66 | L75: Padres | M75: Harold Baines
K76: 67 | L76: Orioles | M76: Jose Guzman
K77: 68 | L77: Astros | M77: Luis Polonia
K78: 69 | L78: Phillies | M78: Rey Quinones
K79: 70 | L79: Pirates | M79: Willie Fraser
K80: 71 | L80: Royals | M80: Dewayne Buice
K81: 72 | L81: Reds | M81: Shawn Dunston
K82: 73 | L82: Twins | M82: Geno Petralli
K83: 74 | L83: Yankees | M83: Dennis Eckersley
K84: 75 | L84: Giants | M84: Tom Glavine
K85: 76 | L85: Expos | M85: Walt Weiss
... K89: 80 | L89: Tigers | M89: Frank Dipino
K91: ROUND 6
K92: 81 | L92: Indians | M92: Dave Stapleton
K93: 82 | L93: Padres | M93: Bob Dernier
K94: 83 | L94: Orioles | M94: John Marzano
K95: 84 | L95: Astros | M95: Carlton Fisk
K96: 85 | L96: Phillies | M96: Bill Wegman
K97: 86 | L97: Pirates | M97: Leon Durham
K98: 87 | L98: Royals | M98: Rich Dotson
K99: 88 | L99: Reds | M99: Mark Clear
K100: 89 | L100: Twins | M100: Sam Horn
K101: 90 | L101: Yankees | M101: Calvin Schiraldi
K102: 91 | L102: Giants | M102: Mike Loynd
K103: 92 | L103: Expos | M103: Bill Wilkinson
... K107: 96 | L107: Tigers | M107: Alvin Davis
K109: ROUND 7
K110: 97 | L110: Indians | M110: Scott Fletcher
K111: 98 | L111: Padres | M111: Manny Trillo
K112: 99 | L112: Orioles | M112: Jim Gantner
K113: 100 | L113: Astros | M113: Gary Lucas
K114: 101 | L114: Phillies | M114: Steve Lyons
K115: 102 | L115: Pirates | M115: Dave Leiper
K116: 103 | L116: Royals | M116: John Shelby
K117: 104 | L117: Reds | M117: Jody Davis
K118: 105 | L118: Twins | M118: Mike Marshall
K119: 106 | L119: Yankees | M119: Mike Davis
K120: 107 | L120: Expos | M120: Rich Gedman
K121: 108 | L121: Expos | M121: Ken Williams
... K125: 112 | L125: Tigers | M125: Gerald Perry
K127: ROUND 8
K128: 113 | L128: Indians | M128: Steve Ontiveros
...

Sheet 1989
A1: ROUND 1 | D1: ROUND 2 | G1: ROUND 3 | K1: 1989 | L1: Round 1 | M1: ROUND 1
A2: 1 | B2: Reds | C2: Roberto Alomar | D2: 17 | E2: Reds | F2: Norm Charlton | G2: 33 | H2: Reds | I2: Jack Armstrong | K2: 1989 | L2: Round 1 | M2: 1 | N2: Reds | O2: Roberto Alomar
A3: 2 | B3: Yankees | C3: Chris Sabo | D3: 18 | E3: Yankees | F3: Mike Harkey | G3: 34 | H3: Yankees | I3: Mike Campbell | K3: 1989 | L3: Round 1 | M3: 2 | N3: Yankees | O3: Chris Sabo
A4: 3 | B4: Padres | C4: Gary Sheffield | D4: 19 | E4: Orioles | F4: Erik Hansen | G4: 35 | H4: Orioles | I4: John Costello | K4: 1989 | L4: Round 1 | M4: 3 | N4: Padres | O4: Gary Sheffield
A5: 4 | B5: Mets | C5: Mark Grace | D5: 20 | E5: Mets | F5: Dave West | G5: 36 | H5: Mets | I5: Chad Krueter | K5: 1989 | L5: Round 1 | M5: 4 | N5: Mets | O5: Mark Grace
A6: 5 | B6: Twins | C6: Rick Jordan | D6: 21 | E6: Twins | F6: Joe Orsulak | G6: 37 | H6: Twins | I6: Paul Mirabella | K6: 1989 | L6: Round 1 | M6: 5 | N6: Twins | O6: Rick Jordan
A7: 6 | B7: Phillies | C7: John Dopson | D7: 22 | E7: Phillies | F7: Andres Thomas | G7: 38 | H7: Phillies | I7: Mark Grant | K7: 1989 | L7: Round 1 | M7: 6 | N7: Phillies | O7: John Dopson
A8: 7 | B8: Cardinals | C8: Dave Gallagher | D8: 23 | E8: Cardinals | F8: Tim Crews | G8: 39 | H8: Cardinals | I8: Mickey Hatcher | K8: 1989 | L8: Round 1 | M8: 7 | N8: Cardinals | O8: Dave Gallagher
A9: 8 | B9: Padres | C9: Sandy Alomar Jr | D9: 24 | E9: Yankees | F9: Ron Jones | G9: 40 | H9: Padres | I9: Rick Mahler | K9: 1989 | L9: Round 1 | M9: 8 | N9: Padres | O9: Sandy Alomar Jr
A10: 9 | B10: Expos | C10: Don August | D10: 25 | E10: Expos | F10: Randy Johnson | G10: 41 | H10: Expos | I10: Pat Borders | K10: 1989 | L10: Round 1 | M10: 9 | N10: Expos | O10: Don August
A11: 10 | B11: Indians | C11: Paul Gibson | D11: 26 | E11: Indians | F11: Todd Burns | G11: 42 | H11: Indians | I11: Joey Meyer | K11: 1989 | L11: Round 1 | M11: 10 | N11: Indians | O11: Paul Gibson
A12: 11 | B12: Pirates | C12: Cecil Espy | D12: 27 | E12: Pirates | F12: Brian Holman | G12: 43 | H12: Pirates | I12: Brian Harper | K12: 1989 | L12: Round 1 | M12: 11 | N12: Pirates | O12: Cecil Espy
A13: 12 | B13: Tigers | C13: John Moses | D13: 28 | E13: Tigers | F13: Jerry Reuss | G13: 44 | H13: Tigers | I13: Rex Hudler | K13: 1989 | L13: Round 1 | M13: 12 | N13: Tigers | O13: John Moses
... A17: 16 | B17: Blue Jays | C17: Ramon Martinez | D17: 32 | E17: Blue Jays | F17: Cris Carpenter | G17: 48 | H17: Blue Jays | I17: Pete Harnisch | K17: 1989 | L17: Round 1 | M17: 16 | N17: Blue Jays | O17: Ramon Martinez
K18: 1989
A19: ROUND 4 | D19: ROUND 5 | G19: ROUND 6 | K19: 1989 | L19: Round 2 | M19: ROUND 2
A20: 49 | B20: Reds | C20: Keith Brown | D20: 65 | E20: Reds | F20: Van Snider | G20: 81 | H20: Reds | I20: Jeff Reed | K20: 1989 | L20: Round 2 | M20: 17 | N20: Reds | O20: Norm Charlton
A21: 50 | B21: Yankees | C21: Kirk Manwaring | D21: 66 | E21: Yankees | F21: Doug Dacenzo | G21: 82 | H21: Yankees | I21: Lance Blankenship | K21: 1989 | L21: Round 2 | M21: 18 | N21: Yankees | O21: Mike Harkey
A22: 51 | B22: Orioles | C22: Dennis Cook | D22: 67 | E22: Orioles | F22: Todd Stottlemyre | G22: 83 | H22: Orioles | I22: Ravelo Manzanillo | K22: 1989 | L22: Round 2 | M22: 19 | N22: Orioles | O22: Erik Hansen
A23: 52 | B23: Mets | C23: Bob Milacki | D23: 68 | E23: Pirates | F23: Terry Mullholland | G23: 84 | H23: Mets | I23: Scott Service | K23: 1989 | L23: Round 2 | M23: 20 | N23: Mets | O23: Dave West
A24: 53 | B24: Twins | C24: Cameron Drew | D24: 69 | E24: Twins | F24: Rafael Ramirez | G24: 85 | H24: Twins | I24: Carlos Quintanna | K24: 1989 | L24: Round 2 | M24: 21 | N24: Twins | O24: Joe Orsulak
A25: 54 | B25: Phillies | C25: Mike Fitzgerald | D25: 70 | E25: Phillies | F25: Darrin Jackson | G25: 86 | H25: Phillies | I25: Ron Hassey | K25: 1989 | L25: Round 2 | M25: 22 | N25: Phillies | O25: Andres Thomas
A26: 55 | B26: Cardinals | C26: Jim Eppard | D26: 71 | E26: Cardinals | F26: Brad Havens | G26: 87 | H26: Cardinals | I26: Shawn Abner | K26: 1989 | L26: Round 2 | M26: 23 | N26: Cardinals | O26: Tim Crews
A27: 56 | B27: Orioles | C27: Jose Bautista | D27: 72 | E27: Padres | F27: Jeff Pico | G27: 88 | H27: Padres | I27: Randy Velarde | K27: 1989 | L27: Round 2 | M27: 24 | N27: Yankees | O27: Ron Jones
A28: 57 | B28: Padres | C28: Keith Miller | D28: 73 | E28: Expos | F28: Mark Lemke | G28: 89 | H28: Expos | I28: Lenny Harris | K28: 1989 | L28: Round 2 | M28: 25 | N28: Expos | O28: Randy Johnson
A29: 58 | B29: Indians | C29: Steve Searcy | D29: 74 | E29: Indians | F29: Mike Devereaux | G29: 90 | H29: Indians | I29: Tony Castillo | K29: 1989 | L29: Round 2 | M29: 26 | N29: Indians | O29: Todd Burns
A30: 59 | B30: Pirates | C30: Tony Armas | D30: 75 | E30: Pirates | F30: Jerry Browne | G30: 91 | H30: Pirates | I30: Dickie Thon | K30: 1989 | L30: Round 2 | M30: 27 | N30: Pirates | O30: Brian Holman
A31: 60 | B31: Tigers | C31: Larry McWilliams | D31: 76 | E31: Tigers | F31: Al Nipper | G31: 92 | H31: Tigers | I31: Dwayne Murphy | K31: 1989 | L31: Round 2 | M31: 28 | N31: Tigers | O31: Jerry Reuss
... A35: 64 | B35: Blue Jays | C35: Jose Alvarez | D35: 80 | E35: Blue Jays | F35: Nelson Santovenia | G35: 96 | H35: Blue Jays | I35: Bob Stanley | K35: 1989 | L35: Round 2 | M35: 32 | N35: Blue Jays | O35: Cris Carpenter
K36: 1989
A37: ROUND 7 | D37: ROUND 8 | G37: ROUND 9 | K37: 1989 | L37: Round 3 | M37: ROUND 3
A38: 97 | B38: Reds | C38: Tim Birstas | D38: 113 | E38: Reds | F38: Ron Oester | G38: 129 | H38: Reds | I38: Herm Winnington | K38: 1989 | L38: Round 3 | M38: 33 | N38: Reds | O38: Jack Armstrong
A39: 98 | B39: Yankees | C39: Zane Smith | D39: 114 | E39: Yankees | F39: John Mitchell | G39: 130 | H39: Yankees | I39: Hipilito Pena | K39: 1989 | L39: Round 3 | M39: 34 | N39: Yankees | O39: Mike Campbell
A40: 99 | B40: Orioles | C40: Steve Rosenberg | D40: 115 | E40: Orioles | F40: Kevin Blankenship | G40: 131 | H40: Orioles | I40: Shane Mack | K40: 1989 | L40: Round 3 | M40: 35 | N40: Orioles | O40: John Costello
A41: 100 | B41: Mets | C41: Rick Reed | D41: 116 | E41: Mets | F41: Miguel Garcia | G41: 132 | H41: Mets | I41: Luis Aquino | K41: 1989 | L41: Round 3 | M41: 36 | N41: Mets | O41: Chad Krueter
A42: 101 | B42: Twins | C42: William Brennan | D42: 117 | E42: Twins | F42: Steve Curry | G42: 133 | H42: Twins | I42: Torre Luvello | K42: 1989 | L42: Round 3 | M42: 37 | N42: Twins | O42: Paul Mirabella
A43: 102 | B43: Phillies | C43: Marvin Freeman | D43: 118 | E43: Phillies | F43: Les Straker | G43: 134 | H43: Phillies | I43: Rod Nichols | K43: 1989 | L43: Round 3 | M43: 38 | N43: Phillies | O43: Mark Grant
A44: 103 | B44: Cardinals | C44: Tim Jones | D44: 119 | E44: Cardinals | F44: Jim Adducci | G44: 135 | H44: Cardinals | I44: Mike Walker | K44: 1989 | L44: Round 3 | M44: 39 | N44: Cardinals | O44: Mickey Hatcher
A45: 104 | B45: Padres | C45: Joel Skinner | D45: 120 | E45: Padres | F45: Neil Allen | G45: 136 | H45: Padres | I45: Chris Gwynn | K45: 1989 | L45: Round 3 | M45: 40 | N45: Padres | O45: Rick Mahler
A46: 105 | B46: Expos | C46: Greg Briley | D46: 121 | E46: Expos | F46: Joe Boever | G46: 137 | H46: Expos | I46: Spike Owen | K46: 1989 | L46: Round 3 | M46: 41 | N46: Expos | O46: Pat Borders
A47: 106 | B47: Indians | C47: Luis delos Santos | D47: 122 | E47: Indians | F47: Jose DeJesus | G47: 138 | H47: Indians | I47: Israel Sanchez | K47: 1989 | L47: Round 3 | M47: 42 | N47: Indians | O47: Joey Meyer
A48: 107 | B48: Pirates | C48: Steve Peters | D48: 123 | E48: Pirates | F48: Rick Dempsey | G48: 139 | H48: Pirates | I48: German Jiminez | K48: 1989 | L48: Round 3 | M48: 43 | N48: Pirates | O48: Brian Harper
A49: 108 | B49: Tigers | C49: Greg Booker | D49: 124 | E49: Tigers | F49: Mike Bielecki | G49: 140 | H49: Tigers | I49: Chuck Finley | K49: 1989 | L49: Round 3 | M49: 44 | N49: Tigers | O49: Rex Hudler
... A53: 112 | B53: Blue Jays | C53: Jerry Reed | D53: 128 | E53: Blue Jays | F53: Rick Honeycutt | G53: 144 | H53: Blue Jays | I53: Sal Campusano | K53: 1989 | L53: Round 3 | M53: 48 | N53: Blue Jays | O53: Pete Harnisch
K54: 1989
A55: ROUND 10 | D55: ROUND 11 | G55: ROUND 12 | K55: 1989 | M55: ROUND 4
A56: 145 | B56: Reds | C56: Randy St. Claire | D56: 161 | E56: Reds | F56: Kevin Coffman | G56: 177 | H56: Reds | I56: Charlie Hayes | K56: 1989 | L56: Round 4 | M56: 49 | N56: Reds | O56: Keith Brown
A57: 146 | B57: Yankees | C57: Rick Aguilera | D57: 162 | E57: Yankees | F57: Scott Lusader | G57: 178 | H57: Yankees | I57: Bruce Sutter | K57: 1989 | L57: Round 4 | M57: 50 | N57: Yankees | O57: Kirk Manwaring
A58: 147 | B58: Orioles | C58: Jeff Bittiger | D58: 163 | E58: Orioles | F58: Frank DiMichelle | G58: 179 | H58: Orioles | I58: Frank DiPino | K58: 1989 | L58: Round 4 | M58: 51 | N58: Orioles | O58: Dennis Cook
A59: 148 | B59: Mets | C59: Brad Moore | D59: 164 | E59: Mets | F59: Bill Wilkinson | G59: 180 | H59: Mets | I59: Mark Salas | K59: 1989 | L59: Round 4 | M59: 52 | N59: Mets | O59: Bob Milacki
A60: 149 | B60: Twins | C60: Jose Mesa | D60: 165 | E60: Twins | F60: Jim Traber | G60: 181 | H60: Twins | I60: Tim Lampkin | K60: 1989 | L60: Round 4 | M60: 53 | N60: Twins | O60: Cameron Drew
A61: 150 | B61: Phillies | C61: Randy Bockus | D61: 166 | E61: Phillies | F61: Ray Hayward | G61: 182 | H61: Phillies | I61: Dennis Boyd | K61: 1989 | L61: Round 4 | M61: 54 | N61: Phillies | O61: Mike Fitzgerald
A62: 151 | B62: Royals | C62: Roger Samuels | D62: 167 | E62: Royals | F62: Daryl Hamilton | G62: 183 | H62: Cardinals | I62: Jose Gonzales | K62: 1989 | L62: Round 4 | M62: 55 | N62: Cardinals | O62: Jim Eppard
A63: 152 | B63: Padres | C63: Jay Tibbs | D63: 168 | E63: Padres | F63: Bert Blyleven | G63: 184 | H63: Padres | I63: Rafael Belliard | K63: 1989 | L63: Round 4 | M63: 56 | N63: Orioles | O63: Jose Bautista
A64: 153 | B64: Expos | C64: Trevor Wilson | D64: 169 | E64: Expos | F64: Alex Madrid | G64: 185 | H64: Expos | I64: Bill Swift | K64: 1989 | L64: Round 4 | M64: 57 | N64: Padres | O64: Keith Miller
A65: 154 | B65: Indians | C65: Willie Upshaw | D65: 170 | E65: Indians | F65: Jeff Sellers | G65: 186 | H65: Indians | I65: Joel Davis | K65: 1989 | L65: Round 4 | M65: 58 | N65: Indians | O65: Steve Searcy
A66: 155 | B66: Pirates | C66: Ken Caminiti | D66: 171 | E66: Pirates | F66: Jim Eisenreich | G66: 187 | H66: Pirates | I66: Dante Bichette | K66: 1989 | L66: Round 4 | M66: 59 | N66: Pirates | O66: Tony Armas
A67: 156 | B67: Tigers | C67: Glen Hubbard | D67: 172 | E67: Tigers | F67: Mike Sharperson | G67: 188 | H67: Tigers | I67: Tommy John | K67: 1989 | L67: Round 4 | M67: 60 | N67: Tigers | O67: Larry McWilliams
A68: 157 | B68: Royals | D68: 173 | E68: Royals | F68: Dave Eiland | G68: 189 | H68: Royals | I68: Carlos Martinez | K68: 1989 | L68: Round 4 | M68: 61 | N68: Royals | O68: Craig Worthington
A69: 158 | B69: Astros | C69: Jim Corsi | D69: 174 | E69: Astros | F69: Otis Nixon | G69: 190 | H69: Astros | I69: Francisco Melindez | K69: 1989 | L69: Round 4 | M69: 62 | N69: Astros | O69: Jeff Huson
A70: 159 | B70: Giants | C70: Steve Ontiveros | D70: 175 | E70: Giants | F70: Chuck Jackson | G70: 191 | H70: Giants | I70: Neal Heaton | K70: 1989 | L70: Round 4 | M70: 63 | N70: Giants | O70: Kevin Brown
A71: 160 | B71: Blue Jays | C71: Lance Johnson | D71: 176 | E71: Blue Jays | F71: Alex Travino | G71: 192 | H71: Blue Jays | I71: Todd Frohwirth | K71: 1989 | L71: Round 4 | M71: 64 | N71: Blue Jays | O71: Jose Alvarez
K72: 1989
K73: 1989 | L73: Round 1 | M73: ROUND 5
K74: 1989 | L74: Round 5 | M74: 65 | N74: Reds | O74: Van Snider
K75: 1989 | L75: Round 5 | M75: 66 | N75: Yankees | O75: Doug Dacenzo
K76: 1989 | L76: Round 5 | M76: 67 | N76: Orioles | O76: Todd Stottlemyre
K77: 1989 | L77: Round 5 | M77: 68 | N77: Pirates | O77: Terry Mullholland
K78: 1989 | L78: Round 5 | M78: 69 | N78: Twins | O78: Rafael Ramirez
K79: 1989 | L79: Round 5 | M79: 70 | N79: Phillies | O79: Darrin Jackson
K80: 1989 | L80: Round 5 | M80: 71 | N80: Cardinals | O80: Brad Havens
K81: 1989 | L81: Round 5 | M81: 72 | N81: Padres | O81: Jeff Pico
K82: 1989 | L82: Round 5 | M82: 73 | N82: Expos | O82: Mark Lemke
K83: 1989 | L83: Round 5 | M83: 74 | N83: Indians | O83: Mike Devereaux
K84: 1989 | L84: Round 5 | M84: 75 | N84: Pirates | O84: Jerry Browne
K85: 1989 | L85: Round 5 | M85: 76 | N85: Tigers | O85: Al Nipper
... K89: 1989 | L89: Round 5 | M89: 80 | N89: Blue Jays | O89: Nelson Santovenia
K90: 1989
K91: 1989 | L91: Round 1 | M91: ROUND 6
K92: 1989 | L92: Round 6 | M92: 81 | N92: Reds | O92: Jeff Reed
K93: 1989 | L93: Round 6 | M93: 82 | N93: Yankees | O93: Lance Blankenship
K94: 1989 | L94: Round 6 | M94: 83 | N94: Orioles | O94: Ravelo Manzanillo
K95: 1989 | L95: Round 6 | M95: 84 | N95: Mets | O95: Scott Service
K96: 1989 | L96: Round 6 | M96: 85 | N96: Twins | O96: Carlos Quintanna
K97: 1989 | L97: Round 6 | M97: 86 | N97: Phillies | O97: Ron Hassey
K98: 1989 | L98: Round 6 | M98: 87 | N98: Cardinals | O98: Shawn Abner
K99: 1989 | L99: Round 6 | M99: 88 | N99: Padres | O99: Randy Velarde
K100: 1989 | L100: Round 6 | M100: 89 | N100: Expos | O100: Lenny Harris
K101: 1989 | L101: Round 6 | M101: 90 | N101: Indians | O101: Tony Castillo
K102: 1989 | L102: Round 6 | M102: 91 | N102: Pirates | O102: Dickie Thon
K103: 1989 | L103: Round 6 | M103: 92 | N103: Tigers | O103: Dwayne Murphy
... K107: 1989 | L107: Round 6 | M107: 96 | N107: Blue Jays | O107: Bob Stanley
K108: 1989
K109: 1989 | L109: Round 1 | M109: ROUND 7
K110: 1989 | L110: Round 7 | M110: 97 | N110: Reds | O110: Tim Birstas
K111: 1989 | L111: Round 7 | M111: 98 | N111: Yankees | O111: Zane Smith
K112: 1989 | L112: Round 7 | M112: 99 | N112: Orioles | O112: Steve Rosenberg
K113: 1989 | L113: Round 7 | M113: 100 | N113: Mets | O113: Rick Reed
K114: 1989 | L114: Round 7 | M114: 101 | N114: Twins | O114: William Brennan
K115: 1989 | L115: Round 7 | M115: 102 | N115: Phillies | O115: Marvin Freeman
...

Sheet 1990
A1: ROUND 1 | D1: ROUND 2 | G1: ROUND 3 | K1: 1990 | L1: Round 1 | M1: ROUND 1
A2: 1 | B2: Phillies | C2: Ken Griffey Jr. | D2: 17 | E2: Phillies | F2: Ken Hill | G2: 33 | H2: Phillies | I2: Junior Noboa | K2: 1990 | L2: Round 1 | M2: 1 | N2: Phillies | O2: Ken Griffey Jr.
A3: 2 | B3: Giants | C3: Jerome Walton | D3: 18 | E3: Reds | F3: Jamie Navarro | G3: 34 | H3: Reds | I3: Omar Visquel | K3: 1990 | L3: Round 1 | M3: 2 | N3: Giants | O3: Jerome Walton
A4: 3 | B4: Phillies | C4: Pat Coombs | D4: 19 | E4: Royals | F4: Eric Anthony | G4: 35 | H4: Royals | I4: Joe Oliver | K4: 1990 | L4: Round 1 | M4: 3 | N4: Phillies | O4: Pat Coombs
A5: 4 | B5: Mets | C5: Todd Zeille | D5: 20 | E5: Orioles | F5: Rob Ritchie | G5: 36 | H5: Orioles | I5: Francisco Cabrerra | K5: 1990 | L5: Round 1 | M5: 4 | N5: Mets | O5: Todd Zeille
A6: 5 | B6: Astros | C6: Andy Benes | D6: 21 | E6: Astros | F6: Lonnie Smith | G6: 37 | H6: Astros | I6: John Orton | K6: 1990 | L6: Round 1 | M6: 5 | N6: Astros | O6: Andy Benes
A7: 6 | B7: Padres | C7: Jim Abbott | D7: 22 | E7: Pirates | F7: Mike Stanton | G7: 38 | H7: Padres | I7: Gary Eave | K7: 1990 | L7: Round 1 | M7: 6 | N7: Padres | O7: Jim Abbott
A8: 7 | B8: Cardinals | C8: Robin Ventura | D8: 23 | E8: Cardinals | F8: Greg Vaughn | G8: 39 | H8: Padres | I8: Joey Bell | K8: 1990 | L8: Round 1 | M8: 7 | N8: Cardinals | O8: Robin Ventura
A9: 8 | B9: Twins | C9: Ben McDonald | D9: 24 | E9: Twins | F9: Chuck Cary | G9: 40 | H9: Twins | I9: Mark Gardner | K9: 1990 | L9: Round 1 | M9: 8 | N9: Twins | O9: Ben McDonald
A10: 9 | B10: Expos | C10: Dwight Smith | D10: 25 | E10: Expos | F10: Larry Walker | G10: 41 | H10: Expos | I10: Tommy Greene | K10: 1990 | L10: Round 1 | M10: 9 | N10: Expos | O10: Dwight Smith
A11: 10 | B11: Blue Jays | C11: John Wetteland | D11: 26 | E11: Blue Jays | F11: John Olerud | G11: 42 | H11: Blue Jays | I11: Steve Finley | K11: 1990 | L11: Round 1 | M11: 10 | N11: Blue Jays | O11: John Wetteland
A12: 11 | B12: Yankees | C12: Junior Felix | D12: 27 | E12: Yankees | F12: Scott Scudder | G12: 43 | H12: Twins | I12: Wilson Alvarez | K12: 1990 | L12: Round 1 | M12: 11 | N12: Yankees | O12: Junior Felix
A13: 12 | B13: Indians | C13: Ken Howell | D13: 28 | E13: Indians | F13: Kent Mercker | G13: 44 | H13: Indians | I13: Bill Soiers | K13: 1990 | L13: Round 1 | M13: 12 | N13: Indians | O13: Ken Howell
... A17: 16 | B17: Pirates | C17: Bill Landrum | D17: 32 | E17: Pirates | F17: Greg Hibbard | G17: 48 | H17: Pirates | I17: Mark Portugal | K17: 1990 | L17: Round 1 | M17: 16 | N17: Pirates | O17: Bill Landrum
K18: 1990
A19: ROUND 4 | D19: ROUND 5 | G19: ROUND 6 | K19: 1990 | L19: Round 2 | M19: ROUND 2
A20: 49 | B20: Phillies | C20: Ken Rogers | D20: 65 | E20: Royals | F20: Lent Anderson | G20: 81 | H20: Phillies | I20: Deion Sanders | K20: 1990 | L20: Round 2 | M20: 17 | N20: Phillies | O20: Ken Hill
A21: 50 | B21: Reds | C21: Joe Giardi | D21: 66 | E21: Reds | F21: Tommy Gregg | G21: 82 | H21: Reds | I21: Kevin Appier | K21: 1990 | L21: Round 2 | M21: 18 | N21: Reds | O21: Jamie Navarro
A22: 51 | B22: Royals | C22: Derek Lilliquist | D22: 67 | E22: Royals | F22: Kevin Tapani | G22: 83 | H22: Royals | I22: Curt Schilling | K22: 1990 | L22: Round 2 | M22: 19 | N22: Royals | O22: Eric Anthony
A23: 52 | B23: Orioles | C23: Brian DuBois | D23: 68 | E23: Orioles | F23: Gary Wayne | G23: 84 | H23: Orioles | I23: Mark Knudson | K23: 1990 | L23: Round 2 | M23: 20 | N23: Orioles | O23: Rob Ritchie
A24: 53 | B24: Astros | C24: Jeff Kunkel | D24: 69 | E24: Astros | F24: Steve Olin | G24: 85 | H24: Cardinals | I24: Franklin Stubbs | K24: 1990 | L24: Round 2 | M24: 21 | N24: Astros | O24: Lonnie Smith
A25: 54 | B25: Padres | C25: Rolando Roomes | D25: 70 | E25: Padres | F25: Clay Parker | G25: 86 | H25: Padres | I25: Geranamo Berroa | K25: 1990 | L25: Round 2 | M25: 22 | N25: Pirates | O25: Mike Stanton
A26: 55 | B26: Cardinals | C26: Bob McClure | D26: 71 | E26: Cardinals | F26: Mike Blowers | G26: 87 | H26: Cardinals | I26: Louie Meadows | K26: 1990 | L26: Round 2 | M26: 23 | N26: Cardinals | O26: Greg Vaughn
A27: 56 | B27: Twins | C27: Steve Wilson | D27: 72 | E27: Twins | F27: Bob Rose | G27: 88 | H27: Twins | I27: Don Pall | K27: 1990 | L27: Round 2 | M27: 24 | N27: Twins | O27: Chuck Cary
A28: 57 | B28: Expos | C28: Alex Sanchez | D28: 73 | E28: Expos | F28: Dean Palmer | G28: 89 | H28: Expos | I28: Jason Grimsley | K28: 1990 | L28: Round 2 | M28: 25 | N28: Expos | O28: Larry Walker
A29: 58 | B29: Blue Jays | C29: Jim Acker | D29: 74 | E29: Blue Jays | F29: Hal Morris | G29: 90 | H29: Blue Jays | I29: Lloyd McClendon | K29: 1990 | L29: Round 2 | M29: 26 | N29: Blue Jays | O29: John Olerud
A30: 59 | B30: Yankees | C30: Greg Myers | D30: 75 | E30: Yankees | F30: Storm Davis | G30: 91 | H30: Yankees | I30: Mike Jeffcoat | K30: 1990 | L30: Round 2 | M30: 27 | N30: Yankees | O30: Scott Scudder
A31: 60 | B31: Indians | C31: Jeff Brantley | D31: 76 | E31: Indians | F31: Chip Hale | G31: 92 | H31: Indians | I31: Eric Hetzel | K31: 1990 | L31: Round 2 | M31: 28 | N31: Indians | O31: Kent Mercker
... A35: 64 | B35: Pirates | C35: Lee Gutterman | D35: 80 | E35: Pirates | F35: Mark Guthrie | G35: 96 | H35: Pirates | I35: Dave Otto | K35: 1990 | L35: Round 2 | M35: 32 | N35: Pirates | O35: Greg Hibbard
K36: 1990
A37: ROUND 7 | D37: ROUND 8 | G37: ROUND 9 | K37: 1990 | L37: Round 3 | M37: ROUND 3
A38: 97 | B38: Phillies | C38: Luis Quinnons | D38: 113 | E38: Phillies | F38: Mike Benjaman | G38: 129 | H38: Phillies | I38: Darrin Daulton | K38: 1990 | L38: Round 3 | M38: 33 | N38: Phillies | O38: Junior Noboa
A39: 98 | B39: Reds | C39: Hensley Muelens | D39: 114 | E39: Reds | F39: Rick Wrona | G39: 130 | H39: Reds | I39: Mariano Duncan | K39: 1990 | L39: Round 3 | M39: 34 | N39: Reds | O39: Omar Visquel
A40: 99 | B40: Royals | C40: Mauro Gozzo | D40: 115 | E40: Royals | F40: Paul Sorrento | G40: 131 | H40: Royals | I40: Rob Ducey | K40: 1990 | L40: Round 3 | M40: 35 | N40: Royals | O40: Joe Oliver
A41: 100 | B41: Orioles | C41: Kevin Ritz | D41: 116 | E41: Orioles | F41: Jeff Reed | G41: 132 | H41: Orioles | I41: Kevin Hickey | K41: 1990 | L41: Round 3 | M41: 36 | N41: Orioles | O41: Francisco Cabrerra
A42: 101 | B42: Astros | C42: Eric Yelding | D42: 117 | E42: Astros | F42: Russ Swan | G42: 133 | H42: Astros | I42: Paul Zuvella | K42: 1990 | L42: Round 3 | M42: 37 | N42: Astros | O42: John Orton
A43: 102 | B43: Padres | C43: Doug Baker | D43: 118 | E43: Padres | F43: Brad Kominsk | G43: 134 | H43: Padres | I43: Keith Hernandez | K43: 1990 | L43: Round 3 | M43: 38 | N43: Padres | O43: Gary Eave
A44: 103 | B44: Padres | C44: Juan Bell | D44: 119 | E44: Cardinals | F44: Tom Filer | G44: 135 | H44: Cardinals | I44: Bill Bathe | K44: 1990 | L44: Round 3 | M44: 39 | N44: Padres | O44: Joey Bell
A45: 104 | B45: Twins | C45: Mike Fetters | D45: 120 | E45: Twins | F45: Tony Fossas | G45: 136 | H45: Royals | I45: Alex Infante | K45: 1990 | L45: Round 3 | M45: 40 | N45: Twins | O45: Mark Gardner
A46: 105 | B46: Expos | C46: Chris Gwynn | D46: 121 | E46: Expos | F46: Jose Dejesus | G46: 137 | H46: Expos | I46: Stan Belinda | K46: 1990 | L46: Round 3 | M46: 41 | N46: Expos | O46: Tommy Greene
A47: 106 | B47: Blue Jays | D47: 122 | E47: Twins | F47: Rene Gonzalez | G47: 138 | H47: Twins | I47: Mark Ryal | K47: 1990 | L47: Round 3 | M47: 42 | N47: Blue Jays | O47: Steve Finley
A48: 107 | B48: Yankees | C48: Jose Viscaino | D48: 123 | E48: Yankees | F48: Kevin Mahat | G48: 139 | H48: Yankees | I48: Scott Lusader | K48: 1990 | L48: Round 3 | M48: 43 | N48: Twins | O48: Wilson Alvarez
A49: 108 | B49: Indians | C49: Dante Bichette | D49: 124 | E49: Indians | F49: Rich Monteleone | G49: 140 | H49: Indians | I49: Kevin Romine | K49: 1990 | L49: Round 3 | M49: 44 | N49: Indians | O49: Bill Soiers
A50: 109 | B50: Reds | C50: Danny Heap | D50: 125 | E50: Reds | F50: Van Snider | G50: 141 | H50: Reds | I50: Luis De Los Santos | K50: 1990 | L50: Round 3 | M50: 45 | N50: Giants | O50: Juan Gonzalez
A51: 110 | B51: Tigers | C51: Marty Clary | D51: 126 | E51: Tigers | F51: Doug Bair | G51: 142 | H51: Tigers | I51: Al Newman | K51: 1990 | L51: Round 3 | M51: 46 | N51: Tigers | O51: Glenallen Hill
A52: 111 | B52: Mets | C52: John Mitchell | D52: 127 | E52: Mets | F52: Dave Eiland | G52: 143 | H52: Mets | I52: Clint Zavarras | K52: 1990 | L52: Round 3 | M52: 47 | N52: Mets | O52: Rudy Seanez
A53: 112 | B53: Pirates | C53: Gary Ward | D53: 128 | E53: Pirates | F53: Ken Oberkfell | G53: 144 | H53: Pirates | I53: Wayne Edwards | K53: 1990 | L53: Round 3 | M53: 48 | N53: Pirates | O53: Mark Portugal
K54: 1990
A55: ROUND 10 | D55: ROUND 11 | G55: ROUND 12 | K55: 1990 | M55: ROUND 4
A56: 145 | B56: Phillies | C56: Jim Adducci | D56: 161 | E56: Phillies | F56: Brad Arnsbarg | G56: 177 | H56: Phillies | I56: John Cangelosi | K56: 1990 | L56: Round 4 | M56: 49 | N56: Phillies | O56: Ken Rogers
A57: 146 | B57: Reds | D57: 162 | E57: Reds | F57: Scott Sanderson | G57: 178 | H57: Reds | I57: Felix Fermin | K57: 1990 | L57: Round 4 | M57: 50 | N57: Reds | O57: Joe Giardi
A58: 147 | B58: Royals | C58: Rosaria Rodriguez | D58: 163 | E58: Royals | F58: Mike Dyer | G58: 179 | H58: Royals | I58: Brian Meyer | K58: 1990 | L58: Round 4 | M58: 51 | N58: Royals | O58: Derek Lilliquist
A59: 148 | B59: Orioles | C59: Ken Patterson | D59: 164 | E59: Orioles | F59: Frank Wills | G59: 180 | H59: Orioles | I59: Joe Boever | K59: 1990 | L59: Round 4 | M59: 52 | N59: Orioles | O59: Brian DuBois
A60: 149 | B60: Astros | C60: Max Venable | D60: 165 | E60: Astros | F60: Shawn Abner | G60: 181 | H60: Astros | I60: Jack Daugherty | K60: 1990 | L60: Round 4 | M60: 53 | N60: Astros | O60: Jeff Kunkel
A61: 150 | B61: Padres | C61: Marcus Lawton | D61: 166 | E61: Padres | F61: Cecelio Guante | G61: 182 | H61: Padres | I61: Mike Pagliarulo | K61: 1990 | L61: Round 4 | M61: 54 | N61: Padres | O61: Rolando Roomes
A62: 151 | B62: Cardinals | C62: Bryan Clutterbuck | D62: 167 | E62: Cardinals | F62: Ken Griffey Sr. | G62: 183 | H62: Cardinals | I62: Bob Forsch | K62: 1990 | L62: Round 4 | M62: 55 | N62: Cardinals | O62: Bob McClure
A63: 152 | B63: Twins | C63: Dean Wilkens | D63: 168 | E63: Twins | F63: Kevin Wickander | G63: 184 | H63: Twins | I63: Steve Crawford | K63: 1990 | L63: Round 4 | M63: 56 | N63: Twins | O63: Steve Wilson
A64: 153 | B64: Expos | C64: Jerald Clark | D64: 169 | E64: Expos | F64: Todd Frowirth | G64: 185 | H64: Expos | I64: Pat Clements | K64: 1990 | L64: Round 4 | M64: 57 | N64: Expos | O64: Alex Sanchez
A65: 154 | B65: Twins | C65: Kelly Mann | D65: 170 | E65: Twins | F65: Willie Hernandez | G65: 186 | H65: Twins | I65: Damaso Garcia | K65: 1990 | L65: Round 4 | M65: 58 | N65: Blue Jays | O65: Jim Acker
A66: 155 | B66: Yankees | C66: Charlie Leibrandt | D66: 171 | E66: Yankees | F66: Dave Clark | G66: 187 | H66: Yankees | I66: Chad Kreuter | K66: 1990 | L66: Round 4 | M66: 59 | N66: Yankees | O66: Greg Myers
A67: 156 | B67: Indians | C67: Alex Travino | D67: 172 | E67: Indians | F67: Bill Bean | G67: 188 | H67: Indians | I67: Dwayne Murphy | K67: 1990 | L67: Round 4 | M67: 60 | N67: Indians | O67: Jeff Brantley
A68: 157 | B68: Royals | C68: Gene Harris | D68: 173 | E68: Royals | F68: Mike Huff | G68: 189 | H68: Royals | I68: Barry Lyons | K68: 1990 | L68: Round 4 | M68: 61 | N68: Giants | O68: Jeff King
A69: 158 | B69: Tigers | C69: Jose Alvarez | D69: 174 | E69: Tigers | F69: Mike Flannagan | G69: 190 | H69: Tigers | I69: John Candelarra | K69: 1990 | L69: Round 4 | M69: 62 | N69: Tigers | O69: Mike Gallego
... A71: 160 | B71: Pirates | C71: Gordon Beatty | D71: 176 | E71: Pirates | F71: Dave Justice | G71: 192 | H71: Pirates | I71: Kent Tekulve | K71: 1990 | L71: Round 4 | M71: 64 | N71: Pirates | O71: Lee Gutterman
K72: 1990
K73: 1990 | L73: Round 1 | M73: ROUND 5
K74: 1990 | L74: Round 5 | M74: 65 | N74: Royals | O74: Lent Anderson
K75: 1990 | L75: Round 5 | M75: 66 | N75: Reds | O75: Tommy Gregg
K76: 1990 | L76: Round 5 | M76: 67 | N76: Royals | O76: Kevin Tapani
K77: 1990 | L77: Round 5 | M77: 68 | N77: Orioles | O77: Gary Wayne
K78: 1990 | L78: Round 5 | M78: 69 | N78: Astros | O78: Steve Olin
K79: 1990 | L79: Round 5 | M79: 70 | N79: Padres | O79: Clay Parker
K80: 1990 | L80: Round 5 | M80: 71 | N80: Cardinals | O80: Mike Blowers
K81: 1990 | L81: Round 5 | M81: 72 | N81: Twins | O81: Bob Rose
K82: 1990 | L82: Round 5 | M82: 73 | N82: Expos | O82: Dean Palmer
K83: 1990 | L83: Round 5 | M83: 74 | N83: Blue Jays | O83: Hal Morris
K84: 1990 | L84: Round 5 | M84: 75 | N84: Yankees | O84: Storm Davis
K85: 1990 | L85: Round 5 | M85: 76 | N85: Indians | O85: Chip Hale
... K89: 1990 | L89: Round 5 | M89: 80 | N89: Pirates | O89: Mark Guthrie
K90: 1990
K91: 1990 | L91: Round 1 | M91: ROUND 6
K92: 1990 | L92: Round 6 | M92: 81 | N92: Phillies | O92: Deion Sanders
K93: 1990 | L93: Round 6 | M93: 82 | N93: Reds | O93: Kevin Appier
K94: 1990 | L94: Round 6 | M94: 83 | N94: Royals | O94: Curt Schilling
K95: 1990 | L95: Round 6 | M95: 84 | N95: Orioles | O95: Mark Knudson
K96: 1990 | L96: Round 6 | M96: 85 | N96: Cardinals | O96: Franklin Stubbs
K97: 1990 | L97: Round 6 | M97: 86 | N97: Padres | O97: Geranamo Berroa
K98: 1990 | L98: Round 6 | M98: 87 | N98: Cardinals | O98: Louie Meadows
K99: 1990 | L99: Round 6 | M99: 88 | N99: Twins | O99: Don Pall
K100: 1990 | L100: Round 6 | M100: 89 | N100: Expos | O100: Jason Grimsley
K101: 1990 | L101: Round 6 | M101: 90 | N101: Blue Jays | O101: Lloyd McClendon
K102: 1990 | L102: Round 6 | M102: 91 | N102: Yankees | O102: Mike Jeffcoat
K103: 1990 | L103: Round 6 | M103: 92 | N103: Indians | O103: Eric Hetzel
... K107: 1990 | L107: Round 6 | M107: 96 | N107: Pirates | O107: Dave Otto
K108: 1990
K109: 1990 | L109: Round 1 | M109: ROUND 7
K110: 1990 | L110: Round 7 | M110: 97 | N110: Phillies | O110: Luis Quinnons
K111: 1990 | L111: Round 7 | M111: 98 | N111: Reds | O111: Hensley Muelens
K112: 1990 | L112: Round 7 | M112: 99 | N112: Royals | O112: Mauro Gozzo
K113: 1990 | L113: Round 7 | M113: 100 | N113: Orioles | O113: Kevin Ritz
...

Sheet 1991
A1: ROUND 1 | D1: ROUND 2 | G1: ROUND 3 | K1: 1991 | L1: Round 1 | M1: ROUND 1
A2: 1 | B2: Orioles | C2: Frank Thomas | D2: 17 | E2: Orioles | F2: Brian McRae | G2: 33 | H2: Orioles | I2: Sal Chiamparino | K2: 1991 | L2: Round 1 | M2: 1 | N2: Orioles | O2: Frank Thomas
A3: 2 | B3: Pirates | C3: Cecil Fielder | D3: 18 | E3: Indians | F3: Mike McFarlane | G3: 34 | H3: Cardinals | I3: Bob Tewksberry | K3: 1991 | L3: Round 1 | M3: 2 | N3: Pirates | O3: Cecil Fielder
A4: 3 | B4: Orioles | C4: Travis Fryman | D4: 19 | E4: Pirates | F4: Steve Decker | G4: 35 | H4: Cardinals | I4: Milt Cuyler | K4: 1991 | L4: Round 1 | M4: 3 | N4: Orioles | O4: Travis Fryman
A5: 4 | B5: Astros | C5: Delino DeShields | D5: 20 | E5: Astros | F5: Phil Plantier | G5: 36 | H5: Astros | I5: Derrick May | K5: 1991 | L5: Round 1 | M5: 4 | N5: Astros | O5: Delino DeShields
A6: 5 | B6: Tigers | C6: Jose Offerman | D6: 21 | E6: Tigers | F6: Carlos Baerga | G6: 37 | H6: Tigers | I6: Luis Gonzalez | K6: 1991 | L6: Round 1 | M6: 5 | N6: Tigers | O6: Jose Offerman
A7: 6 | B7: Padres | C7: Jack McDowell | D7: 22 | E7: Twins | F7: Bernard Gilkey | G7: 38 | H7: Padres | I7: Leo Gomez | K7: 1991 | L7: Round 1 | M7: 6 | N7: Padres | O7: Jack McDowell
A8: 7 | B8: Yankees | C8: Alex Fernandez | D8: 23 | E8: Yankees | F8: Terry Shumpert | G8: 39 | H8: Yankees | I8: Wes Chamberlain | K8: 1991 | L8: Round 1 | M8: 7 | N8: Yankees | O8: Alex Fernandez
A9: 8 | B9: Phillies | C9: Mickey Morandini | D9: 24 | E9: Mets | F9: Shawn Boskie | G9: 40 | H9: Philles | I9: Jim Neidlinger | K9: 1991 | L9: Round 1 | M9: 8 | N9: Phillies | O9: Mickey Morandini
A10: 9 | B10: Reds | C10: Tino Martinez | D10: 25 | E10: Reds | F10: Chris Hammond | G10: 41 | H10: Reds | I10: Lance Dickson | K10: 1991 | L10: Round 1 | M10: 9 | N10: Reds | O10: Tino Martinez
A11: 10 | B11: Twins | C11: Ray Lankford | D11: 26 | E11: Twins | F11: Randy Tomlin | G11: 42 | H11: Twins | I11: Scott Radinsky | K11: 1991 | L11: Round 1 | M11: 10 | N11: Twins | O11: Ray Lankford
A12: 11 | B12: Indians | C12: Kevin Maas | D12: 27 | E12: Pirates | F12: Shane Mack | G12: 43 | H12: Pirates | I12: Mike Sharperson | K12: 1991 | L12: Round 1 | M12: 11 | N12: Indians | O12: Kevin Maas
A13: 12 | B13: Expos | C13: Mark Whiten | D13: 28 | E13: Expos | F13: Lee Stevens | G13: 44 | H13: Expos | I13: Wally Whitehurst | K13: 1991 | L13: Round 1 | M13: 12 | N13: Expos | O13: Mark Whiten
... A17: 16 | B17: Blue Jays | C17: Steve Avery | D17: 32 | E17: Blue Jays | F17: Brian Barnes | G17: 48 | H17: Philles | I17: Mark Portugal | K17: 1991 | L17: Round 1 | M17: 16 | N17: Blue Jays | O17: Steve Avery
K18: 1991
A19: ROUND 4 | D19: ROUND 5 | G19: ROUND 6 | K19: 1991 | L19: Round 2 | M19: ROUND 2
A20: 49 | B20: Orioles | C20: Rich Garces | D20: 65 | E20: Orioles | F20: Gene Harris | G20: 81 | H20: Orioles | I20: Willie Blair | K20: 1991 | L20: Round 2 | M20: 17 | N20: Orioles | O20: Brian McRae
A21: 50 | B21: Indians | C21: John Smiley | D21: 66 | E21: Indians | F21: Tom Bolton | G21: 82 | H21: Indians | I21: Bill Sampen | K21: 1991 | L21: Round 2 | M21: 18 | N21: Indians | O21: Mike McFarlane
A22: 51 | B22: Cardinals | C22: Andujar Cedeno | D22: 67 | E22: Cardinals | F22: Dana Kiecker | G22: 83 | H22: Cardinals | K22: 1991 | L22: Round 2 | M22: 19 | N22: Pirates | O22: Steve Decker
A23: 52 | B23: Astros | C23: Dave Hansen | D23: 68 | E23: Astros | F23: Victor Rosario | G23: 84 | H23: Astros | I23: Mike Bell | K23: 1991 | L23: Round 2 | M23: 20 | N23: Astros | O23: Phil Plantier
A24: 53 | B24: Tigers | C24: Tom Pagnozzi | D24: 69 | E24: Tigers | F24: Matt Young | G24: 85 | H24: Tigers | I24: Bill Swift | K24: 1991 | L24: Round 2 | M24: 21 | N24: Tigers | O24: Carlos Baerga
A25: 54 | B25: Padres | C25: Charles Nagy | D25: 70 | E25: Padres | F25: Rafael Valdez | G25: 86 | H25: Padres | I25: Greg Smith | K25: 1991 | L25: Round 2 | M25: 22 | N25: Twins | O25: Bernard Gilkey
A26: 55 | B26: Yankees | C26: Paul Marak | D26: 71 | E26: Yankees | F26: Joe Grahe | G26: 87 | H26: Yankees | I26: Narcisco Elvira | K26: 1991 | L26: Round 2 | M26: 23 | N26: Yankees | O26: Terry Shumpert
A27: 56 | B27: Mets | C27: Dave Hollins | D27: 72 | E27: Phillies | F27: Jim Leyritz | G27: 88 | H27: Phillies | I27: Mike Hartley | K27: 1991 | L27: Round 2 | M27: 24 | N27: Mets | O27: Shawn Boskie
A28: 57 | B28: Reds | C28: John Tudor | D28: 73 | E28: Reds | F28: Omar Oliveros | G28: 89 | H28: Reds | I28: Chris Hoiles | K28: 1991 | L28: Round 2 | M28: 25 | N28: Reds | O28: Chris Hammond
A29: 58 | B29: Twins | C29: Gerald Alexander | D29: 74 | E29: Giants | F29: Edwin Nunez | G29: 90 | H29: Twins | I29: Paul Faries | K29: 1991 | L29: Round 2 | M29: 26 | N29: Twins | O29: Randy Tomlin
A30: 59 | B30: Pirates | C30: Julio Valera | D30: 75 | E30: Pirates | F30: Hector Villanueva | G30: 91 | H30: Pirates | I30: Jerry Gleaton | K30: 1991 | L30: Round 2 | M30: 27 | N30: Pirates | O30: Shane Mack
A31: 60 | B31: Expos | C31: Karl Rhodes | D31: 76 | E31: Expos | F31: Thomas Howard | G31: 92 | H31: Expos | I31: Willie Fraser | K31: 1991 | L31: Round 2 | M31: 28 | N31: Expos | O31: Lee Stevens
A32: 61 | B32: Mets | C32: Todd Hundley | D32: 77 | E32: Mets | F32: Shawn Abner | G32: 93 | H32: Mets | I32: Kevin Belcher | K32: 1991 | L32: Round 2 | M32: 29 | N32: Mets | O32: Alex Cole
A33: 62 | B33: Royals | C33: Bob Kipper | D33: 78 | E33: Royals | F33: Darren Lewis | G33: 94 | H33: Cardinals | I33: Beau Allred | K33: 1991 | L33: Round 2 | M33: 30 | N33: Royals | O33: Jeff Conine
A34: 63 | B34: Giants | C34: Reggie Harris | D34: 79 | E34: Twins | F34: Stan Belinda | G34: 95 | H34: Giants | I34: Mike Fitzgerald | K34: 1991 | L34: Round 2 | M34: 31 | N34: Giants | O34: Scott Erickson
A35: 64 | B35: Blue Jays | C35: Junior Ortiz | D35: 80 | E35: Blue Jays | F35: Scott Ruskin | G35: 96 | H35: Blue Jays | I35: Bob Patterson | K35: 1991 | L35: Round 2 | M35: 32 | N35: Blue Jays | O35: Brian Barnes
K36: 1991
A37: ROUND 7 | D37: ROUND 8 | G37: ROUND 9 | K37: 1991 | L37: Round 3 | M37: ROUND 3
A38: 97 | B38: Orioles | C38: Eric Gunderson | D38: 113 | E38: Orioles | F38: Kevin D. Brown | G38: 129 | H38: Orioles | I38: Rey Palacios | K38: 1991 | L38: Round 3 | M38: 33 | N38: Orioles | O38: Sal Chiamparino
A39: 98 | B39: Indians | C39: Rob Ducey | D39: 114 | E39: Indians | F39: Mel Rojas | G39: 130 | H39: Indians | I39: Dave Johnson | K39: 1991 | L39: Round 3 | M39: 34 | N39: Cardinals | O39: Bob Tewksberry
A40: 99 | B40: Cardinals | C40: Daryl Hamilton | D40: 115 | E40: Cardinals | F40: Jeff Manto | G40: 131 | H40: Cardinals | I40: Scott Cooper | K40: 1991 | L40: Round 3 | M40: 35 | N40: Cardinals | O40: Milt Cuyler
A41: 100 | B41: Astros | C41: Steve Frey | D41: 116 | E41: Astros | F41: Darren Holmes | G41: 132 | H41: Astros | I41: Sean Berry | K41: 1991 | L41: Round 3 | M41: 36 | N41: Astros | O41: Derrick May
A42: 101 | B42: Tigers | C42: Mike Witt | D42: 117 | E42: Tigers | F42: Dave Clark | G42: 133 | H42: Tigers | I42: Mark Thurmond | K42: 1991 | L42: Round 3 | M42: 37 | N42: Tigers | O42: Luis Gonzalez
A43: 102 | B43: Padres | C43: Mike Simms | D43: 118 | E43: Padres | F43: David Segui | G43: 134 | H43: Padres | I43: Bill Gullickson | K43: 1991 | L43: Round 3 | M43: 38 | N43: Padres | O43: Leo Gomez
A44: 103 | B44: Yankees | C44: Steve Adkins | D44: 119 | E44: Yankees | F44: Alan Mills | G44: 135 | H44: Yankees | I44: Jose Mesa | K44: 1991 | L44: Round 3 | M44: 39 | N44: Yankees | O44: Wes Chamberlain
A45: 104 | B45: Phillies | C45: Larry Casian | D45: 120 | E45: Phillies | F45: Rich Delucia | G45: 136 | H45: Phillies | I45: Luis Rivera | K45: 1991 | L45: Round 3 | M45: 40 | N45: Philles | O45: Jim Neidlinger
A46: 105 | B46: Reds | C46: Gerald Perry | D46: 121 | E46: Reds | F46: Turner Ward | G46: 137 | H46: Reds | I46: Rod Nichols | K46: 1991 | L46: Round 3 | M46: 41 | N46: Reds | O46: Lance Dickson
A47: 106 | B47: Twins | C47: Mark Leonard | D47: 122 | E47: Twins | F47: Pedro Munoz | G47: 138 | H47: Twins | I47: Mark Davidson | K47: 1991 | L47: Round 3 | M47: 42 | N47: Twins | O47: Scott Radinsky
A48: 107 | B48: Pirates | C48: Dan Schaetzader | D48: 123 | E48: Pirates | F48: Orlando Merced | G48: 139 | H48: Pirates | I48: Troy Afiner | K48: 1991 | L48: Round 3 | M48: 43 | N48: Pirates | O48: Mike Sharperson
A49: 108 | B49: Expos | C49: Mike Kingery | D49: 124 | E49: Expos | F49: Randy Hennis | G49: 140 | H49: Expos | I49: Keith Comstock | K49: 1991 | L49: Round 3 | M49: 44 | N49: Expos | O49: Wally Whitehurst
... A53: 112 | B53: Blue Jays | C53: Jamie Navarro | D53: 128 | E53: Blue Jays | F53: Greg Olson | G53: 144 | H53: Blue Jays | I53: Casey Candaele | K53: 1991 | L53: Round 3 | M53: 48 | N53: Philles | O53: Mark Portugal
K54: 1991
A55: ROUND 10 | D55: ROUND 11 | G55: ROUND 12 | K55: 1991 | M55: ROUND 4
A56: 145 | B56: Orioles | C56: Tim McIntosh | D56: 161 | E56: Orioles | F56: Mark Dewey | G56: 177 | H56: Orioles | I56: Rob Murphy | K56: 1991 | L56: Round 4 | M56: 49 | N56: Orioles | O56: Rich Garces
A57: 146 | B57: Indians | C57: Scott Bradley | D57: 162 | E57: Indians | F57: Scott Alldred | G57: 178 | H57: Indians | I57: Anthony Teleford | K57: 1991 | L57: Round 4 | M57: 50 | N57: Indians | O57: John Smiley
A58: 147 | B58: Cardinals | C58: Don August | D58: 163 | E58: Cardinals | F58: Stan Jefferson | G58: 179 | H58: Cardinals | I58: Jim Gott | K58: 1991 | L58: Round 4 | M58: 51 | N58: Cardinals | O58: Andujar Cedeno
A59: 148 | B59: Astros | C59: Bill Hassleman | D59: 164 | E59: Astros | F59: Chris Carpenter | G59: 180 | H59: Astros | I59: Jim Poole | K59: 1991 | L59: Round 4 | M59: 52 | N59: Astros | O59: Dave Hansen
A60: 149 | B60: Tigers | C60: Mike Perez | D60: 165 | E60: Tigers | F60: Bob Walk | G60: 181 | H60: Tigers | I60: Bob Boone | K60: 1991 | L60: Round 4 | M60: 53 | N60: Tigers | O60: Tom Pagnozzi
A61: 150 | B61: Padres | C61: Greg Cadaret | D61: 166 | E61: Padres | G61: 182 | H61: Royals | I61: Mel Stottlemeyre | K61: 1991 | L61: Round 4 | M61: 54 | N61: Padres | O61: Charles Nagy
A62: 151 | B62: Yankees | C62: Paul Abbott | D62: 167 | E62: Yankees | F62: Doug Dacenzo | G62: 183 | H62: Royals | I62: Carlos Hernandez | K62: 1991 | L62: Round 4 | M62: 55 | N62: Yankees | O62: Paul Marak
A63: 152 | B63: Phillies | C63: Jeff Robinson | D63: 168 | E63: Phillies | F63: Pete Coachman | G63: 184 | H63: Phillies | I63: Darrin Fletcher | K63: 1991 | L63: Round 4 | M63: 56 | N63: Mets | O63: Dave Hollins
A64: 153 | B64: Reds | C64: Gino Munitelli | D64: 169 | E64: Reds | F64: Shawn Hillegas | G64: 185 | H64: Reds | K64: 1991 | L64: Round 4 | M64: 57 | N64: Reds | O64: John Tudor
A65: 154 | B65: Twins | C65: Brian Bohanon | D65: 170 | E65: Padres | F65: John Barfield | G65: 186 | H65: Twins | I65: Ron Oyster | K65: 1991 | L65: Round 4 | M65: 58 | N65: Twins | O65: Gerald Alexander
A66: 155 | B66: Pirates | C66: Daryl Irvine | D66: 171 | E66: Pirates | F66: Al Osuna | G66: 187 | H66: Pirates | I66: Jamie Quirk | K66: 1991 | L66: Round 4 | M66: 59 | N66: Pirates | O66: Julio Valera
A67: 156 | B67: Expos | C67: Jeff Gray | D67: 172 | E67: Expos | F67: Jeff Hamilton | G67: 188 | H67: Expos | I67: Mike Gardiner | K67: 1991 | L67: Round 4 | M67: 60 | N67: Expos | O67: Karl Rhodes
A68: 157 | B68: Mets | C68: Scott Lewis | D68: 173 | E68: Mets | F68: Bill Krueger | G68: 189 | H68: Reds | I68: Deion Sanders | K68: 1991 | L68: Round 4 | M68: 61 | N68: Mets | O68: Todd Hundley
A69: 158 | B69: Royals | C69: Luis Lopez | D69: 174 | E69: Royals | F69: Scott Hemond | G69: 190 | H69: Twins | I69: Hector Wagner | K69: 1991 | L69: Round 4 | M69: 62 | N69: Royals | O69: Bob Kipper
A70: 159 | B70: Giants | C70: Mark Salas | D70: 175 | E70: Giants | F70: Jeff Russell | G70: 191 | H70: Giants | I70: Donnie Hill | K70: 1991 | L70: Round 4 | M70: 63 | N70: Giants | O70: Reggie Harris
A71: 160 | B71: Blue Jays | C71: Andy McGaffigan | D71: 176 | E71: Blue Jays | F71: Gary Thurman | G71: 192 | H71: Blue Jays | I71: Brady Anderson | K71: 1991 | L71: Round 4 | M71: 64 | N71: Blue Jays | O71: Junior Ortiz
K72: 1991
K73: 1991 | L73: Round 1 | M73: ROUND 5
K74: 1991 | L74: Round 5 | M74: 65 | N74: Orioles | O74: Gene Harris
K75: 1991 | L75: Round 5 | M75: 66 | N75: Indians | O75: Tom Bolton
K76: 1991 | L76: Round 5 | M76: 67 | N76: Cardinals | O76: Dana Kiecker
K77: 1991 | L77: Round 5 | M77: 68 | N77: Astros | O77: Victor Rosario
K78: 1991 | L78: Round 5 | M78: 69 | N78: Tigers | O78: Matt Young
K79: 1991 | L79: Round 5 | M79: 70 | N79: Padres | O79: Rafael Valdez
K80: 1991 | L80: Round 5 | M80: 71 | N80: Yankees | O80: Joe Grahe
K81: 1991 | L81: Round 5 | M81: 72 | N81: Phillies | O81: Jim Leyritz
K82: 1991 | L82: Round 5 | M82: 73 | N82: Reds | O82: Omar Oliveros
K83: 1991 | L83: Round 5 | M83: 74 | N83: Giants | O83: Edwin Nunez
K84: 1991 | L84: Round 5 | M84: 75 | N84: Pirates | O84: Hector Villanueva
K85: 1991 | L85: Round 5 | M85: 76 | N85: Expos | O85: Thomas Howard
... K89: 1991 | L89: Round 5 | M89: 80 | N89: Blue Jays | O89: Scott Ruskin
K90: 1991
K91: 1991 | L91: Round 1 | M91: ROUND 6
K92: 1991 | L92: Round 6 | M92: 81 | N92: Orioles | O92: Willie Blair
K93: 1991 | L93: Round 6 | M93: 82 | N93: Indians | O93: Bill Sampen
K94: 1991 | L94: Round 6 | M94: 83 | N94: Cardinals | O94: 0
K95: 1991 | L95: Round 6 | M95: 84 | N95: Astros | O95: Mike Bell
K96: 1991 | L96: Round 6 | M96: 85 | N96: Tigers | O96: Bill Swift
K97: 1991 | L97: Round 6 | M97: 86 | N97: Padres | O97: Greg Smith
K98: 1991 | L98: Round 6 | M98: 87 | N98: Yankees | O98: Narcisco Elvira
K99: 1991 | L99: Round 6 | M99: 88 | N99: Phillies | O99: Mike Hartley
K100: 1991 | L100: Round 6 | M100: 89 | N100: Reds | O100: Chris Hoiles
K101: 1991 | L101: Round 6 | M101: 90 | N101: Twins | O101: Paul Faries
K102: 1991 | L102: Round 6 | M102: 91 | N102: Pirates | O102: Jerry Gleaton
K103: 1991 | L103: Round 6 | M103: 92 | N103: Expos | O103: Willie Fraser
K104: 1991 | L104: Round 6 | M104: 93 | N104: Mets | O104: Kevin Belcher
K105: 1991 | L105: Round 6 | M105: 94 | N105: Cardinals | O105: Beau Allred
K106: 1991 | L106: Round 6 | M106: 95 | N106: Giants | O106: Mike Fitzgerald
K107: 1991 | L107: Round 6 | M107: 96 | N107: Blue Jays | O107: Bob Patterson
K108: 1991
K109: 1991 | L109: Round 1 | M109: ROUND 7
...

Sheet 1992
A1: ROUND 1 | D1: ROUND 2 | G1: ROUND 3 | K1: 1992 | L1: Round 1 | M1: ROUND 1
A2: 1 | B2: Phillies | C2: Chuck Knoblauch | D2: 17 | E2: Yankees | F2: Arthur Rhodes | G2: 33 | H2: Phillies | I2: Scott Lesius | K2: 1992 | L2: Round 1 | M2: 1 | N2: Phillies | O2: Chuck Knoblauch
A3: 2 | B3: Tigers | C3: Jeff Bagwell | D3: 18 | E3: Phillies | F3: Keith Mitchell | G3: 34 | H3: Giants | I3: Rheal Cormier | K3: 1992 | L3: Round 1 | M3: 2 | N3: Tigers | O3: Jeff Bagwell
A4: 3 | B4: Orioles | C4: Mike Mussina | D4: 19 | E4: Giants | F4: Reggie Sanders | G4: 35 | H4: Padres | I4: Eddie Zosky | K4: 1992 | L4: Round 1 | M4: 3 | N4: Orioles | O4: Mike Mussina
A5: 4 | B5: Indians | C5: Juan Guzman | D5: 20 | E5: Indians | F5: Reggie Jefferson | G5: 36 | H5: Indians | I5: Brian Hunter | K5: 1992 | L5: Round 1 | M5: 4 | N5: Indians | O5: Juan Guzman
A6: 5 | B6: Padres | C6: Mark Lewis | D6: 21 | E6: Orioles | F6: Chuck McElroy | G6: 37 | H6: Yankees | I6: Jeff Juden | K6: 1992 | L6: Round 1 | M6: 5 | N6: Padres | O6: Mark Lewis
A7: 6 | B7: Mets | C7: Ivan Rodriguez | D7: 22 | E7: Mets | F7: Jose Hernandez | G7: 38 | H7: Mets | I7: Hector Fajardo | K7: 1992 | L7: Round 1 | M7: 6 | N7: Mets | O7: Ivan Rodriguez
A8: 7 | B8: Cardinals | C8: Bill Wegman | D8: 23 | E8: Cardinals | F8: Doug Henry | G8: 39 | H8: Cardinals | I8: Joel Johnston | K8: 1992 | L8: Round 1 | M8: 7 | N8: Cardinals | O8: Bill Wegman
A9: 8 | B9: Tigers | C9: Jim Thome | D9: 24 | E9: Tigers | F9: Kyle Abbott | G9: 40 | H9: Tigers | I9: Cal Eldred | K9: 1992 | L9: Round 1 | M9: 8 | N9: Tigers | O9: Jim Thome
A10: 9 | B10: Giants | C10: Todd Van Poppell | D10: 25 | E10: Twins | F10: Kenny Lofton | G10: 41 | H10: Twins | I10: Frank Castillo | K10: 1992 | L10: Round 1 | M10: 9 | N10: Giants | O10: Todd Van Poppell
A11: 10 | B11: Reds | C11: Mo Vaughn | D11: 26 | E11: Reds | F11: Ray Sanchez | G11: 42 | H11: Reds | I11: Mo Sanford | K11: 1992 | L11: Round 1 | M11: 10 | N11: Reds | O11: Mo Vaughn
A12: 11 | B12: Yankees | C12: Darryl Kile | D12: 27 | E12: Yankees | F12: Pat Kelly | G12: 43 | H12: Yankees | I12: Anthony Young | K12: 1992 | L12: Round 1 | M12: 11 | N12: Yankees | O12: Darryl Kile
A13: 12 | B13: Pirates | C13: Dean Palmer | D13: 28 | E13: Royals | F13: Luis Mercedes | G13: 44 | H13: Twins | I13: Todd Frohwirth | K13: 1992 | L13: Round 1 | M13: 12 | N13: Pirates | O13: Dean Palmer
... A17: 16 | B17: Blue Jays | C17: Royce Clayton | D17: 32 | E17: Blue Jays | F17: Bernie Williams | G17: 48 | H17: Blue Jays | I17: Dave Hansen | K17: 1992 | L17: Round 1 | M17: 16 | N17: Blue Jays | O17: Royce Clayton
K18: 1992
A19: ROUND 4 | D19: ROUND 5 | G19: ROUND 6 | K19: 1992 | L19: Round 2 | M19: ROUND 2
A20: 49 | B20: Phillies | C20: Dave Fleming | D20: 65 | E20: Padres | F20: Brian Williams | G20: 81 | H20: Padres | I20: Ryan Bowen | K20: 1992 | L20: Round 2 | M20: 17 | N20: Yankees | O20: Arthur Rhodes
A21: 50 | B21: Royals | C21: Chris Haney | D21: 66 | E21: Phillies | F21: Eric Karros | G21: 82 | H21: Phillies | I21: Kevin Morton | K21: 1992 | L21: Round 2 | M21: 18 | N21: Phillies | O21: Keith Mitchell
A22: 51 | B22: Padres | C22: Craig Grebeck | D22: 67 | E22: Royals | F22: Mike Magnante | G22: 83 | H22: Royals | I22: Dave Burba | K22: 1992 | L22: Round 2 | M22: 19 | N22: Giants | O22: Reggie Sanders
A23: 52 | B23: Indians | C23: Mike Timlin | D23: 68 | E23: Indians | F23: John Vanderwal | G23: 84 | H23: Indians | I23: Kevin Brown | K23: 1992 | L23: Round 2 | M23: 20 | N23: Indians | O23: Reggie Jefferson
A24: 53 | B24: Orioles | C24: Jose Melendez | D24: 69 | E24: Orioles | F24: Pete Schourek | G24: 85 | H24: Orioles | I24: Terry Mathews | K24: 1992 | L24: Round 2 | M24: 21 | N24: Orioles | O24: Chuck McElroy
A25: 54 | B25: Mets | C25: Ramon Garcia | D25: 70 | E25: Mets | F25: Dave Weathers | G25: 86 | H25: Mets | I25: Terry Clark | K25: 1992 | L25: Round 2 | M25: 22 | N25: Mets | O25: Jose Hernandez
A26: 55 | B26: Cardinals | C26: Milt Thompson | D26: 71 | E26: Cardinals | F26: Jeff Fassero | G26: 87 | H26: Cardinals | I26: Scott Livingstone | K26: 1992 | L26: Round 2 | M26: 23 | N26: Cardinals | O26: Doug Henry
A27: 56 | B27: Tigers | C27: John Habyan | D27: 72 | E27: Tigers | F27: Jeff Innis | G27: 88 | H27: Tigers | I27: Dave Otto | K27: 1992 | L27: Round 2 | M27: 24 | N27: Tigers | O27: Kyle Abbott
A28: 57 | B28: Cardinals | C28: Steve Howe | D28: 73 | E28: Twins | F28: Ricky Bones | G28: 89 | H28: Twins | I28: Gil Heredia | K28: 1992 | L28: Round 2 | M28: 25 | N28: Twins | O28: Kenny Lofton
A29: 58 | B29: Reds | C29: John Wehner | D29: 74 | E29: Reds | F29: Mike Maddux | G29: 90 | H29: Reds | I29: Rob Mauer | K29: 1992 | L29: Round 2 | M29: 26 | N29: Reds | O29: Ray Sanchez
A30: 59 | B30: Yankees | C30: Gary Scott | D30: 75 | E30: Yankees | F30: Kirk Dressendorer | G30: 91 | H30: Yankees | I30: Eddie Taubensee | K30: 1992 | L30: Round 2 | M30: 27 | N30: Yankees | O30: Pat Kelly
A31: 60 | B31: Twins | C31: Denny Neagle | D31: 76 | E31: Giants | F31: Dave Howard | G31: 92 | H31: Giants | I31: Rick Wilkins | K31: 1992 | L31: Round 2 | M31: 28 | N31: Royals | O31: Luis Mercedes
... A35: 64 | B35: Blue Jays | C35: Chito Martinez | D35: 80 | E35: Blue Jays | F35: Joe Hesketh | G35: 96 | H35: Blue Jays | I35: Kenny Rogers | K35: 1992 | L35: Round 2 | M35: 32 | N35: Blue Jays | O35: Bernie Williams
K36: 1992
A37: ROUND 7 | D37: ROUND 8 | G37: ROUND 9 | K37: 1992 | L37: Round 3 | M37: ROUND 3
A38: 97 | B38: Padres | C38: John Franco | D38: 113 | E38: Padres | F38: Marvin Freeman | G38: 129 | H38: Royals | I38: Karl Rhodes | K38: 1992 | L38: Round 3 | M38: 33 | N38: Phillies | O38: Scott Lesius
A39: 98 | B39: Phillies | C39: Ted Wood | D39: 114 | E39: Phillies | F39: Rod Beck | G39: 130 | H39: Phillies | I39: Bryan Hickerson | K39: 1992 | L39: Round 3 | M39: 34 | N39: Giants | O39: Rheal Cormier
A40: 99 | B40: Royals | C40: Roberto Hernandez | D40: 115 | E40: Reds | F40: Tim Spehr | G40: 131 | H40: Royals | I40: Barry Jones | K40: 1992 | L40: Round 3 | M40: 35 | N40: Padres | O40: Eddie Zosky
A41: 100 | B41: Indians | C41: Lenny Webster | D41: 116 | E41: Indians | F41: Gary Varsho | G41: 132 | H41: Indians | I41: Harvey Pulliam | K41: 1992 | L41: Round 3 | M41: 36 | N41: Indians | O41: Brian Hunter
A42: 101 | B42: Orioles | C42: Xavier Hernandez | D42: 117 | E42: Orioles | F42: Brady Anderson | G42: 133 | H42: Orioles | I42: Brian Bohanon | K42: 1992 | L42: Round 3 | M42: 37 | N42: Yankees | O42: Jeff Juden
A43: 102 | B43: Mets | C43: Chris Gardiner | D43: 118 | E43: Mets | F43: John Guzman | G43: 134 | H43: Mets | I43: Curt Schilling | K43: 1992 | L43: Round 3 | M43: 38 | N43: Mets | O43: Hector Fajardo
A44: 103 | B44: Cardinals | C44: Roger Mason | D44: 119 | E44: Cardinals | F44: Warren Cromartie | G44: 135 | H44: Cardinals | I44: Wally Ritchie | K44: 1992 | L44: Round 3 | M44: 39 | N44: Cardinals | O44: Joel Johnston
A45: 104 | B45: Tigers | C45: Mark Leiter | D45: 120 | E45: Tigers | F45: Mike Flanagan | G45: 136 | H45: Tigers | I45: Carl Willis | K45: 1992 | L45: Round 3 | M45: 40 | N45: Tigers | O45: Cal Eldred
A46: 105 | B46: Twins | C46: Chico Walker | D46: 121 | E46: Twins | F46: Rick Cerone | G46: 137 | H46: Twins | I46: Chris Donnels | K46: 1992 | L46: Round 3 | M46: 41 | N46: Twins | O46: Frank Castillo
A47: 106 | B47: Reds | C47: Mike Huff | D47: 122 | E47: Reds | F47: Gary Cooper | G47: 138 | H47: Reds | I47: John Ramos | K47: 1992 | L47: Round 3 | M47: 42 | N47: Reds | O47: Mo Sanford
A48: 107 | B48: Yankees | C48: Rich Rodriguez | D48: 123 | E48: Yankees | F48: Carlos Martinez | G48: 139 | H48: Yankees | I48: Wade Taylor | K48: 1992 | L48: Round 3 | M48: 43 | N48: Yankees | O48: Anthony Young
A49: 108 | B49: Giants | C49: Jim Lindeman | D49: 124 | E49: Giants | F49: Mike Remlinger | G49: 140 | H49: Giants | I49: Rob Deer | K49: 1992 | L49: Round 3 | M49: 44 | N49: Twins | O49: Todd Frohwirth
... A53: 112 | B53: Blue Jays | C53: Craig Worthington | D53: 128 | E53: Blue Jays | F53: Jim Clancy | G53: 144 | H53: Blue Jays | I53: Patrick Lennon | K53: 1992 | L53: Round 3 | M53: 48 | N53: Blue Jays | O53: Dave Hansen
K54: 1992
A55: ROUND 10 | D55: ROUND 11 | G55: ROUND 12 | K55: 1992 | M55: ROUND 4
A56: 145 | B56: Padres | C56: Scott Kaminecki | D56: 161 | E56: Padres | F56: Jeff Mutis | G56: 177 | H56: Padres | I56: Doug Decenzo | K56: 1992 | L56: Round 4 | M56: 49 | N56: Phillies | O56: Dave Fleming
A57: 146 | B57: Phillies | C57: Barry Manuel | D57: 162 | E57: Phillies | F57: Jim Acker | G57: 178 | H57: Orioles | I57: Paul McClellan | K57: 1992 | L57: Round 4 | M57: 50 | N57: Royals | O57: Chris Haney
A58: 147 | B58: Royals | C58: Vince Horseman | D58: 163 | E58: Royals | F58: Monty Fariss | G58: 179 | H58: Expos | I58: Hubie Brooks | K58: 1992 | L58: Round 4 | M58: 51 | N58: Padres | O58: Craig Grebeck
A59: 148 | B59: Indians | C59: Kevin Campbell | D59: 164 | E59: Indians | F59: Denis Boucher | G59: 180 | H59: Indians | I59: Doug Piatt | K59: 1992 | L59: Round 4 | M59: 52 | N59: Indians | O59: Mike Timlin
A60: 149 | B60: Orioles | C60: Shawn Hillegas | D60: 165 | E60: Orioles | F60: Milt Hill | G60: 181 | H60: Orioles | I60: Yorkis Perez | K60: 1992 | L60: Round 4 | M60: 53 | N60: Orioles | O60: Jose Melendez
A61: 150 | B61: Mets | C61: Heathcliff Slocumb | D61: 166 | E61: Mets | F61: Bob Scanlon | G61: 182 | H61: Mets | I61: Jason Grimsley | K61: 1992 | L61: Round 4 | M61: 54 | N61: Mets | O61: Ramon Garcia
A62: 151 | B62: Cardinals | C62: Freddie Benavides | D62: 167 | E62: Cardinals | F62: Mark McLemore | G62: 183 | H62: Cardinals | I62: Mike Stanley | K62: 1992 | L62: Round 4 | M62: 55 | N62: Cardinals | O62: Milt Thompson
A63: 152 | B63: Tigers | C63: Nelson Santovenia | D63: 168 | E63: Tigers | F63: Rich Rodriguez | G63: 184 | H63: Tigers | I63: Scott Brosius | K63: 1992 | L63: Round 4 | M63: 56 | N63: Tigers | O63: John Habyan
A64: 153 | B64: Twins | C64: Dave Smith | D64: 169 | E64: Royals | F64: Chris George | G64: 185 | H64: Royals | I64: Chris Gwynn | K64: 1992 | L64: Round 4 | M64: 57 | N64: Cardinals | O64: Steve Howe
A65: 154 | B65: Reds | C65: Danny Jackson | D65: 170 | E65: Reds | F65: Rudy Seanez | G65: 186 | H65: Reds | I65: Luis Medina | K65: 1992 | L65: Round 4 | M65: 58 | N65: Reds | O65: John Wehner
A66: 155 | B66: Yankees | C66: Joe Slusarski | D66: 171 | E66: Yankees | F66: Darrin Chappin | G66: 187 | H66: Yankees | I66: Lance Blankenship | K66: 1992 | L66: Round 4 | M66: 59 | N66: Yankees | O66: Gary Scott
A67: 156 | B67: Giants | C67: ????? | D67: 172 | E67: Giants | F67: ????? | G67: 188 | H67: Giants | I67: ????? | K67: 1992 | L67: Round 4 | M67: 60 | N67: Twins | O67: Denny Neagle
... A71: 160 | B71: Blue Jays | C71: Cliff Brantley | D71: 176 | E71: Blue Jays | F71: Calvin Jones | G71: 192 | H71: Blue Jays | I71: John Marzano | K71: 1992 | L71: Round 4 | M71: 64 | N71: Blue Jays | O71: Chito Martinez
K72: 1992
K73: 1992 | L73: Round 1 | M73: ROUND 5
K74: 1992 | L74: Round 5 | M74: 65 | N74: Padres | O74: Brian Williams
K75: 1992 | L75: Round 5 | M75: 66 | N75: Phillies | O75: Eric Karros
K76: 1992 | L76: Round 5 | M76: 67 | N76: Royals | O76: Mike Magnante
K77: 1992 | L77: Round 5 | M77: 68 | N77: Indians | O77: John Vanderwal
K78: 1992 | L78: Round 5 | M78: 69 | N78: Orioles | O78: Pete Schourek
K79: 1992 | L79: Round 5 | M79: 70 | N79: Mets | O79: Dave Weathers
K80: 1992 | L80: Round 5 | M80: 71 | N80: Cardinals | O80: Jeff Fassero
K81: 1992 | L81: Round 5 | M81: 72 | N81: Tigers | O81: Jeff Innis
K82: 1992 | L82: Round 5 | M82: 73 | N82: Twins | O82: Ricky Bones
K83: 1992 | L83: Round 5 | M83: 74 | N83: Reds | O83: Mike Maddux
K84: 1992 | L84: Round 5 | M84: 75 | N84: Yankees | O84: Kirk Dressendorer
K85: 1992 | L85: Round 5 | M85: 76 | N85: Giants | O85: Dave Howard
... K89: 1992 | L89: Round 5 | M89: 80 | N89: Blue Jays | O89: Joe Hesketh
K90: 1992
K91: 1992 | L91: Round 1 | M91: ROUND 6
K92: 1992 | L92: Round 6 | M92: 81 | N92: Padres | O92: Ryan Bowen
K93: 1992 | L93: Round 6 | M93: 82 | N93: Phillies | O93: Kevin Morton
K94: 1992 | L94: Round 6 | M94: 83 | N94: Royals | O94: Dave Burba
K95: 1992 | L95: Round 6 | M95: 84 | N95: Indians | O95: Kevin Brown
K96: 1992 | L96: Round 6 | M96: 85 | N96: Orioles | O96: Terry Mathews
K97: 1992 | L97: Round 6 | M97: 86 | N97: Mets | O97: Terry Clark
K98: 1992 | L98: Round 6 | M98: 87 | N98: Cardinals | O98: Scott Livingstone
K99: 1992 | L99: Round 6 | M99: 88 | N99: Tigers | O99: Dave Otto
K100: 1992 | L100: Round 6 | M100: 89 | N100: Twins | O100: Gil Heredia
K101: 1992 | L101: Round 6 | M101: 90 | N101: Reds | O101: Rob Mauer
K102: 1992 | L102: Round 6 | M102: 91 | N102: Yankees | O102: Eddie Taubensee
K103: 1992 | L103: Round 6 | M103: 92 | N103: Giants | O103: Rick Wilkins
... K107: 1992 | L107: Round 6 | M107: 96 | N107: Blue Jays | O107: Kenny Rogers
K108: 1992
K109: 1992 | L109: Round 1 | M109: ROUND 7
K110: 1992 | L110: Round 7 | M110: 97 | N110: Padres | O110: John Franco
K111: 1992 | L111: Round 7 | M111: 98 | N111: Phillies | O111: Ted Wood
K112: 1992 | L112: Round 7 | M112: 99 | N112: Royals | O112: Roberto Hernandez
K113: 1992 | L113: Round 7 | M113: 100 | N113: Indians | O113: Lenny Webster
K114: 1992 | L114: Round 7 | M114: 101 | N114: Orioles | O114: Xavier Hernandez
K115: 1992 | L115: Round 7 | M115: 102 | N115: Mets | O115: Chris Gardiner
K116: 1992 | L116: Round 7 | M116: 103 | N116: Cardinals | O116: Roger Mason
K117: 1992 | L117: Round 7 | M117: 104 | N117: Tigers | O117: Mark Leiter
K118: 1992 | L118: Round 7 | M118: 105 | N118: Twins | O118: Chico Walker
...

Sheet 1993
A1: ROUND 1 | D1: ROUND 2 | G1: ROUND 3 | K1: 1993 | L1: Round 1 | M1: ROUND 1
A2: 1 | B2: Phillies | C2: Pat Listach | D2: 17 | E2: Padres | F2: Pedro Martinez | G2: 33 | H2: Twins | I2: Mike Fetters | K2: 1993 | L2: Round 1 | M2: 1 | N2: Phillies | O2: Pat Listach
A3: 2 | B3: Phillies | C3: Tim Wakefield | D3: 18 | E3: Phillies | F3: Willie Greene | G3: 34 | H3: Phillies | I3: Dan Walters | K3: 1993 | L3: Round 1 | M3: 2 | N3: Phillies | O3: Tim Wakefield
A4: 3 | B4: Yankees | C4: Wil Cordero | D4: 19 | E4: Yankees | F4: Julio Valera | G4: 35 | H4: Twins | I4: Jeff Kent | K4: 1993 | L4: Round 1 | M4: 3 | N4: Yankees | O4: Wil Cordero
A5: 4 | B5: Twins | C5: Ben Rivera | D5: 20 | E5: Yankees | F5: Dave Nilsson | G5: 36 | H5: Padres | I5: Kent Bottenfield | K5: 1993 | L5: Round 1 | M5: 4 | N5: Twins | O5: Ben Rivera
A6: 5 | B6: Twins | C6: David Neid | D6: 21 | E6: Twins | F6: Andy Stankiewicz | G6: 37 | H6: Royals | I6: J.T. Snow | K6: 1993 | L6: Round 1 | M6: 5 | N6: Twins | O6: David Neid
A7: 6 | B7: Reds | C7: Sam Militello | D7: 22 | E7: Mets | F7: Alex Arias | G7: 38 | H7: Reds | I7: Jim Jones | K7: 1993 | L7: Round 1 | M7: 6 | N7: Reds | O7: Sam Militello
A8: 7 | B8: Expos | C8: Bret Boone | D8: 23 | E8: Expos | F8: Javier Lopez | G8: 39 | H8: Expos | I8: John Jaja | K8: 1993 | L8: Round 1 | M8: 7 | N8: Expos | O8: Bret Boone
A9: 8 | B9: Tigers | C9: Tim Salmon | D9: 24 | E9: Tigers | F9: Kevin Young | G9: 40 | H9: Tigers | I9: Brian Jordan | K9: 1993 | L9: Round 1 | M9: 8 | N9: Tigers | O9: Tim Salmon
A10: 9 | B10: Astros | C10: Greg Colbrunn | D10: 25 | E10: Astros | F10: Alan Mills | G10: 41 | H10: Astros | I10: Domingo Martinez | K10: 1993 | L10: Round 1 | M10: 9 | N10: Astros | O10: Greg Colbrunn
A11: 10 | B11: Mets | C11: Carlos Garcia | D11: 26 | E11: Mets | F11: Tim Naehring | G11: 42 | H11: Mets | I11: Cris Colon | K11: 1993 | L11: Round 1 | M11: 10 | N11: Mets | O11: Carlos Garcia
A12: 11 | B12: Cardinals | C12: Donovan Osborne | D12: 27 | E12: Cardinals | F12: Bob Zupzic | G12: 43 | H12: Cardinals | I12: Ryan Thompson | K12: 1993 | L12: Round 1 | M12: 11 | N12: Cardinals | O12: Donovan Osborne
A13: 12 | B13: Orioles | C13: Pedro Astacio | D13: 28 | E13: Orioles | F13: Hipilito Picardo | G13: 44 | H13: Orioles | I13: Mike Trombley | K13: 1993 | L13: Round 1 | M13: 12 | N13: Orioles | O13: Pedro Astacio
... A17: 16 | B17: Blue Jays | C17: Chad Curtis | D17: 32 | E17: Blue Jays | F17: Juan Nieves | G17: 48 | H17: Blue Jays | I17: Mike Perez | K17: 1993 | L17: Round 1 | M17: 16 | N17: Blue Jays | O17: Chad Curtis
K18: 1993
A19: ROUND 4 | D19: ROUND 5 | G19: ROUND 6 | K19: 1993 | L19: Round 2 | M19: ROUND 2
A20: 49 | B20: Padres | C20: Kirt Manwaring | D20: 65 | E20: Padres | F20: Frank Seminara | G20: 81 | H20: Padres | I20: Jeff Parrett | K20: 1993 | L20: Round 2 | M20: 17 | N20: Padres | O20: Pedro Martinez
A21: 50 | B21: Phillies | C21: Brad Brink | D21: 66 | E21: Phillies | F21: Pete Incaviglia | G21: 82 | H21: Phillies | I21: Shawn Abner | K21: 1993 | L21: Round 2 | M21: 18 | N21: Phillies | O21: Willie Greene
A22: 51 | B22: Yankees | C22: Damion Easley | D22: 67 | E22: Yankees | F22: Ozzie Canseco | G22: 83 | H22: Yankees | I22: Kevin Koslofski | K22: 1993 | L22: Round 2 | M22: 19 | N22: Yankees | O22: Julio Valera
A23: 52 | B23: Orioles | C23: Eric Young | D23: 68 | E23: Royals | F23: Darren Holmes | G23: 84 | H23: Indians | I23: Jesse Levis | K23: 1993 | L23: Round 2 | M23: 20 | N23: Yankees | O23: Dave Nilsson
A24: 53 | B24: Twins | C24: Eric Wedge | D24: 69 | E24: Twins | F24: Jim Austin | G24: 85 | H24: Twins | I24: Bob Ayrault | K24: 1993 | L24: Round 2 | M24: 21 | N24: Twins | O24: Andy Stankiewicz
A25: 54 | B25: Reds | C25: Bob Wickman | D25: 70 | E25: Reds | F25: Tracy Woodson | G25: 86 | H25: Yankees | I25: Manny Alexander | K25: 1993 | L25: Round 2 | M25: 22 | N25: Mets | O25: Alex Arias
A26: 55 | B26: Expos | C26: Steve Springer | D26: 71 | E26: Expos | F26: Troy Neel | G26: 87 | H26: Expos | I26: Pat Rapp | K26: 1993 | L26: Round 2 | M26: 23 | N26: Expos | O26: Javier Lopez
A27: 56 | B27: Tigers | C27: Randy Velardi | D27: 72 | E27: Tigers | F27: Kevin Rogers | G27: 88 | H27: Tigers | I27: Vince Horsman | K27: 1993 | L27: Round 2 | M27: 24 | N27: Tigers | O27: Kevin Young
A28: 57 | B28: Astros | C28: Richie Lewis | D28: 73 | E28: Astros | F28: Pat Hentgen | G28: 89 | H28: Astros | I28: Dennis Cook | K28: 1993 | L28: Round 2 | M28: 25 | N28: Astros | O28: Alan Mills
A29: 58 | B29: Mets | C29: Monty Faris | D29: 74 | E29: Mets | F29: Sterling Hitchcock | G29: 90 | H29: Mets | I29: Jeff Huson | K29: 1993 | L29: Round 2 | M29: 26 | N29: Mets | O29: Tim Naehring
A30: 59 | B30: Cardinals | C30: Tim Pugh | D30: 75 | E30: Cardinals | F30: John Kiely | G30: 91 | H30: Cardinals | I30: Tim Laker | K30: 1993 | L30: Round 2 | M30: 27 | N30: Cardinals | O30: Bob Zupzic
A31: 60 | B31: Orioles | C31: Gerald Williams | D31: 76 | E31: Orioles | F31: Alan Embry | G31: 92 | H31: Orioles | I31: Roger Pavlik | K31: 1993 | L31: Round 2 | M31: 28 | N31: Orioles | O31: Hipilito Picardo
... A35: 64 | B35: Blue Jays | C35: Rich Monteleone | D35: 80 | E35: Blue Jays | F35: Todd Burns | G35: 96 | H35: Blue Jays | I35: Dwayne Henry | K35: 1993 | L35: Round 2 | M35: 32 | N35: Blue Jays | O35: Juan Nieves
K36: 1993
A37: ROUND 7 | D37: ROUND 8 | G37: ROUND 9 | K37: 1993 | L37: Round 3 | M37: ROUND 3
A38: 97 | B38: Padres | C38: Jim Gott | D38: 113 | E38: Padres | F38: Dan Wilson | G38: 129 | H38: Padres | I38: Scott Taylor | K38: 1993 | L38: Round 3 | M38: 33 | N38: Twins | O38: Mike Fetters
A39: 98 | B39: Phillies | C39: Chris Gwynn | D39: 114 | E39: Phillies | F39: Doug Dacenzo | G39: 130 | H39: Phillies | I39: Carlos Martinez | K39: 1993 | L39: Round 3 | M39: 34 | N39: Phillies | O39: Dan Walters
A40: 99 | B40: Yankees | C40: Craig Lefferts | D40: 115 | E40: Yankees | F40: Gary Scott | G40: 131 | H40: Yankees | I40: Rich Brogna | K40: 1993 | L40: Round 3 | M40: 35 | N40: Twins | O40: Jeff Kent
A41: 100 | B41: Twins | C41: Dave Valle | D41: 116 | E41: Orioles | F41: Willie Wilson | G41: 132 | H41: Royals | I41: Dennis Moeller | K41: 1993 | L41: Round 3 | M41: 36 | N41: Padres | O41: Kent Bottenfield
A42: 101 | B42: Twins | C42: Sergio Valdez | D42: 117 | E42: Giants | F42: Stan Javier | G42: 133 | H42: Twins | I42: Matt Whiteside | K42: 1993 | L42: Round 3 | M42: 37 | N42: Royals | O42: J.T. Snow
A43: 102 | B43: Reds | C43: Jeff Branson | D43: 118 | E43: Royals | F43: Henry Rodriguez | G43: 134 | H43: Reds | I43: Terry Leach | K43: 1993 | L43: Round 3 | M43: 38 | N43: Reds | O43: Jim Jones
A44: 103 | B44: Expos | C44: Jimmy Tatum | D44: 119 | E44: Expos | F44: Steve Foster | G44: 135 | H44: Expos | I44: John Patterson | K44: 1993 | L44: Round 3 | M44: 39 | N44: Expos | O44: John Jaja
A45: 104 | B45: Tigers | C45: Rod Brewer | D45: 120 | E45: Tigers | F45: Danny Jackson | G45: 136 | H45: Tigers | I45: Bob Patterson | K45: 1993 | L45: Round 3 | M45: 40 | N45: Tigers | O45: Brian Jordan
A46: 105 | B46: Astros | C46: Archi Cianfrocco | D46: 121 | E46: Astros | F46: Jeff Tackett | G46: 137 | H46: Astros | I46: Eric Fox | K46: 1993 | L46: Round 3 | M46: 41 | N46: Astros | O46: Domingo Martinez
A47: 106 | B47: Mets | C47: David Hulse | D47: 122 | E47: Mets | F47: Matt Stairs | G47: 138 | H47: Mets | I47: Tim Costo | K47: 1993 | L47: Round 3 | M47: 42 | N47: Mets | O47: Cris Colon
A48: 107 | B48: Cardinals | C48: Paul Quantrill | D48: 123 | E48: Cardinals | F48: Curt Wilkerson | G48: 139 | H48: Cardinals | I48: Dave Mlicki | K48: 1993 | L48: Round 3 | M48: 43 | N48: Cardinals | O48: Ryan Thompson
A49: 108 | B49: Orioles | C49: Jim Leyritz | D49: 124 | E49: Orioles | F49: Randy Knorr | G49: 140 | H49: Orioles | I49: Brian Fisher | K49: 1993 | L49: Round 3 | M49: 44 | N49: Orioles | O49: Mike Trombley
... A53: 112 | B53: Blue Jays | C53: Lenny Webster | D53: 128 | E53: Blue Jays | F53: Jeff Frye | G53: 144 | H53: Blue Jays | I53: Larry Anderson | K53: 1993 | L53: Round 3 | M53: 48 | N53: Blue Jays | O53: Mike Perez
K54: 1993
A55: ROUND 10 | D55: ROUND 11 | G55: ROUND 12 | K55: 1993 | M55: ROUND 4
A56: 145 | B56: Padres | C56: Jerry Nielson | D56: 161 | E56: Padres | F56: Tim Huelett | G56: 177 | H56: Padres | I56: Mitch Webster | K56: 1993 | L56: Round 4 | M56: 49 | N56: Padres | O56: Kirt Manwaring
A57: 146 | B57: Phillies | C57: Eric Plunk | D57: 162 | E57: Phillies | F57: Butch Henry | G57: 178 | H57: Phillies | I57: Dan Gladden | K57: 1993 | L57: Round 4 | M57: 50 | N57: Phillies | O57: Brad Brink
A58: 147 | B58: Yankees | C58: Vinny Castillo | D58: 163 | E58: Yankees | F58: Willie Blair | G58: 179 | H58: Twins | I58: Braulio Castillo | K58: 1993 | L58: Round 4 | M58: 51 | N58: Yankees | O58: Damion Easley
A59: 148 | B59: Royals | C59: Luis Aquino | D59: 164 | E59: Royals | F59: Derek Parks | G59: 180 | H59: Royals | I59: Craig Wilson | K59: 1993 | L59: Round 4 | M59: 52 | N59: Orioles | O59: Eric Young
A60: 149 | B60: Pirates | C60: Jesse Hollins | D60: 165 | E60: Twins | F60: John Candelaria | G60: 181 | H60: Twins | I60: Juan Berenguer | K60: 1993 | L60: Round 4 | M60: 53 | N60: Twins | O60: Eric Wedge
A61: 150 | B61: Reds | C61: Dwight Smith | D61: 166 | E61: Reds | F61: Paul Wagner | G61: 182 | H61: Reds | I61: Dion James | K61: 1993 | L61: Round 4 | M61: 54 | N61: Reds | O61: Bob Wickman
A62: 151 | B62: Expos | C62: Todd Pratt | D62: 167 | E62: Royals | F62: Todd Haney | G62: 183 | H62: Expos | I62: Dave Burba | K62: 1993 | L62: Round 4 | M62: 55 | N62: Expos | O62: Steve Springer
A63: 152 | B63: Tigers | C63: Mark Eichhorn | D63: 168 | E63: Tigers | F63: Scott Servais | G63: 184 | H63: Tigers | I63: Joe Hesketh | K63: 1993 | L63: Round 4 | M63: 56 | N63: Tigers | O63: Randy Velardi
A64: 153 | B64: Astros | C64: Jim Bullinger | D64: 169 | E64: Astros | F64: Greg Myers | G64: 185 | H64: Astros | I64: Tom Edens | K64: 1993 | L64: Round 4 | M64: 57 | N64: Astros | O64: Richie Lewis
A65: 154 | B65: Mets | C65: Russ Swan | D65: 170 | E65: Mets | F65: Dave Silvestri | G65: 186 | H65: Mets | I65: Tom Goodwin | K65: 1993 | L65: Round 4 | M65: 58 | N65: Mets | O65: Monty Faris
A66: 155 | B66: Cardinals | C66: Mike Christopher | D66: 171 | E66: Cardinals | F66: Jesse Orosco | G66: 187 | H66: Cardinals | I66: Wally Ritchie | K66: 1993 | L66: Round 4 | M66: 59 | N66: Cardinals | O66: Tim Pugh
A67: 156 | B67: Orioles | C67: Johnny Guzman | D67: 172 | E67: Orioles | F67: Ed Pierce | G67: 188 | H67: Orioles | I67: Junior Ortiz | K67: 1993 | L67: Round 4 | M67: 60 | N67: Orioles | O67: Gerald Williams
... A71: 160 | B71: Blue Jays | C71: Chad Krueter | D71: 176 | E71: Blue Jays | F71: Tim Revenig | G71: 192 | H71: Blue Jays | I71: Ryan Bowan | K71: 1993 | L71: Round 4 | M71: 64 | N71: Blue Jays | O71: Rich Monteleone
K72: 1993
K73: 1993 | L73: Round 1 | M73: ROUND 5
K74: 1993 | L74: Round 5 | M74: 65 | N74: Padres | O74: Frank Seminara
K75: 1993 | L75: Round 5 | M75: 66 | N75: Phillies | O75: Pete Incaviglia
K76: 1993 | L76: Round 5 | M76: 67 | N76: Yankees | O76: Ozzie Canseco
K77: 1993 | L77: Round 5 | M77: 68 | N77: Royals | O77: Darren Holmes
K78: 1993 | L78: Round 5 | M78: 69 | N78: Twins | O78: Jim Austin
K79: 1993 | L79: Round 5 | M79: 70 | N79: Reds | O79: Tracy Woodson
K80: 1993 | L80: Round 5 | M80: 71 | N80: Expos | O80: Troy Neel
K81: 1993 | L81: Round 5 | M81: 72 | N81: Tigers | O81: Kevin Rogers
K82: 1993 | L82: Round 5 | M82: 73 | N82: Astros | O82: Pat Hentgen
K83: 1993 | L83: Round 5 | M83: 74 | N83: Mets | O83: Sterling Hitchcock
K84: 1993 | L84: Round 5 | M84: 75 | N84: Cardinals | O84: John Kiely
K85: 1993 | L85: Round 5 | M85: 76 | N85: Orioles | O85: Alan Embry
... K89: 1993 | L89: Round 5 | M89: 80 | N89: Blue Jays | O89: Todd Burns
K90: 1993
K91: 1993 | L91: Round 1 | M91: ROUND 6
K92: 1993 | L92: Round 6 | M92: 81 | N92: Padres | O92: Jeff Parrett
K93: 1993 | L93: Round 6 | M93: 82 | N93: Phillies | O93: Shawn Abner
K94: 1993 | L94: Round 6 | M94: 83 | N94: Yankees | O94: Kevin Koslofski
K95: 1993 | L95: Round 6 | M95: 84 | N95: Indians | O95: Jesse Levis
K96: 1993 | L96: Round 6 | M96: 85 | N96: Twins | O96: Bob Ayrault
K97: 1993 | L97: Round 6 | M97: 86 | N97: Yankees | O97: Manny Alexander
K98: 1993 | L98: Round 6 | M98: 87 | N98: Expos | O98: Pat Rapp
K99: 1993 | L99: Round 6 | M99: 88 | N99: Tigers | O99: Vince Horsman
K100: 1993 | L100: Round 6 | M100: 89 | N100: Astros | O100: Dennis Cook
K101: 1993 | L101: Round 6 | M101: 90 | N101: Mets | O101: Jeff Huson
K102: 1993 | L102: Round 6 | M102: 91 | N102: Cardinals | O102: Tim Laker
K103: 1993 | L103: Round 6 | M103: 92 | N103: Orioles | O103: Roger Pavlik
... K107: 1993 | L107: Round 6 | M107: 96 | N107: Blue Jays | O107: Dwayne Henry
K108: 1993
K109: 1993 | L109: Round 1 | M109: ROUND 7
K110: 1993 | L110: Round 7 | M110: 97 | N110: Padres | O110: Jim Gott
K111: 1993 | L111: Round 7 | M111: 98 | N111: Phillies | O111: Chris Gwynn
K112: 1993 | L112: Round 7 | M112: 99 | N112: Yankees | O112: Craig Lefferts
K113: 1993 | L113: Round 7 | M113: 100 | N113: Twins | O113: Dave Valle
K114: 1993 | L114: Round 7 | M114: 101 | N114: Twins | O114: Sergio Valdez
K115: 1993 | L115: Round 7 | M115: 102 | N115: Reds | O115: Jeff Branson
K116: 1993 | L116: Round 7 | M116: 103 | N116: Expos | O116: Jimmy Tatum
K117: 1993 | L117: Round 7 | M117: 104 | N117: Tigers | O117: Rod Brewer
K118: 1993 | L118: Round 7 | M118: 105 | N118: Astros | O118: Archi Cianfrocco
...

Sheet 1994
A1: ROUND 1 | D1: ROUND 2 | G1: ROUND 3 | M1: ROUND 1
A2: 1 | B2: Tigers | C2: Jason Bere | D2: 19 | E2: Rockies | F2: Angel Miranda | G2: 37 | H2: Rockies | I2: Eduardo Perez | L2: Round 1 | M2: 1 | N2: Tigers | O2: Jason Bere
A3: 2 | B3: Expos | C3: Aaron Sele | D3: 20 | E3: Pirates | F3: J.R. Phillips | G3: 38 | H3: Pirates | I3: Wayne Kirby | L3: Round 1 | M3: 2 | N3: Expos | O3: Aaron Sele
A4: 3 | B4: Astros | C4: Cliff Floyd | D4: 21 | E4: Phillies | F4: Ricky Gutierrez | G4: 39 | H4: Tigers | I4: Denis Boucher | L4: Round 1 | M4: 3 | N4: Astros | O4: Cliff Floyd
A5: 4 | B5: Yankees | C5: Brent Gates | D5: 22 | E5: Expos | F5: Roger Salkeld | G5: 40 | H5: Expos | I5: Rich Becker | L5: Round 1 | M5: 4 | N5: Yankees | O5: Brent Gates
A6: 5 | B6: Cardinals | C6: Chipper Jones | D6: 23 | E6: Astros | F6: Brad Pennington | G6: 41 | H6: Astros | I6: Brett Butler | L6: Round 1 | M6: 5 | N6: Cardinals | O6: Chipper Jones
A7: 6 | B7: Pirates | C7: Jeffrey Hammonds | D7: 24 | E7: Yankees | F7: Rene Arocha | G7: 42 | H7: Yankees | I7: Bobby Jones | L7: Round 1 | M7: 6 | N7: Pirates | O7: Jeffrey Hammonds
A8: 7 | B8: Mets | C8: Kevin Stocker | D8: 25 | E8: Cardinals | F8: Phil Leftwich | G8: 43 | H8: Cardinals | I8: Jerry DiPoto | L8: Round 1 | M8: 7 | N8: Mets | O8: Kevin Stocker
A9: 8 | B9: Orioles | C9: Carlos Delgado | D9: 26 | E9: Expos | F9: Trevor Hoffman | G9: 44 | H9: Pirates | I9: Orestes Destrada | L9: Round 1 | M9: 8 | N9: Orioles | O9: Carlos Delgado
A10: 9 | B10: Pirates | C10: Manny Ramirez | D10: 27 | E10: Mets | F10: Tony Tarasco | G10: 45 | H10: Mets | I10: Dave Stewart | L10: Round 1 | M10: 9 | N10: Pirates | O10: Manny Ramirez
A11: 10 | B11: Phillies | C11: Mike Lansing | D11: 28 | E11: Astros | F11: Danny Bautista | G11: 46 | H11: Padres | I11: Dave McCarty | L11: Round 1 | M11: 10 | N11: Phillies | O11: Mike Lansing
A12: 11 | B12: Indians | C12: Rondell White | D12: 29 | E12: Twins | F12: Danny Darwin | G12: 47 | H12: Pirates | I12: Jeff Granger | L12: Round 1 | M12: 11 | N12: Indians | O12: Rondell White
A13: 12 | B13: Indians | C13: Roberto Mejia | D13: 30 | E13: Pirates | F13: Craig Poquette | G13: 48 | H13: Phillies | I13: Miguel Jimenez | L13: Round 1 | M13: 12 | N13: Indians | O13: Roberto Mejia
... A19: 18 | B19: Pirates | C19: Tyler Green | D19: 36 | E19: Blue Jays | F19: Domingo Jean | G19: 54 | H19: Blue Jays | I19: Pedro Martinez | L19: Round 1 | M19: 18 | N19: Pirates | O19: Tyler Green
A21: ROUND 4 | D21: ROUND 5 | G21: ROUND 6 | M21: ROUND 2
A22: 55 | B22: Rockies | C22: Brian Looney | D22: 73 | E22: Phillies | F22: Brad Ausmus | G22: 91 | H22: Rockies | I22: Marcos Armas | L22: Round 2 | M22: 19 | N22: Rockies | O22: Angel Miranda
A23: 56 | B23: Pirates | C23: Nigel Wilson | D23: 74 | E23: White Sox | F23: Jamie Moyer | G23: 92 | H23: White Sox | I23: Tim Scott | L23: Round 2 | M23: 20 | N23: Pirates | O23: J.R. Phillips
A24: 57 | B24: Tigers | C24: John Roper | D24: 75 | E24: Tigers | F24: Steve Bedrosian | G24: 93 | H24: Tigers | I24: Bernardo Brito | L24: Round 2 | M24: 21 | N24: Phillies | O24: Ricky Gutierrez
A25: 58 | B25: Expos | C25: Rick Honeycutt | D25: 76 | E25: Rockies | F25: Derek Parks | G25: 94 | H25: Expos | I25: Larry Andersen | L25: Round 2 | M25: 22 | N25: Expos | O25: Roger Salkeld
A26: 59 | B26: Astros | C26: Butch Huskey | D26: 77 | E26: Astros | F26: John Cummings | G26: 95 | H26: Astros | I26: John Hope | L26: Round 2 | M26: 23 | N26: Astros | O26: Brad Pennington
A27: 60 | B27: Yankees | C27: Graeme Lloyd | D27: 78 | E27: Yankees | F27: Dave Staton | G27: 96 | H27: Yankees | I27: Tim Worrell | L27: Round 2 | M27: 24 | N27: Yankees | O27: Rene Arocha
A28: 61 | B28: Cardinals | C28: Bob Hamelin | D28: 79 | E28: Cardinals | F28: Mike Ignasiak | G28: 97 | H28: Cardinals | I28: Julian Tavarez | L28: Round 2 | M28: 25 | N28: Cardinals | O28: Phil Leftwich
A29: 62 | B29: Pirates | C29: Jose Valentin | D29: 80 | E29: Pirates | F29: Tim Jones | G29: 98 | H29: Pirates | I29: Jeff Gardner | L29: Round 2 | M29: 26 | N29: Expos | O29: Trevor Hoffman
A30: 63 | B30: Mets | C30: Jeremy Burnitz | D30: 81 | E30: Yankees | F30: Scott Sanders | G30: 99 | H30: Mets | I30: Al Leiter | L30: Round 2 | M30: 27 | N30: Mets | O30: Tony Tarasco
A31: 64 | B31: Orioles | C31: Matt Turner | D31: 82 | E31: Padres | F31: Todd Stottlemyre | G31: 100 | H31: Padres | I31: Todd Benzinger | L31: Round 2 | M31: 28 | N31: Astros | O31: Danny Bautista
A32: 65 | B32: Giants | C32: Kurt Abbott | D32: 83 | E32: Twins | F32: Mark Dewey | G32: 101 | H32: Twins | I32: Roger Smithberg | L32: Round 2 | M32: 29 | N32: Twins | O32: Danny Darwin
A33: 66 | B33: Pirates | C33: Scott Ruffcorn | D33: 84 | E33: Phillies | F33: Darren Oliver | G33: 102 | H33: Phillies | I33: Brad Holman | L33: Round 2 | M33: 30 | N33: Pirates | O33: Craig Poquette
... A39: 72 | B39: Pirates | C39: Steve Trachsel | D39: 90 | E39: Blue Jays | F39: Rich Amaral | G39: 108 | H39: Blue Jays | I39: Mike Pagliarulo | L39: Round 2 | M39: 36 | N39: Blue Jays | O39: Domingo Jean
A41: ROUND 7 | D41: ROUND 8 | G41: ROUND 9 | M41: ROUND 3
A42: 109 | B42: Rockies | C42: Rikkert Faneyete | D42: 127 | E42: Rockies | F42: Tom Urbani | G42: 145 | H42: Cardinals | I42: Roger Mason | L42: Round 3 | M42: 37 | N42: Rockies | O42: Eduardo Perez
A43: 110 | B43: White Sox | C43: Rene Gozalez | D43: 128 | E43: White Sox | F43: Larry Casian | G43: 146 | H43: White Sox | I43: Phil Hiatt | L43: Round 3 | M43: 38 | N43: Pirates | O43: Wayne Kirby
A44: 111 | B44: Pirates | C44: Vince Coleman | D44: 129 | E44: Pirates | F44: Dave Gallagher | G44: 147 | H44: Pirates | I44: Shawn Green | L44: Round 3 | M44: 39 | N44: Tigers | O44: Denis Boucher
A45: 112 | B45: Expos | C45: Tim Mauser | D45: 130 | E45: Expos | F45: Matt Mieske | G45: 148 | H45: Expos | I45: Bobby Munoz | L45: Round 3 | M45: 40 | N45: Expos | O45: Rich Becker
A46: 113 | B46: Astros | C46: Brian Anderson | D46: 131 | E46: Astros | F46: Rich Aude | G46: 149 | H46: Astros | I46: D. Schaeffer | L46: Round 3 | M46: 41 | N46: Astros | O46: Brett Butler
A47: 114 | B47: Yankees | C47: Nate Minchey | D47: 132 | E47: Yankees | F47: Mike Butcher | G47: 150 | H47: Yankees | I47: Doug Brocail | L47: Round 3 | M47: 42 | N47: Yankees | O47: Bobby Jones
A48: 115 | B48: Cardinals | C48: Troy O'Leary | D48: 133 | E48: Cardinals | F48: Dave Tehgheder | G48: 151 | H48: Cardinals | I48: Mike Benjamin | L48: Round 3 | M48: 43 | N48: Cardinals | O48: Jerry DiPoto
A49: 116 | B49: Pirates | C49: Erik Pappas | D49: 134 | E49: Pirates | F49: Greg Gohr | G49: 152 | H49: Pirates | I49: Cory Bailey | L49: Round 3 | M49: 44 | N49: Pirates | O49: Orestes Destrada
A50: 117 | B50: Mets | C50: Lou Frazier | D50: 135 | E50: Mets | F50: Brian Turang | G50: 153 | H50: Mets | I50: Darryl Scott | L50: Round 3 | M50: 45 | N50: Mets | O50: Dave Stewart
A51: 118 | B51: Padres | C51: Eric Hillman | D51: 136 | E51: Padres | F51: Steve Reed | G51: 154 | H51: Padres | I51: Chip Hale | L51: Round 3 | M51: 46 | N51: Padres | O51: Dave McCarty
A52: 119 | B52: Phillies | C52: Jerry Browne | D52: 137 | E52: Twins | F52: Damon Buford | G52: 155 | H52: Twins | I52: Paul Gibson | L52: Round 3 | M52: 47 | N52: Pirates | O52: Jeff Granger
A53: 120 | B53: Phillies | C53: Jeff Schwarz | D53: 138 | E53: Phillies | F53: Rod Correia | G53: 156 | H53: Phillies | I53: Rod Brewer | L53: Round 3 | M53: 48 | N53: Phillies | O53: Miguel Jimenez
... A59: 126 | B59: Blue Jays | C59: Jacob Brumfield | D59: 144 | E59: Rockies | F59: Greg Blosser | G59: 162 | H59: Blue Jays | I59: Chris Turner | L59: Round 3 | M59: 54 | N59: Blue Jays | O59: Pedro Martinez
A61: ROUND 10 | D61: ROUND 11 | G61: ROUND 12 | M61: ROUND 4
A62: 163 | B62: Rockies | C62: Chris Gomez | D62: 181 | E62: Rockies | F62: Brian Bohanon | G62: 199 | H62: Rockies | I62: Gary Gaetti | L62: Round 4 | M62: 55 | N62: Rockies | O62: Brian Looney
A63: 164 | B63: White Sox | C63: Gene Nelson | D63: 182 | E63: White Sox | F63: Lee Gutterman | G63: 200 | H63: White Sox | I63: Norberto Martin | L63: Round 4 | M63: 56 | N63: Pirates | O63: Nigel Wilson
A64: 165 | B64: Tigers | C64: Greg Litton | D64: 183 | E64: Tigers | F64: Gerald Perry | G64: 201 | H64: Tigers | I64: Jim Edmonds | L64: Round 4 | M64: 57 | N64: Tigers | O64: John Roper
A65: 166 | B65: Expos | C65: Kevin McGegee | D65: 184 | E65: Expos | F65: Jason Grimsley | G65: 202 | H65: Expos | I65: Mike Hampton | L65: Round 4 | M65: 58 | N65: Expos | O65: Rick Honeycutt
A66: 167 | B66: Astros | C66: K. Gordon | D66: 185 | E66: Astros | F66: Luis Ortiz | G66: 203 | H66: Astros | I66: Tim Spher | L66: Round 4 | M66: 59 | N66: Astros | O66: Butch Huskey
A67: 168 | B67: Yankees | C67: Larry Luebbers | D67: 186 | E67: Yankees | F67: Omar Daal | G67: 204 | H67: Yankees | I67: Tony Menendez | L67: Round 4 | M67: 60 | N67: Yankees | O67: Graeme Lloyd
A68: 169 | B68: Cardinals | C68: Buddy Groom | D68: 187 | E68: Cardinals | F68: Alex Diaz | G68: 205 | H68: Cardinals | I68: Kevin Maas | L68: Round 4 | M68: 61 | N68: Cardinals | O68: Bob Hamelin
A69: 170 | B69: Pirates | C69: Guillermo Velasquez | D69: 188 | E69: Pirates | F69: Candy Maldonado | G69: 206 | H69: Twins | I69: Ruben Amaro | L69: Round 4 | M69: 62 | N69: Pirates | O69: Jose Valentin
A70: 171 | B70: Mets | C70: Chris Jones | D70: 189 | E70: Mets | F70: Richard Batchelor | G70: 207 | H70: Mets | I70: Scott Service | L70: Round 4 | M70: 63 | N70: Mets | O70: Jeremy Burnitz
A71: 172 | B71: Padres | C71: Mark Hutton | D71: 190 | E71: Padres | F71: Bruce Hurst | G71: 208 | H71: Padres | I71: Glenn Davis | L71: Round 4 | M71: 64 | N71: Orioles | O71: Matt Turner
A72: 173 | B72: Twins | C72: Nelson Liriano | D72: 191 | E72: Twins | F72: Scott Bullett | G72: 209 | H72: Twins | I72: Eddie Zambrano | L72: Round 4 | M72: 65 | N72: Giants | O72: Kurt Abbott
A73: 174 | B73: Phillies | C73: Jeff Branson | D73: 192 | E73: Phillies | F73: Gary Redus | G73: 210 | H73: Phillies | I73: Tim Wallach | L73: Round 4 | M73: 66 | N73: Pirates | O73: Scott Ruffcorn
... A79: 180 | B79: Blue Jays | C79: Stan Royer | D79: 198 | E79: Blue Jays | F79: Steve Frey | G79: 216 | H79: Blue Jays | I79: Matt Stairs | L79: Round 4 | M79: 72 | N79: Pirates | O79: Steve Trachsel
M81: ROUND 5
L82: Round 5 | M82: 127 | N82: Phillies | O82: Brad Ausmus
L83: Round 5 | M83: 128 | N83: White Sox | O83: Jamie Moyer
L84: Round 5 | M84: 129 | N84: Tigers | O84: Steve Bedrosian
L85: Round 5 | M85: 130 | N85: Rockies | O85: Derek Parks
L86: Round 5 | M86: 131 | N86: Astros | O86: John Cummings
L87: Round 5 | M87: 132 | N87: Yankees | O87: Dave Staton
L88: Round 5 | M88: 133 | N88: Cardinals | O88: Mike Ignasiak
L89: Round 5 | M89: 134 | N89: Pirates | O89: Tim Jones
L90: Round 5 | M90: 135 | N90: Yankees | O90: Scott Sanders
L91: Round 5 | M91: 136 | N91: Padres | O91: Todd Stottlemyre
L92: Round 5 | M92: 137 | N92: Twins | O92: Mark Dewey
L93: Round 5 | M93: 138 | N93: Phillies | O93: Darren Oliver
... L99: Round 5 | M99: 144 | N99: Blue Jays | O99: Rich Amaral
M101: ROUND 6
L102: Round 6 | M102: 91 | N102: Rockies | O102: Marcos Armas
L103: Round 6 | M103: 92 | N103: White Sox | O103: Tim Scott
L104: Round 6 | M104: 93 | N104: Tigers | O104: Bernardo Brito
L105: Round 6 | M105: 94 | N105: Expos | O105: Larry Andersen
L106: Round 6 | M106: 95 | N106: Astros | O106: John Hope
L107: Round 6 | M107: 96 | N107: Yankees | O107: Tim Worrell
L108: Round 6 | M108: 97 | N108: Cardinals | O108: Julian Tavarez
L109: Round 6 | M109: 98 | N109: Pirates | O109: Jeff Gardner
L110: Round 6 | M110: 99 | N110: Mets | O110: Al Leiter
L111: Round 6 | M111: 100 | N111: Padres | O111: Todd Benzinger
L112: Round 6 | M112: 101 | N112: Twins | O112: Roger Smithberg
L113: Round 6 | M113: 102 | N113: Phillies | O113: Brad Holman
... L119: Round 6 | M119: 108 | N119: Blue Jays | O119: Mike Pagliarulo
M121: ROUND 7
L122: Round 7 | M122: 109 | N122: Rockies | O122: Rikkert Faneyete
L123: Round 7 | M123: 110 | N123: White Sox | O123: Rene Gozalez
L124: Round 7 | M124: 111 | N124: Pirates | O124: Vince Coleman
L125: Round 7 | M125: 112 | N125: Expos | O125: Tim Mauser
L126: Round 7 | M126: 113 | N126: Astros | O126: Brian Anderson
L127: Round 7 | M127: 114 | N127: Yankees | O127: Nate Minchey
L128: Round 7 | M128: 115 | N128: Cardinals | O128: Troy O'Leary
L129: Round 7 | M129: 116 | N129: Pirates | O129: Erik Pappas
L130: Round 7 | M130: 117 | N130: Mets | O130: Lou Frazier
L131: Round 7 | M131: 118 | N131: Padres | O131: Eric Hillman
L132: Round 7 | M132: 119 | N132: Phillies | O132: Jerry Browne
L133: Round 7 | M133: 120 | N133: Phillies | O133: Jeff Schwarz
... L139: Round 7 | M139: 126 | N139: Blue Jays | O139: Jacob Brumfield
M141: ROUND 8
L142: Round 8 | M142: 127 | N142: Rockies | O142: Tom Urbani
...

Sheet 1995
A1: ROUND 1 | D1: ROUND 2 | G1: ROUND 3 | M1: ROUND 1
A2: 1 | B2: Rockies | C2: Alex Rodriguez | D2: 19 | E2: Rockies | F2: Midre Cummings | G2: 37 | H2: Rockies | I2: Darren Bragg | L2: Round 1 | M2: 1 | N2: Rockies | O2: Alex Rodriguez
A3: 2 | B3: Pirates | C3: Charles Johnson | D3: 20 | E3: Pirates | F3: Ismael Valdes | G3: 38 | H3: Pirates | I3: Rodney Henderson | L3: Round 1 | M3: 2 | N3: Pirates | O3: Charles Johnson
A4: 3 | B4: White Sox | C4: Joey Hamilton | D4: 21 | E4: Phillies | F4: Jason Jacome | G4: 39 | H4: Pirates | I4: Paul Shuey | L4: Round 1 | M4: 3 | N4: White Sox | O4: Joey Hamilton
A5: 4 | B5: Cardinals | C5: Alex Gonzalez | D5: 22 | E5: Cardinals | F5: Tim Vanegmond | G5: 40 | H5: Cardinals | I5: Scott Klingenbeck | L5: Round 1 | M5: 4 | N5: Cardinals | O5: Alex Gonzalez
A6: 5 | B6: Yankees | C6: Hector Carrasco | D6: 23 | E6: Yankees | F6: Steve Howe | G6: 41 | H6: Yankees | I6: Yorkis Perez | L6: Round 1 | M6: 5 | N6: Yankees | O6: Hector Carrasco
A7: 6 | B7: Astros | C7: Armando Benitez | D7: 24 | E7: Astros | F7: Vincente Palacios | G7: 42 | H7: Astros | I7: Andrew Lorraine | L7: Round 1 | M7: 6 | N7: Astros | O7: Armando Benitez
A8: 7 | B8: Twins | C8: Brian L. Hunter | D8: 25 | E8: Twins | F8: Jose Oliva | G8: 43 | H8: Twins | I8: Julian Tavarez | L8: Round 1 | M8: 7 | N8: Twins | O8: Brian L. Hunter
A9: 8 | B9: Pirates | C9: Roberto Petagine | D9: 26 | E9: Pirates | F9: Jeff Cirillo | G9: 44 | H9: Pirates | I9: Fausto Cruz | L9: Round 1 | M9: 8 | N9: Pirates | O9: Roberto Petagine
A10: 9 | B10: Indians | C10: Shane Reynolds | D10: 27 | E10: Royals | F10: Kelly Stinnett | G10: 45 | H10: Royals | I10: Dave Martinez | L10: Round 1 | M10: 9 | N10: Indians | O10: Shane Reynolds
A11: 10 | B11: Mets | C11: Rusty Greer | D11: 28 | E11: Mets | F11: Orlando Miller | G11: 46 | H11: Mets | I11: Jose Lima | L11: Round 1 | M11: 10 | N11: Mets | O11: Rusty Greer
A12: 11 | B12: Reds | C12: Jon Lieber | D12: 29 | E12: Reds | F12: Garret Anderson | G12: 47 | H12: Reds | I12: Billy Risley | L12: Round 1 | M12: 11 | N12: Reds | O12: Jon Lieber
A13: 12 | B13: Cardinals | C13: William Vanlandingham | D13: 30 | E13: Padres | F13: Russ Davis | G13: 48 | H13: Orioles | I13: Chan Park | L13: Round 1 | M13: 12 | N13: Cardinals | O13: William Vanlandingham
... A19: 18 | B19: Pirates | C19: Brian Anderson | D19: 36 | E19: White Sox | F19: Darren Dreifort | G19: 54 | H19: Pirates | I19: Jim Converse | L19: Round 1 | M19: 18 | N19: Pirates | O19: Brian Anderson
A21: ROUND 4 | D21: ROUND 5 | G21: ROUND 6 | M21: ROUND 2
A22: 55 | B22: Rockies | C22: Brad Woodall | D22: 73 | E22: Rockies | F22: Matt Walbeck | G22: 91 | H22: Rockies | I22: Kevin Jarvis | L22: Round 2 | M22: 19 | N22: Rockies | O22: Midre Cummings
A23: 56 | B23: Pirates | C23: Greg Pirkl | D23: 74 | E23: Pirates | F23: Rick Helling | G23: 92 | H23: Pirates | I23: John Frascatore | L23: Round 2 | M23: 20 | N23: Pirates | O23: Ismael Valdes
A24: 57 | B24: Phillies | C24: Keith Mitchell | D24: 75 | E24: Phillies | F24: Toby Borland | G24: 93 | H24: Phillies | I24: Jeremy Hernandez | L24: Round 2 | M24: 21 | N24: Phillies | O24: Jason Jacome
A25: 58 | B25: Cardinals | C25: Erik Schullstrom | D25: 76 | E25: Cardinals | F25: Jorge Fabregas | G25: 94 | H25: Cardinals | I25: Henry Rodriguez | L25: Round 2 | M25: 22 | N25: Cardinals | O25: Tim Vanegmond
A26: 59 | B26: Yankees | C26: Tony Eusebio | D26: 77 | E26: Yankees | F26: Darren Hall | G26: 95 | H26: Yankees | I26: Eddie Williams | L26: Round 2 | M26: 23 | N26: Yankees | O26: Steve Howe
A27: 60 | B27: Astros | C27: John Briscoe | D27: 78 | E27: Astros | F27: Bill Gullickson | G27: 96 | H27: Astros | I27: Fernando Valenzuela | L27: Round 2 | M27: 24 | N27: Astros | O27: Vincente Palacios
A28: 61 | B28: Twins | C28: Ray McDavid | D28: 79 | E28: Twins | F28: Chad Ogea | G28: 97 | H28: Twins | I28: John Mabry | L28: Round 2 | M28: 25 | N28: Twins | O28: Jose Oliva
A29: 62 | B29: White Sox | C29: Pete Schourek | D29: 80 | E29: White Sox | F29: Michael Huff | G29: 98 | H29: White Sox | I29: Hector Fajardo | L29: Round 2 | M29: 26 | N29: Pirates | O29: Jeff Cirillo
A30: 63 | B30: Royals | C30: Curt Leskanic | D30: 81 | E30: Royals | F30: Rusty Meacham | G30: 99 | H30: Royals | I30: Steve Dreyer | L30: Round 2 | M30: 27 | N30: Royals | O30: Kelly Stinnett
A31: 64 | B31: Mets | C31: Ricky Bottalico | D31: 82 | E31: Mets | F31: Ernie Young | G31: 100 | H31: Mets | I31: Jose Hernandez | L31: Round 2 | M31: 28 | N31: Mets | O31: Orlando Miller
A32: 65 | B32: Reds | C32: Mike Lieberthal | D32: 83 | E32: Reds | F32: Dave Veres | G32: 101 | H32: Reds | I32: Mike LaValliere | L32: Round 2 | M32: 29 | N32: Reds | O32: Garret Anderson
A33: 66 | B33: Padres | C33: Mike Kingery | D33: 84 | E33: Padres | F33: Paul Assenmacher | G33: 102 | H33: Padres | I33: Andy Carter | L33: Round 2 | M33: 30 | N33: Padres | O33: Russ Davis
... A39: 72 | B39: Pirates | C39: David Segui | D39: 90 | E39: Pirates | F39: Kirk Gibson | G39: 108 | H39: Pirates | I39: Gary Gaetti | L39: Round 2 | M39: 36 | N39: White Sox | O39: Darren Dreifort
A41: ROUND 7 | D41: ROUND 8 | G41: ROUND 9 | M41: ROUND 3
A42: 109 | B42: Rockies | C42: Rick White | D42: 127 | E42: Rockies | F42: Mark Thompson | G42: 145 | H42: Rockies | I42: Omar Olivares | L42: Round 3 | M42: 37 | N42: Rockies | O42: Darren Bragg
A43: 110 | B43: Pirates | C43: Lance Parrish | D43: 128 | E43: Pirates | F43: Luis Ortiz | G43: 146 | H43: Pirates | I43: Rudy Seanez | L43: Round 3 | M43: 38 | N43: Pirates | O43: Rodney Henderson
A44: 111 | B44: Phillies | C44: Garey Ingram | D44: 129 | E44: Phillies | F44: Tim Hyers | G44: 147 | H44: Phillies | I44: Craig Shipley | L44: Round 3 | M44: 39 | N44: Pirates | O44: Paul Shuey
A45: 112 | B45: Cardinals | C45: Tony Womack | D45: 130 | E45: Cardinals | F45: Tom Urbani | G45: 148 | H45: Cardinals | I45: Bryan Eversgerd | L45: Round 3 | M45: 40 | N45: Cardinals | O45: Scott Klingenbeck
A46: 113 | B46: Yankees | C46: Dave Hansen | D46: 131 | E46: Yankees | F46: Mike Aldrete | G46: 149 | H46: Yankees | I46: Rafael Belliard | L46: Round 3 | M46: 41 | N46: Yankees | O46: Yorkis Perez
A47: 114 | B47: Astros | C47: Brian Dorsett | D47: 132 | E47: Astros | F47: Mike Matheny | G47: 150 | H47: Astros | I47: Mike Munoz | L47: Round 3 | M47: 42 | N47: Astros | O47: Andrew Lorraine
A48: 115 | B48: Twins | C48: Mark Smith | D48: 133 | E48: Twins | F48: Ray Holbert | G48: 151 | H48: Twins | I48: Craig Paquette | L48: Round 3 | M48: 43 | N48: Twins | O48: Julian Tavarez
A49: 116 | B49: White Sox | C49: Mike Gallego | D49: 134 | E49: White Sox | F49: Jayhawk Owens | G49: 152 | H49: White Sox | I49: Bryce Florie | L49: Round 3 | M49: 44 | N49: Pirates | O49: Fausto Cruz
A50: 117 | B50: Royals | C50: John Dettmer | D50: 135 | E50: Royals | F50: Carlos Pulido | G50: 153 | H50: Royals | I50: Terry Shumpert | L50: Round 3 | M50: 45 | N50: Royals | O50: Dave Martinez
A51: 118 | B51: Mets | C51: Kurt Miller | D51: 136 | E51: Mets | F51: Tony Longmire | G51: 154 | H51: Mets | I51: DickSchofield | L51: Round 3 | M51: 46 | N51: Mets | O51: Jose Lima
A52: 119 | B52: Reds | C52: Terry Mathews | D52: 137 | E52: Reds | F52: Herbert Perry | G52: 155 | H52: Reds | I52: John Cangelosi | L52: Round 3 | M52: 47 | N52: Reds | O52: Billy Risley
A53: 120 | B53: Padres | C53: Rich Monteleone | D53: 138 | E53: Padres | F53: Gil Heredia | G53: 156 | H53: Padres | I53: Jack Armstrong | L53: Round 3 | M53: 48 | N53: Orioles | O53: Chan Park
... A59: 126 | B59: Tigers | C59: Tripp Cromer | D59: 144 | E59: Tigers | F59: Kevin Ritz | G59: 162 | H59: Tigers | I59: Eddie Guardado | L59: Round 3 | M59: 54 | N59: Pirates | O59: Jim Converse
A61: ROUND 10 | D61: ROUND 11 | G61: ROUND 12 | M61: ROUND 4
A62: 163 | B62: Rockies | C62: Eddie Zambrano | D62: 181 | E62: Rockies | F62: Norberto Martin | G62: 199 | H62: Expos | I62: Charlie O'Brien | L62: Round 4 | M62: 55 | N62: Rockies | O62: Brad Woodall
A63: 164 | B63: Pirates | C63: Dave Stevens | D63: 182 | E63: Pirates | F63: Donnie Elliot | G63: 200 | H63: Pirates | I63: Greg W. Harris | L63: Round 4 | M63: 56 | N63: Pirates | O63: Greg Pirkl
A64: 165 | B64: Phillies | C64: Goose Gossage | D64: 183 | E64: Pirates | F64: Karl Rhodes | G64: 201 | H64: Pirates | I64: Paul Spoljaric | L64: Round 4 | M64: 57 | N64: Phillies | O64: Keith Mitchell
A65: 166 | B65: Cardinals | C65: John Vanderwal | D65: 184 | E65: Cardinals | F65: Dwight Gooden | G65: 202 | H65: Cardinals | I65: Duff Brumley | L65: Round 4 | M65: 58 | N65: Cardinals | O65: Erik Schullstrom
A66: 167 | B66: Yankees | C66: Thomas Howard | D66: 185 | E66: Yankees | F66: John Hope | G66: 203 | H66: Yankees | I66: Mark Kiefer | L66: Round 4 | M66: 59 | N66: Yankees | O66: Tony Eusebio
A67: 168 | B67: Astros | C67: Milt Thompson | D67: 186 | E67: Astros | F67: Larry Anderson | G67: 204 | H67: Astros | I67: Howard Johnson | L67: Round 4 | M67: 60 | N67: Astros | O67: John Briscoe
A68: 169 | B68: Twins | C68: Dave Staton | D68: 187 | E68: Twins | F68: Nate Minchey | G68: 205 | H68: Twins | I68: Dave Silvestri | L68: Round 4 | M68: 61 | N68: Twins | O68: Ray McDavid
A69: 170 | B69: White Sox | C69: Brad Cornett | D69: 188 | E69: White Sox | F69: Turk Wendell | G69: 206 | H69: White Sox | I69: Dan Smith | L69: Round 4 | M69: 62 | N69: White Sox | O69: Pete Schourek
A70: 171 | B70: Royals | C70: Aleja Pena | D70: 189 | E70: Royals | F70: Todd Haney | G70: 207 | H70: Royals | I70: Darren Holmes | L70: Round 4 | M70: 63 | N70: Royals | O70: Curt Leskanic
A71: 172 | B71: Mets | C71: Aaron Small | D71: 190 | E71: Mets | F71: Marcus Moore | G71: 208 | H71: Mets | I71: Steve Pegues | L71: Round 4 | M71: 64 | N71: Mets | O71: Ricky Bottalico
A72: 173 | B72: Reds | C72: Chris Turner | D72: 191 | E72: Reds | F72: Andre Dawson | G72: 209 | H72: Reds | I72: Dave Henderson | L72: Round 4 | M72: 65 | N72: Reds | O72: Mike Lieberthal
A73: 174 | B73: Padres | C73: Rich Scheid | D73: 192 | E73: Padres | F73: Andy Stankiewicz | G73: 210 | H73: Padres | I73: Dave Telgheder | L73: Round 4 | M73: 66 | N73: Padres | O73: Mike Kingery
... A79: 180 | B79: Tigers | C79: Carlos Hernandez | D79: 198 | E79: Tigers | F79: Bruce Ruffin | G79: 216 | H79: Tigers | I79: Tony Fossas | L79: Round 4 | M79: 72 | N79: Pirates | O79: David Segui
M81: ROUND 5
L82: Round 5 | M82: 127 | N82: Rockies | O82: Matt Walbeck
L83: Round 5 | M83: 128 | N83: Pirates | O83: Rick Helling
L84: Round 5 | M84: 129 | N84: Phillies | O84: Toby Borland
L85: Round 5 | M85: 130 | N85: Cardinals | O85: Jorge Fabregas
L86: Round 5 | M86: 131 | N86: Yankees | O86: Darren Hall
L87: Round 5 | M87: 132 | N87: Astros | O87: Bill Gullickson
L88: Round 5 | M88: 133 | N88: Twins | O88: Chad Ogea
L89: Round 5 | M89: 134 | N89: White Sox | O89: Michael Huff
L90: Round 5 | M90: 135 | N90: Royals | O90: Rusty Meacham
L91: Round 5 | M91: 136 | N91: Mets | O91: Ernie Young
L92: Round 5 | M92: 137 | N92: Reds | O92: Dave Veres
L93: Round 5 | M93: 138 | N93: Padres | O93: Paul Assenmacher
... L99: Round 5 | M99: 144 | N99: Pirates | O99: Kirk Gibson
M101: ROUND 6
L102: Round 6 | M102: 91 | N102: Rockies | O102: Kevin Jarvis
L103: Round 6 | M103: 92 | N103: Pirates | O103: John Frascatore
L104: Round 6 | M104: 93 | N104: Phillies | O104: Jeremy Hernandez
L105: Round 6 | M105: 94 | N105: Cardinals | O105: Henry Rodriguez
L106: Round 6 | M106: 95 | N106: Yankees | O106: Eddie Williams
L107: Round 6 | M107: 96 | N107: Astros | O107: Fernando Valenzuela
L108: Round 6 | M108: 97 | N108: Twins | O108: John Mabry
L109: Round 6 | M109: 98 | N109: White Sox | O109: Hector Fajardo
L110: Round 6 | M110: 99 | N110: Royals | O110: Steve Dreyer
L111: Round 6 | M111: 100 | N111: Mets | O111: Jose Hernandez
L112: Round 6 | M112: 101 | N112: Reds | O112: Mike LaValliere
L113: Round 6 | M113: 102 | N113: Padres | O113: Andy Carter
... L119: Round 6 | M119: 108 | N119: Pirates | O119: Gary Gaetti
M121: ROUND 7
L122: Round 7 | M122: 109 | N122: Rockies | O122: Rick White
L123: Round 7 | M123: 110 | N123: Pirates | O123: Lance Parrish
L124: Round 7 | M124: 111 | N124: Phillies | O124: Garey Ingram
L125: Round 7 | M125: 112 | N125: Cardinals | O125: Tony Womack
L126: Round 7 | M126: 113 | N126: Yankees | O126: Dave Hansen
L127: Round 7 | M127: 114 | N127: Astros | O127: Brian Dorsett
L128: Round 7 | M128: 115 | N128: Twins | O128: Mark Smith
L129: Round 7 | M129: 116 | N129: White Sox | O129: Mike Gallego
L130: Round 7 | M130: 117 | N130: Royals | O130: John Dettmer
L131: Round 7 | M131: 118 | N131: Mets | O131: Kurt Miller
L132: Round 7 | M132: 119 | N132: Reds | O132: Terry Mathews
L133: Round 7 | M133: 120 | N133: Padres | O133: Rich Monteleone
... L139: Round 7 | M139: 126 | N139: Tigers | O139: Tripp Cromer
M141: ROUND 8
L142: Round 8 | M142: 127 | N142: Rockies | O142: Mark Thompson
...

Sheet 1996
A1: ROUND 1 | D1: ROUND 2 | G1: ROUND 3 | M1: ROUND 1
A2: 1 | B2: Mets | C2: Johnny Damon | D2: 19 | E2: Twins | F2: Karim Garcia | G2: 37 | H2: Twins | I2: Antonio Osuna | L2: Round 1 | M2: 1 | N2: Mets | O2: Johnny Damon
A3: 2 | B3: Pirates | C3: Ruben Rivera | D3: 20 | E3: Pirates | F3: Curtis Goodwin | G3: 38 | H3: Pirates | I3: Dustin Hermanson | L3: Round 1 | M3: 2 | N3: Pirates | O3: Ruben Rivera
A4: 3 | B4: Pirates | C4: Derek Jeter | D4: 21 | E4: Rockies | F4: Todd Hollandsworth | G4: 39 | H4: Rockies | I4: Bob Wolcott | L4: Round 1 | M4: 3 | N4: Pirates | O4: Derek Jeter
A5: 4 | B5: Cardinals | C5: Quilvio Veras | D5: 22 | E5: Cardinals | F5: Brad Radke | G5: 40 | H5: Cardinals | I5: Jamie Brewington | L5: Round 1 | M5: 4 | N5: Cardinals | O5: Quilvio Veras
A6: 5 | B6: Astros | C6: Jason Isringhausen | D6: 23 | E6: Astros | F6: Tom Goodwin | G6: 41 | H6: Astros | I6: Mike Williams | L6: Round 1 | M6: 5 | N6: Astros | O6: Jason Isringhausen
A7: 6 | B7: Twins | C7: Hideo Nomo | D7: 24 | E7: Mets | F7: Jason Giambi | G7: 42 | H7: Mets | I7: Jon Nunnally | L7: Round 1 | M7: 6 | N7: Twins | O7: Hideo Nomo
A8: 7 | B8: Giants | C8: Bill Pulsipher | D8: 25 | E8: Twins | F8: Jason Schmidt | G8: 43 | H8: Mets | I8: Joe Vitiello | L8: Round 1 | M8: 7 | N8: Giants | O8: Bill Pulsipher
A9: 8 | B9: Tigers | C9: Alan Benes | D9: 26 | E9: Tigers | F9: Bryan Rekar | G9: 44 | H9: Tigers | I9: Tony Clark | L9: Round 1 | M9: 8 | N9: Tigers | O9: Alan Benes
A10: 9 | B10: Yankees | C10: Ray Durham | D10: 27 | E10: Yankees | F10: Frankie Rodriguez | G10: 45 | H10: Yankees | I10: Esteban Loaiza | L10: Round 1 | M10: 9 | N10: Yankees | O10: Ray Durham
A11: 10 | B11: Expos | C11: Troy Percival | D11: 28 | E11: Phillies | F11: Alex Ochoa | G11: 46 | H11: Phillies | I11: Sandy Martinez | L11: Round 1 | M11: 10 | N11: Expos | O11: Troy Percival
A12: 11 | B12: Mets | C12: Edgardo Alfonzo | D12: 29 | E12: Twins | F12: T.J. Mathews | G12: 47 | H12: White Sox | I12: Butch Huskey | L12: Round 1 | M12: 11 | N12: Mets | O12: Edgardo Alfonzo
A13: 12 | B13: Royals | C13: Andy Pettitte | D13: 30 | E13: Royals | F13: Mark Grudzielanek | G13: 48 | H13: Royals | I13: Luis Anduar | L13: Round 1 | M13: 12 | N13: Royals | O13: Andy Pettitte
... A19: 18 | B19: Expos | C19: Tim Wakefield | D19: 36 | E19: Expos | F19: Matt Lawton | G19: 54 | H19: Expos | I19: John Cummings | L19: Round 1 | M19: 18 | N19: Expos | O19: Tim Wakefield
A21: ROUND 4 | D21: ROUND 5 | G21: ROUND 6 | M21: ROUND 2
A22: 55 | B22: Twins | C22: Bob Higginson | D22: 73 | E22: Twins | F22: Robert Person | G22: 91 | H22: Twins | I22: Shane Andrews | L22: Round 2 | M22: 19 | N22: Twins | O22: Karim Garcia
A23: 56 | B23: Pirates | C23: Angelo Encarnacion | D23: 74 | E23: Pirates | F23: Arquimedez Pozo | G23: 92 | H23: Pirates | I23: Damon Easley | L23: Round 2 | M23: 20 | N23: Pirates | O23: Curtis Goodwin
A24: 57 | B24: Rockies | C24: Jim Pittsley | D24: 75 | E24: Rockies | F24: John Ericks | G24: 93 | H24: Rockies | I24: Domingo Cedeno | L24: Round 2 | M24: 21 | N24: Rockies | O24: Todd Hollandsworth
A25: 58 | B25: Cardinals | C25: Matt Karchner | D25: 76 | E25: Cardinals | F25: Alan Battle | G25: 94 | H25: Cardinals | I25: Doug Bochtler | L25: Round 2 | M25: 22 | N25: Cardinals | O25: Brad Radke
A26: 59 | B26: Indians | C26: Doug Henry | D26: 77 | E26: Astros | F26: Felipe Lira | G26: 95 | H26: Astros | I26: Doug Brocail | L26: Round 2 | M26: 23 | N26: Astros | O26: Tom Goodwin
A27: 60 | B27: Mets | C27: Greg Zaun | D27: 78 | E27: Mets | F27: Mariano Rivera | G27: 96 | H27: Mets | I27: Ron Villone | L27: Round 2 | M27: 24 | N27: Mets | O27: Jason Giambi
A28: 61 | B28: Giants | C28: Terrell Wade | D28: 79 | E28: Giants | F28: Steve Sparks | G28: 97 | H28: Giants | I28: John Flaherty | L28: Round 2 | M28: 25 | N28: Twins | O28: Jason Schmidt
A29: 62 | B29: Tigers | C29: Mark Leiter | D29: 80 | E29: Tigers | F29: Brian Giles | G29: 98 | H29: Tigers | I29: Rich Delucia | L29: Round 2 | M29: 26 | N29: Tigers | O29: Bryan Rekar
A30: 63 | B30: Yankees | C30: Rich Aurilia | D30: 81 | E30: Yankees | F30: Chad Fonville | G30: 99 | H30: Yankees | I30: Michael Mimbs | L30: Round 2 | M30: 27 | N30: Yankees | O30: Frankie Rodriguez
A31: 64 | B31: Phillies | C31: Jimmy Key | D31: 82 | E31: Phillies | F31: John Wasdin | G31: 100 | H31: Phillies | I31: Ramon Morel | L31: Round 2 | M31: 28 | N31: Phillies | O31: Alex Ochoa
A32: 65 | B32: White Sox | C32: Jose Herrara | D32: 83 | E32: White Sox | F32: Jeff Manto | G32: 101 | H32: White Sox | I32: Tavo Alvarez | L32: Round 2 | M32: 29 | N32: Twins | O32: T.J. Mathews
A33: 66 | B33: Royals | C33: Michael Tucker | D33: 84 | E33: Royals | F33: Jeff Parrett | G33: 102 | H33: Twins | I33: Mike Birkbeck | L33: Round 2 | M33: 30 | N33: Royals | O33: Mark Grudzielanek
... A39: 72 | B39: Expos | C39: Yamil Benetiz | D39: 90 | E39: Expos | F39: Mike Timlin | G39: 108 | H39: Expos | I39: Quinton McCracken | L39: Round 2 | M39: 36 | N39: Expos | O39: Matt Lawton
A41: ROUND 7 | D41: ROUND 8 | G41: ROUND 9 | M41: ROUND 3
A42: 109 | B42: Twins | C42: Dwayne Hosey | D42: 127 | E42: Twins | F42: Mike Henneman | G42: 145 | H42: Twins | I42: Paul Byrd | L42: Round 3 | M42: 37 | N42: Twins | O42: Antonio Osuna
A43: 110 | B43: Pirates | C43: Scott Stahoviak | D43: 128 | E43: Pirates | F43: Chris Stynes | G43: 146 | H43: Pirates | I43: Shawn Estes | L43: Round 3 | M43: 38 | N43: Pirates | O43: Dustin Hermanson
A44: 111 | B44: Rockies | C44: Juan Acevedo | D44: 129 | E44: Rockies | F44: J.R. Phillips | G44: 147 | H44: Rockies | I44: Dave Stevens | L44: Round 3 | M44: 39 | N44: Rockies | O44: Bob Wolcott
A45: 112 | B45: Cardinals | C45: Vaughn Eschelman | D45: 130 | E45: Cardinals | F45: Matt Murray | G45: 148 | H45: Cardinals | I45: Rich Krivda | L45: Round 3 | M45: 40 | N45: Cardinals | O45: Jamie Brewington
A46: 113 | B46: Astros | C46: Al Reyes | D46: 131 | E46: Astros | F46: Danny Bautista | G46: 149 | H46: Astros | I46: Matt Stairs | L46: Round 3 | M46: 41 | N46: Astros | O46: Mike Williams
A47: 114 | B47: Mets | C47: Eric Owens | D47: 132 | E47: Mets | F47: Jason Christainsen | G47: 150 | H47: Mets | I47: Randy Veres | L47: Round 3 | M47: 42 | N47: Mets | O47: Jon Nunnally
A48: 115 | B48: Giants | C48: Glenn Dishman | D48: 133 | E48: Giants | F48: Jay Powell | G48: 151 | H48: Giants | I48: Sherman Obando | L48: Round 3 | M48: 43 | N48: Mets | O48: Joe Vitiello
A49: 116 | B49: Tigers | C49: Mark Carreon | D49: 134 | E49: Tigers | F49: C.J. Nitkowski | G49: 152 | H49: Tigers | I49: Jose Deleon | L49: Round 3 | M49: 44 | N49: Tigers | O49: Tony Clark
A50: 117 | B50: Yankees | C50: Jesus Tavarez | D50: 135 | E50: Yankees | F50: Jorge Posada | G50: 153 | H50: Yankees | I50: Mel Bunch | L50: Round 3 | M50: 45 | N50: Yankees | O50: Esteban Loaiza
A51: 118 | B51: Phillies | C51: Rex Hudler | D51: 136 | E51: Phillies | F51: Steve Wojciechowski | G51: 154 | H51: Phillies | I51: Tim Fortungo | L51: Round 3 | M51: 46 | N51: Phillies | O51: Sandy Martinez
A52: 119 | B52: White Sox | C52: Fausto Cruz | D52: 137 | E52: White Sox | F52: Mike James | G52: 155 | H52: White Sox | I52: Rafael Carmona | L52: Round 3 | M52: 47 | N52: White Sox | O52: Butch Huskey
A53: 120 | B53: Royals | C53: Blas Minor | D53: 138 | E53: Royals | F53: Rusty Meacham | G53: 156 | H53: Royals | I53: Mike Stanton | L53: Round 3 | M53: 48 | N53: Royals | O53: Luis Anduar
... A59: 126 | B59: Expos | C59: Pedro Borbon | D59: 144 | E59: Expos | F59: Brian Barton | G59: 162 | H59: Expos | I59: Donnie Wall | L59: Round 3 | M59: 54 | N59: Expos | O59: John Cummings
A61: ROUND 10 | D61: ROUND 11 | G61: ROUND 12 | M61: ROUND 4
A62: 163 | B62: Twins | C62: Bill Simas | D62: 181 | E62: Twins | F62: Darrell May | G62: 199 | H62: Twins | I62: Alex Arias | L62: Round 4 | M62: 55 | N62: Twins | O62: Bob Higginson
A63: 164 | B63: Pirates | C63: Oscar Munoz | D63: 182 | E63: Pirates | F63: Fernando Vina | G63: 200 | H63: Pirates | I63: Tony Pena | L63: Round 4 | M63: 56 | N63: Pirates | O63: Angelo Encarnacion
A64: 165 | B64: Rockies | C64: Terry Mulholland | D64: 183 | E64: Rockies | F64: Mike Fetters | G64: 201 | H64: Rockies | I64: Darrell Whitmore | L64: Round 4 | M64: 57 | N64: Rockies | O64: Jim Pittsley
A65: 166 | B65: Cardinals | C65: Joe Rosselli | D65: 184 | E65: Cardinals | F65: Mike Mordecai | G65: 202 | H65: Cardinals | I65: Dave Swartzbaugh | L65: Round 4 | M65: 58 | N65: Cardinals | O65: Matt Karchner
A66: 167 | B66: Tigers | C66: Willie Blair | D66: 185 | E66: Royals | F66: Joe Randa | G66: 203 | H66: Astros | I66: Terry Bradshaw | L66: Round 4 | M66: 59 | N66: Indians | O66: Doug Henry
A67: 168 | B67: Mets | C67: Mike Butcher | D67: 186 | E67: Mets | F67: Ed Vosberg | G67: 204 | H67: Mets | I67: Steve Frey | L67: Round 4 | M67: 60 | N67: Mets | O67: Greg Zaun
A68: 169 | B68: Giants | C68: Brian Johnson | D68: 187 | E68: Giants | F68: Mike Simms | G68: 205 | H68: Giants | I68: Turner Ward | L68: Round 4 | M68: 61 | N68: Giants | O68: Terrell Wade
A69: 170 | B69: Tigers | C69: Salomon Torres | D69: 188 | E69: Tigers | F69: Bob Patterson | G69: 206 | H69: Tigers | I69: Don Wengart | L69: Round 4 | M69: 62 | N69: Tigers | O69: Mark Leiter
A70: 171 | B70: Yankees | C70: Trevor Wilson | D70: 189 | E70: Yankees | F70: Tim Bogar | G70: 207 | H70: Yankees | I70: Jerald Clark | L70: Round 4 | M70: 63 | N70: Yankees | O70: Rich Aurilia
A71: 172 | B71: Phillies | C71: Ozzie Timmons | D71: 190 | E71: Pirates | F71: Rich Amaral | G71: 208 | H71: Phillies | I71: Rob Dibble | L71: Round 4 | M71: 64 | N71: Phillies | O71: Jimmy Key
A72: 173 | B72: White Sox | C72: Howard Battle | D72: 191 | E72: White Sox | F72: Tomas Perez | G72: 209 | H72: White Sox | I72: Rafael Belliard | L72: Round 4 | M72: 65 | N72: White Sox | O72: Jose Herrara
A73: 174 | B73: Royals | C73: Mike Oquist | D73: 192 | E73: Royals | F73: Dilson Torres | G73: 210 | H73: Royals | I73: Dave Howard | L73: Round 4 | M73: 66 | N73: Royals | O73: Michael Tucker
... A79: 180 | B79: Expos | C79: Ron Tingsley | D79: 198 | E79: Expos | F79: Ryan Bowen | G79: 216 | H79: Expos | I79: Leo Gomez | L79: Round 4 | M79: 72 | N79: Expos | O79: Yamil Benetiz
M81: ROUND 5
L82: Round 5 | M82: 127 | N82: Twins | O82: Robert Person
L83: Round 5 | M83: 128 | N83: Pirates | O83: Arquimedez Pozo
L84: Round 5 | M84: 129 | N84: Rockies | O84: John Ericks
L85: Round 5 | M85: 130 | N85: Cardinals | O85: Alan Battle
L86: Round 5 | M86: 131 | N86: Astros | O86: Felipe Lira
L87: Round 5 | M87: 132 | N87: Mets | O87: Mariano Rivera
L88: Round 5 | M88: 133 | N88: Giants | O88: Steve Sparks
L89: Round 5 | M89: 134 | N89: Tigers | O89: Brian Giles
L90: Round 5 | M90: 135 | N90: Yankees | O90: Chad Fonville
L91: Round 5 | M91: 136 | N91: Phillies | O91: John Wasdin
L92: Round 5 | M92: 137 | N92: White Sox | O92: Jeff Manto
L93: Round 5 | M93: 138 | N93: Royals | O93: Jeff Parrett
... L99: Round 5 | M99: 144 | N99: Expos | O99: Mike Timlin
M101: ROUND 6
L102: Round 6 | M102: 91 | N102: Twins | O102: Shane Andrews
L103: Round 6 | M103: 92 | N103: Pirates | O103: Damon Easley
L104: Round 6 | M104: 93 | N104: Rockies | O104: Domingo Cedeno
L105: Round 6 | M105: 94 | N105: Cardinals | O105: Doug Bochtler
L106: Round 6 | M106: 95 | N106: Astros | O106: Doug Brocail
L107: Round 6 | M107: 96 | N107: Mets | O107: Ron Villone
L108: Round 6 | M108: 97 | N108: Giants | O108: John Flaherty
L109: Round 6 | M109: 98 | N109: Tigers | O109: Rich Delucia
L110: Round 6 | M110: 99 | N110: Yankees | O110: Michael Mimbs
L111: Round 6 | M111: 100 | N111: Phillies | O111: Ramon Morel
L112: Round 6 | M112: 101 | N112: White Sox | O112: Tavo Alvarez
L113: Round 6 | M113: 102 | N113: Twins | O113: Mike Birkbeck
... L119: Round 6 | M119: 108 | N119: Expos | O119: Quinton McCracken
M121: ROUND 7
L122: Round 7 | M122: 109 | N122: Twins | O122: Dwayne Hosey
L123: Round 7 | M123: 110 | N123: Pirates | O123: Scott Stahoviak
L124: Round 7 | M124: 111 | N124: Rockies | O124: Juan Acevedo
L125: Round 7 | M125: 112 | N125: Cardinals | O125: Vaughn Eschelman
L126: Round 7 | M126: 113 | N126: Astros | O126: Al Reyes
L127: Round 7 | M127: 114 | N127: Mets | O127: Eric Owens
L128: Round 7 | M128: 115 | N128: Giants | O128: Glenn Dishman
L129: Round 7 | M129: 116 | N129: Tigers | O129: Mark Carreon
L130: Round 7 | M130: 117 | N130: Yankees | O130: Jesus Tavarez
L131: Round 7 | M131: 118 | N131: Phillies | O131: Rex Hudler
L132: Round 7 | M132: 119 | N132: White Sox | O132: Fausto Cruz
L133: Round 7 | M133: 120 | N133: Royals | O133: Blas Minor
... L139: Round 7 | M139: 126 | N139: Expos | O139: Pedro Borbon
M141: ROUND 8
L142: Round 8 | M142: 127 | N142: Twins | O142: Mike Henneman
...

Sheet 1997
A1: ROUND 1 | D1: ROUND 2 | G1: ROUND 3 | M1: ROUND 1
A2: 1 | B2: Rockies | C2: Andruw Jones | D2: 19 | E2: Rockies | F2: Wilton Guerrero | G2: 37 | H2: Rockies | I2: Raul Casanova | L2: Round 1 | M2: 1 | N2: Rockies | O2: Andruw Jones
A3: 2 | B3: Cardinals | C3: Vladimire Guerrero | D3: 20 | E3: Cardinals | F3: Osvaldo Fernandez | G3: 38 | H3: Cardinals | I3: Danny Graves | L3: Round 1 | M3: 2 | N3: Cardinals | O3: Vladimire Guerrero
A4: 3 | B4: Astros | C4: Jason Kendall | D4: 21 | E4: Astros | F4: Jermain Allensworth | G4: 39 | H4: Astros | I4: F.P. Santangelo | L4: Round 1 | M4: 3 | N4: Astros | O4: Jason Kendall
A5: 4 | B5: Phillies | C5: Scott Rolen | D5: 22 | E5: Phillies | F5: Jose Paniagua | G5: 40 | H5: Phillies | I5: Marty Janzen | L5: Round 1 | M5: 4 | N5: Phillies | O5: Scott Rolen
A6: 5 | B6: Rockies | C6: Darin Erstad | D6: 23 | E6: Pirates | F6: Luis Castillo | G6: 41 | H6: Pirates | I6: Marty Cordova | L6: Round 1 | M6: 5 | N6: Rockies | O6: Darin Erstad
A7: 6 | B7: Mets | C7: Edgar Renteria | D7: 24 | E7: Mets | F7: Dmitri Young | G7: 42 | H7: Mets | I7: Trey Beamon | L7: Round 1 | M7: 6 | N7: Mets | O7: Edgar Renteria
A8: 7 | B8: Phillies | C8: Nomar Garciaparra | D8: 25 | E8: Giants | F8: Livan Hernandez | G8: 43 | H8: Twins | I8: Mike Holtz | L8: Round 1 | M8: 7 | N8: Phillies | O8: Nomar Garciaparra
A9: 8 | B9: Tigers | C9: Jose Rosado | D9: 26 | E9: Tigers | F9: Justin Thompson | G9: 44 | H9: Tigers | I9: Kevin Elster | L9: Round 1 | M9: 8 | N9: Tigers | O9: Jose Rosado
A10: 9 | B10: White Sox | C10: Todd Walker | D10: 27 | E10: White Sox | F10: Todd Greene | G10: 45 | H10: White Sox | I10: Curt Lyons | L10: Round 1 | M10: 9 | N10: White Sox | O10: Todd Walker
A11: 10 | B11: Yankees | C11: Rocky Coppinger | D11: 28 | E11: Yankees | F11: Bill Mueller | G11: 46 | H11: Yankees | I11: Julio Franco | L11: Round 1 | M11: 10 | N11: Yankees | O11: Rocky Coppinger
A12: 11 | B12: White Sox | C12: Jose Bautista | D12: 29 | E12: Pirates | F12: Eric Davis | G12: 47 | H12: Padres | I12: Tim Worrell | L12: Round 1 | M12: 11 | N12: White Sox | O12: Jose Bautista
A13: 12 | B13: Blue Jays | C13: Paul Wilson | D13: 30 | E13: Blue Jays | F13: Rick Helling | G13: 48 | H13: Blue Jays | I13: Henry Rodriguez | L13: Round 1 | M13: 12 | N13: Blue Jays | O13: Paul Wilson
... A19: 18 | B19: Phillies | C19: Willie Adams | D19: 36 | E19: White Sox | F19: Jamey Wright | G19: 54 | H19: Royals | I19: Mike Grace | L19: Round 1 | M19: 18 | N19: Phillies | O19: Willie Adams
A21: ROUND 4 | D21: ROUND 5 | G21: ROUND 6 | M21: ROUND 2
A22: 55 | B22: Rockies | C22: Amaury Telemaco | D22: 73 | E22: Rockies | F22: Ralph Milliard | G22: 91 | H22: Rockies | I22: Scott Ruffcorn | L22: Round 2 | M22: 19 | N22: Rockies | O22: Wilton Guerrero
A23: 56 | B23: Cardinals | C23: Dario Veras | D23: 74 | E23: Cardinals | F23: Andy Larkin | G23: 92 | H23: Cardinals | I23: Calvin Maduro | L23: Round 2 | M23: 20 | N23: Cardinals | O23: Osvaldo Fernandez
A24: 57 | B24: Astros | C24: Mark Hutton | D24: 75 | E24: Astros | F24: Eddie Guardado | G24: 93 | H24: Astros | I24: Ruben Amaro | L24: Round 2 | M24: 21 | N24: Astros | O24: Jermain Allensworth
A25: 58 | B25: Giants | C25: Darren Dreifort | D25: 76 | E25: Giants | F25: Bobby Estalella | G25: 94 | H25: Phillies | I25: Curtis Pride | L25: Round 2 | M25: 22 | N25: Phillies | O25: Jose Paniagua
A26: 59 | B26: Pirates | C26: Gil Heredia | D26: 77 | E26: Pirates | F26: Kirt Manwaring | G26: 95 | H26: Pirates | I26: Mike Trombley | L26: Round 2 | M26: 23 | N26: Pirates | O26: Luis Castillo
A27: 60 | B27: Mets | C27: Kimera Bartee | D27: 78 | E27: Mets | F27: Jacob Cruz | G27: 96 | H27: Mets | I27: Trot Nixon | L27: Round 2 | M27: 24 | N27: Mets | O27: Dmitri Young
A28: 61 | B28: Twins | C28: Ken Ryan | D28: 79 | E28: White Sox | F28: Eric Ludwick | G28: 97 | H28: Blue Jays | I28: Ricky Otero | L28: Round 2 | M28: 25 | N28: Giants | O28: Livan Hernandez
A29: 62 | B29: Tigers | C29: Barry Manuel | D29: 80 | E29: Tigers | F29: Ernie Young | G29: 98 | H29: Tigers | I29: Mike Bielecki | L29: Round 2 | M29: 26 | N29: Tigers | O29: Justin Thompson
A30: 63 | B30: White Sox | C30: Mark Thompson | D30: 81 | E30: White Sox | F30: Chad Mottola | G30: 99 | H30: White Sox | I30: Billy McMillon | L30: Round 2 | M30: 27 | N30: White Sox | O30: Todd Greene
A31: 64 | B31: Yankees | C31: Jason Dickson | D31: 82 | E31: Yankees | F31: Mark Johnson | G31: 100 | H31: Blue Jays | I31: Huck Flener | L31: Round 2 | M31: 28 | N31: Yankees | O31: Bill Mueller
A32: 65 | B32: Phillies | C32: Matt Beech | D32: 83 | E32: Orioles | F32: Alan Mills | G32: 101 | H32: Padres | I32: Rich Loiselle | L32: Round 2 | M32: 29 | N32: Pirates | O32: Eric Davis
A33: 66 | B33: Blue Jays | C33: Dave Hollins | D33: 84 | E33: Blue Jays | F33: Chris Gomez | G33: 102 | H33: Blue Jays | I33: Jim Bullinger | L33: Round 2 | M33: 30 | N33: Blue Jays | O33: Rick Helling
... A39: 72 | B39: Royals | C39: Chris Holt | D39: 90 | E39: Royals | F39: Billy Taylor | G39: 108 | H39: Twins | I39: Mike Stanton | L39: Round 2 | M39: 36 | N39: White Sox | O39: Jamey Wright
A41: ROUND 7 | D41: ROUND 8 | G41: ROUND 9 | M41: ROUND 3
A42: 109 | B42: Rockies | C42: Ramon Morel | D42: 127 | E42: Rockies | F42: Desi Relaford | G42: 145 | H42: Rockies | I42: Tim Davis | L42: Round 3 | M42: 37 | N42: Rockies | O42: Raul Casanova
A43: 110 | B43: Cardinals | C43: Marvin Benard | D43: 128 | E43: Cardinals | F43: Pep Harris | G43: 146 | H43: Cardinals | I43: Paul Byrd | L43: Round 3 | M43: 38 | N43: Cardinals | O43: Danny Graves
A44: 111 | B44: Astros | C44: Robert Perez | D44: 129 | E44: Astros | F44: Ricardo Jordan | G44: 147 | H44: Astros | I44: Kent Bottenfield | L44: Round 3 | M44: 39 | N44: Astros | O44: F.P. Santangelo
A45: 112 | B45: Phillies | C45: Doug Creek | D45: 130 | E45: Phillies | F45: Archi Cianfrocco | G45: 148 | H45: Phillies | I45: Charlie O'Brien | L45: Round 3 | M45: 40 | N45: Phillies | O45: Marty Janzen
A46: 113 | B46: Pirates | C46: Chris Peters | D46: 131 | E46: Pirates | F46: Jeff Darwin | G46: 149 | H46: Pirates | I46: Damion Easley | L46: Round 3 | M46: 41 | N46: Pirates | O46: Marty Cordova
A47: 114 | B47: Mets | C47: Jay Canizaro | D47: 132 | E47: Mets | F47: Wilson Delgado | G47: 150 | H47: Mets | I47: Brian Banks | L47: Round 3 | M47: 42 | N47: Mets | O47: Trey Beamon
A48: 115 | B48: Phillies | C48: Mark Brandenburg | D48: 133 | E48: Twins | F48: Danny Jackson | G48: 151 | H48: Twins | I48: Bobby Chouinard | L48: Round 3 | M48: 43 | N48: Twins | O48: Mike Holtz
A49: 116 | B49: Tigers | C49: Mike Mohler | D49: 134 | E49: Tigers | F49: Tony Fossas | G49: 152 | H49: Tigers | I49: Tony Graffanino | L49: Round 3 | M49: 44 | N49: Tigers | O49: Kevin Elster
A50: 117 | B50: White Sox | C50: Jose Malave | D50: 135 | E50: White Sox | F50: Mike Williams | G50: 153 | H50: White Sox | I50: Brian Bevil | L50: Round 3 | M50: 45 | N50: White Sox | O50: Curt Lyons
A51: 118 | B51: Yankees | C51: Russ Springer | D51: 136 | E51: Yankees | F51: Doug Linton | G51: 154 | H51: Yankees | I51: Tony Castillo | L51: Round 3 | M51: 46 | N51: Yankees | O51: Julio Franco
A52: 119 | B52: Padres | C52: Bill Haselman | D52: 137 | E52: Padres | F52: Doug Glanville | G52: 155 | H52: Padres | I52: Mark Gardner | L52: Round 3 | M52: 47 | N52: Padres | O52: Tim Worrell
A53: 120 | B53: Blue Jays | C53: Pat Borders | D53: 138 | E53: Blue Jays | F53: Brian Boehringer | G53: 156 | H53: Blue Jays | I53: Cory Bailey | L53: Round 3 | M53: 48 | N53: Blue Jays | O53: Henry Rodriguez
... A59: 126 | B59: Royals | C59: Dan Serafini | D59: 144 | E59: Twins | F59: Pat Mahomes | G59: 162 | H59: Royals | I59: Sean Mulligan | L59: Round 3 | M59: 54 | N59: Royals | O59: Mike Grace
A61: ROUND 10 | D61: ROUND 11 | G61: ROUND 12 | M61: ROUND 4
A62: 163 | B62: Rockies | C62: Ramiro Mendoza | D62: 181 | E62: Rockies | F62: Makoto Suzuki | G62: 199 | H62: Rockies | I62: Josh Booty | L62: Round 4 | M62: 55 | N62: Rockies | O62: Amaury Telemaco
A63: 164 | B63: Cardinals | C63: Marcus Jensen | D63: 182 | E63: Cardinals | F63: Trever Miller | G63: 200 | H63: Cardinals | I63: Brent Bowers | L63: Round 4 | M63: 56 | N63: Cardinals | O63: Dario Veras
A64: 165 | B64: Astros | C64: Mike Campbell | D64: 183 | E64: Astros | F64: Greg McCarthy | G64: 201 | H64: Astros | I64: Dennis Springer | L64: Round 4 | M64: 57 | N64: Astros | O64: Mark Hutton
A65: 166 | B65: Phillies | C65: Damon Mashore | D65: 184 | E65: Phillies | F65: Brett Butler | G65: 202 | H65: Phillies | I65: Eric Owens | L65: Round 4 | M65: 58 | N65: Giants | O65: Darren Dreifort
A66: 167 | B66: Pirates | C66: Angel Echevarria | D66: 185 | E66: Pirates | F66: Mickey Tettleton | G66: 203 | H66: Pirates | I66: Orlando Palmeiro | L66: Round 4 | M66: 59 | N66: Pirates | O66: Gil Heredia
A67: 168 | B67: Mets | C67: Curtis Goodwin | D67: 186 | E67: Mets | F67: Tim Belk | G67: 204 | H67: Mets | I67: Kevin L. Brown | L67: Round 4 | M67: 60 | N67: Mets | O67: Kimera Bartee
A68: 169 | B68: Twins | C68: EstebanYan | D68: 187 | E68: Twins | F68: Stan Javier | G68: 205 | H68: Twins | I68: Rich Garces | L68: Round 4 | M68: 61 | N68: Twins | O68: Ken Ryan
A69: 170 | B69: Tigers | C69: Omar Olivares | D69: 188 | E69: Tigers | F69: Brant Brown | G69: 206 | H69: Tigers | I69: Alvin Morman | L69: Round 4 | M69: 62 | N69: Tigers | O69: Barry Manuel
A70: 171 | B70: Pirates | C70: Keith Osik | D70: 189 | E70: White Sox | F70: Doug Johns | G70: 207 | H70: White Sox | I70: Miguel Cairo | L70: Round 4 | M70: 63 | N70: White Sox | O70: Mark Thompson
A71: 172 | B71: Yankees | C71: Stan Belinda | D71: 190 | E71: Yankees | F71: Rich Delucia | G71: 208 | H71: Yankees | I71: Jason Christiansen | L71: Round 4 | M71: 64 | N71: Yankees | O71: Jason Dickson
A72: 173 | B72: Padres | C72: Dave Pavlas | D72: 191 | E72: Padres | F72: Brady Anderson | G72: 209 | H72: Padres | I72: Tony Tarasco | L72: Round 4 | M72: 65 | N72: Phillies | O72: Matt Beech
A73: 174 | B73: Blue Jays | C73: Damon Buford | D73: 192 | E73: Blue Jays | F73: Wayne Kirby | G73: 210 | H73: Blue Jays | I73: Jose Parra | L73: Round 4 | M73: 66 | N73: Blue Jays | O73: Dave Hollins
... A79: 180 | B79: Royals | C79: Todd Dunn | D79: 198 | E79: Royals | F79: Mark Gubicza | G79: 216 | H79: Royals | I79: C.J. Nitkowski | L79: Round 4 | M79: 72 | N79: Royals | O79: Chris Holt
M81: ROUND 5
L82: Round 5 | M82: 127 | N82: Rockies | O82: Ralph Milliard
L83: Round 5 | M83: 128 | N83: Cardinals | O83: Andy Larkin
L84: Round 5 | M84: 129 | N84: Astros | O84: Eddie Guardado
L85: Round 5 | M85: 130 | N85: Giants | O85: Bobby Estalella
L86: Round 5 | M86: 131 | N86: Pirates | O86: Kirt Manwaring
L87: Round 5 | M87: 132 | N87: Mets | O87: Jacob Cruz
L88: Round 5 | M88: 133 | N88: White Sox | O88: Eric Ludwick
L89: Round 5 | M89: 134 | N89: Tigers | O89: Ernie Young
L90: Round 5 | M90: 135 | N90: White Sox | O90: Chad Mottola
L91: Round 5 | M91: 136 | N91: Yankees | O91: Mark Johnson
L92: Round 5 | M92: 137 | N92: Orioles | O92: Alan Mills
L93: Round 5 | M93: 138 | N93: Blue Jays | O93: Chris Gomez
... L99: Round 5 | M99: 144 | N99: Royals | O99: Billy Taylor
M101: ROUND 6
L102: Round 6 | M102: 91 | N102: Rockies | O102: Scott Ruffcorn
L103: Round 6 | M103: 92 | N103: Cardinals | O103: Calvin Maduro
L104: Round 6 | M104: 93 | N104: Astros | O104: Ruben Amaro
L105: Round 6 | M105: 94 | N105: Phillies | O105: Curtis Pride
L106: Round 6 | M106: 95 | N106: Pirates | O106: Mike Trombley
L107: Round 6 | M107: 96 | N107: Mets | O107: Trot Nixon
L108: Round 6 | M108: 97 | N108: Blue Jays | O108: Ricky Otero
L109: Round 6 | M109: 98 | N109: Tigers | O109: Mike Bielecki
L110: Round 6 | M110: 99 | N110: White Sox | O110: Billy McMillon
L111: Round 6 | M111: 100 | N111: Blue Jays | O111: Huck Flener
L112: Round 6 | M112: 101 | N112: Padres | O112: Rich Loiselle
L113: Round 6 | M113: 102 | N113: Blue Jays | O113: Jim Bullinger
... L119: Round 6 | M119: 108 | N119: Twins | O119: Mike Stanton
M121: ROUND 7
L122: Round 7 | M122: 109 | N122: Rockies | O122: Ramon Morel
L123: Round 7 | M123: 110 | N123: Cardinals | O123: Marvin Benard
L124: Round 7 | M124: 111 | N124: Astros | O124: Robert Perez
L125: Round 7 | M125: 112 | N125: Phillies | O125: Doug Creek
L126: Round 7 | M126: 113 | N126: Pirates | O126: Chris Peters
L127: Round 7 | M127: 114 | N127: Mets | O127: Jay Canizaro
L128: Round 7 | M128: 115 | N128: Phillies | O128: Mark Brandenburg
L129: Round 7 | M129: 116 | N129: Tigers | O129: Mike Mohler
L130: Round 7 | M130: 117 | N130: White Sox | O130: Jose Malave
L131: Round 7 | M131: 118 | N131: Yankees | O131: Russ Springer
L132: Round 7 | M132: 119 | N132: Padres | O132: Bill Haselman
L133: Round 7 | M133: 120 | N133: Blue Jays | O133: Pat Borders
... L139: Round 7 | M139: 126 | N139: Royals | O139: Dan Serafini
M141: ROUND 8
L142: Round 8 | M142: 127 | N142: Rockies | O142: Desi Relaford
...

Sheet 1998
A1: ROUND 1 | D1: ROUND 2 | G1: ROUND 3 | M1: ROUND 1
A2: 1 | B2: White Sox | C2: Ben Grieve | D2: 21 | E2: Royals | F2: Richard Hildalgo | G2: 41 | H2: Athletics | I2: John Thomson | L2: Round 1 | M2: 1 | N2: White Sox | O2: Ben Grieve
A3: 2 | B3: Phillies | C3: Jose Cruz, Jr. | D3: 22 | E3: Mariners | F3: Deivi Cruz | G3: 42 | H3: Mariners | I3: Dennys Reyes | L3: Round 1 | M3: 2 | N3: Phillies | O3: Jose Cruz, Jr.
A4: 3 | B4: Mets | C4: Paul Konerko | D4: 23 | E4: White Sox | F4: Bartolo Colon | G4: 43 | H4: White Sox | I4: Tom Evans | L4: Round 1 | M4: 3 | N4: Mets | O4: Paul Konerko
A5: 4 | B5: Cardinals | C5: Jaret Wright | D5: 24 | E5: Giants | F5: Orlando Cabrera | G5: 44 | H5: Giants | I5: David Ortiz | L5: Round 1 | M5: 4 | N5: Cardinals | O5: Jaret Wright
A6: 5 | B6: Rockies | C6: Matt Morris | D6: 25 | E6: Mets | F6: Tony Saunders | G6: 45 | H6: Mets | I6: Jeff Abbott | L6: Round 1 | M6: 5 | N6: Rockies | O6: Matt Morris
A7: 6 | B7: Orioles | C7: Todd Helton | D7: 26 | E7: Cardinals | F7: Chris Carpenter | G7: 46 | H7: Cardinals | I7: Mario Valdez | L7: Round 1 | M7: 6 | N7: Orioles | O7: Todd Helton
A8: 7 | B8: Blue Jays | C8: Miguel Tejada | D8: 27 | E8: Rockies | F8: Manny Aybar | G8: 47 | H8: Rockies | I8: Jose Mercedes | L8: Round 1 | M8: 7 | N8: Blue Jays | O8: Miguel Tejada
A9: 8 | B9: Yankees | C9: Brett Tomko | D9: 28 | E9: Tigers | F9: Garrett Stephenson | G9: 48 | H9: Tigers | I9: Lee Stevens | L9: Round 1 | M9: 8 | N9: Yankees | O9: Brett Tomko
A10: 9 | B10: Phillies | C10: Jose Guillan | D10: 29 | E10: Blue Jays | F10: Michael Coleman | G10: 49 | H10: Blue Jays | I10: Mike Judd | L10: Round 1 | M10: 9 | N10: Phillies | O10: Jose Guillan
A11: 10 | B11: Astros | C11: Rick Reed | D11: 30 | E11: Expos | F11: Sean Casey | G11: 50 | H11: Yankees | I11: Oscar Henriquez | L11: Round 1 | M11: 10 | N11: Astros | O11: Rick Reed
A12: 11 | B12: Reds | C12: Kevin Orie | D12: 31 | E12: Giants | F12: Abraham Nunez | G12: 51 | H12: Mets | I12: Craig Counsell | L12: Round 1 | M12: 11 | N12: Reds | O12: Kevin Orie
A13: 12 | B13: Orioles | C13: Eli Marrero | D13: 32 | E13: Astros | F13: Geremi Gonzalez | G13: 52 | H13: Astros | I13: Turner Ward | L13: Round 1 | M13: 12 | N13: Orioles | O13: Eli Marrero
... A21: 20 | B21: Athletics | C21: Todd Dunwoody | D21: 40 | E21: Pirates | F21: Kevin Millwood | G21: 60 | H21: Mets | I21: Frank Catalanotto | L21: Round 1 | M21: 20 | N21: Athletics | O21: Todd Dunwoody
A23: ROUND 4 | D23: ROUND 5 | G23: ROUND 6 | M23: ROUND 2
A24: 61 | B24: Mariners | C24: Adrian Brown | D24: 81 | E24: Padres | F24: Anthony Telford | G24: 101 | H24: Mariners | I24: Jed Hansen | L24: Round 2 | M24: 21 | N24: Royals | O24: Richard Hildalgo
A25: 62 | B25: Athletics | C25: Kevin Young | D25: 82 | E25: Mariners | F25: Freddy Garcia | G25: 102 | H25: Athletics | I25: Marc Pisciotta | L25: Round 2 | M25: 22 | N25: Mariners | O25: Deivi Cruz
A26: 63 | B26: White Sox | C26: Matt Perisho | D26: 83 | E26: White Sox | F26: Brad Rigby | G26: 103 | H26: Twins | I26: Mark Smith | L26: Round 2 | M26: 23 | N26: White Sox | O26: Bartolo Colon
A27: 64 | B27: Phillies | C27: Javier Valentin | D27: 84 | E27: Phillies | F27: Bubba Trammell | G27: 104 | H27: Phillies | I27: Shane Halter | L27: Round 2 | M27: 24 | N27: Giants | O27: Orlando Cabrera
A28: 65 | B28: Mets | C28: David Delluci | D28: 85 | E28: Mets | F28: Dante Powell | G28: 105 | H28: Mets | I28: Wilson Heredia | L28: Round 2 | M28: 25 | N28: Mets | O28: Tony Saunders
A29: 66 | B29: Cardinals | C29: Brent Brede | D29: 86 | E29: Cardinals | F29: Joel Adamson | G29: 106 | H29: Cardinals | I29: Denny Hocking | L29: Round 2 | M29: 26 | N29: Cardinals | O29: Chris Carpenter
A30: 67 | B30: Rockies | C30: Brian Moehler | D30: 87 | E30: Rockies | F30: Hideki Irabu | G30: 107 | H30: Rockies | I30: Jason Johnson | L30: Round 2 | M30: 27 | N30: Rockies | O30: Manny Aybar
A31: 68 | B31: Tigers | C31: Scott Sullivan | D31: 88 | E31: Tigers | F31: Marc Wilikins | G31: 108 | H31: Royals | I31: Felix Martinez | L31: Round 2 | M31: 28 | N31: Tigers | O31: Garrett Stephenson
A32: 69 | B32: Blue Jays | C32: Carlos Castillo | D32: 89 | E32: Blue Jays | F32: Albie Lopez | G32: 109 | H32: Blue Jays | I32: Jose Vidro | L32: Round 2 | M32: 29 | N32: Blue Jays | O32: Michael Coleman
A33: 70 | B33: Yankees | C33: Mike Difelice | D33: 90 | E33: Yankees | F33: Scott Eyre | G33: 110 | H33: Yankees | I33: Hanley Frias | L33: Round 2 | M33: 30 | N33: Expos | O33: Sean Casey
A34: 71 | B34: Indians | C34: Tony Fernandez | D34: 91 | E34: Giants | F34: Mike Johnson | G34: 111 | H34: Twins | I34: Luis Sojo | L34: Round 2 | M34: 31 | N34: Giants | O34: Abraham Nunez
A35: 72 | B35: Astros | C35: Bill Spiers | D35: 92 | E35: Astros | F35: Ron Mahay | G35: 112 | H35: Astros | I35: Eric Gunderson | L35: Round 2 | M35: 32 | N35: Astros | O35: Geremi Gonzalez
... A43: 80 | B43: Reds | C43: Joe Crawford | D43: 100 | E43: White Sox | F43: Cory Lidle | G43: 120 | H43: Mets | I43: Carlos Alamanzar | L43: Round 2 | M43: 40 | N43: Pirates | O43: Kevin Millwood
A45: ROUND 7 | D45: ROUND 8 | G45: ROUND 9 | M45: ROUND 3
A46: 121 | B46: Twins | C46: Keith Foulke | D46: 141 | E46: Mariners | F46: Lou Collier | G46: 161 | H46: Athletics | I46: Jerry Spradlin | L46: Round 3 | M46: 41 | N46: Athletics | O46: John Thomson
A47: 122 | B47: Mariners | C47: Kevin Polcivich | D47: 142 | E47: Athletics | F47: Brian Bohanon | G47: 162 | H47: Mariners | I47: Wayne Gomes | L47: Round 3 | M47: 42 | N47: Mariners | O47: Dennys Reyes
A48: 123 | B48: White Sox | C48: Jeff Wallace | D48: 143 | E48: White Sox | F48: Mike Morgan | G48: 163 | H48: White Sox | I48: Chad Maduro | L48: Round 3 | M48: 43 | N48: White Sox | O48: Tom Evans
A49: 124 | B49: Phillies | C49: Derek Lowe | D49: 144 | E49: Phillies | F49: Brian Raabe | G49: 164 | H49: Phillies | I49: Tony Barron | L49: Round 3 | M49: 44 | N49: Giants | O49: David Ortiz
A50: 125 | B50: Mets | C50: Julio Santana | D50: 145 | E50: Mets | F50: Adam Riggs | G50: 165 | H50: Mets | I50: Robby Stanifer | L50: Round 3 | M50: 45 | N50: Mets | O50: Jeff Abbott
A51: 126 | B51: Cardinals | C51: Tom Pagnozzi | D51: 146 | E51: Cardinals | F51: Homer Bush | G51: 166 | H51: Cardinals | I51: Ron Blazier | L51: Round 3 | M51: 46 | N51: Cardinals | O51: Mario Valdez
A52: 127 | B52: Rockies | C52: Randall Simon | D52: 147 | E52: Rockies | F52: Rick Gorecki | G52: 167 | H52: Rockies | I52: Dan Carlson | L52: Round 3 | M52: 47 | N52: Rockies | O52: Jose Mercedes
A53: 128 | B53: Tigers | C53: A.J. Sager | D53: 148 | E53: Tigers | F53: Carlos Hernandez | G53: 168 | H53: Tigers | I53: Dave Magadan | L53: Round 3 | M53: 48 | N53: Tigers | O53: Lee Stevens
A54: 129 | B54: Blue Jays | C54: Jim Crowell | D54: 149 | E54: Blue Jays | F54: Will Cunnane | G54: 169 | H54: Blue Jays | I54: Shane Mack | L54: Round 3 | M54: 49 | N54: Blue Jays | O54: Mike Judd
A55: 130 | B55: Yankees | C55: Aaron Small | D55: 150 | E55: Yankees | F55: Deion Sanders | G55: 170 | H55: Yankees | I55: Greg Norton | L55: Round 3 | M55: 50 | N55: Yankees | O55: Oscar Henriquez
A56: 131 | B56: Giants | C56: Richie Sexson | D56: 151 | E56: Giants | F56: Scott Winchester | G56: 171 | H56: Giants | I56: Phil Nevin | L56: Round 3 | M56: 51 | N56: Mets | O56: Craig Counsell
A57: 132 | B57: Astros | C57: Roger Bailey | D57: 152 | E57: Astros | F57: Kerry Ligtenberg | G57: 172 | H57: Astros | I57: Tripp Cromer | L57: Round 3 | M57: 52 | N57: Astros | O57: Turner Ward
... A65: 140 | B65: Twins | C65: Larry Sutton | D65: 160 | E65: Twins | F65: Todd Pratt | G65: 180 | H65: Twins | I65: Eric Moody | L65: Round 3 | M65: 60 | N65: Mets | O65: Frank Catalanotto
A67: ROUND 10 | D67: ROUND 11 | G67: ROUND 12 | M67: ROUND 4
A68: 181 | B68: Mariners | C68: Danny Clyburn | D68: 201 | E68: Athletics | F68: Manuel Barrio | G68: 221 | H68: Mariners | I68: Todd Lowery | L68: Round 4 | M68: 61 | N68: Mariners | O68: Adrian Brown
A69: 182 | B69: Athletics | C69: Paul Quantrill | D69: 202 | E69: Mariners | F69: Todd Ritchie | G69: 222 | H69: Athletics | I69: Andy Sheets | L69: Round 4 | M69: 62 | N69: Athletics | O69: Kevin Young
A70: 183 | B70: White Sox | C70: John LeRoy | D70: 203 | E70: White Sox | F70: Jim Bullinger | G70: 223 | H70: White Sox | I70: Mike Mohler | L70: Round 4 | M70: 63 | N70: White Sox | O70: Matt Perisho
A71: 184 | B71: Phillies | C71: Ramon Tatis | D71: 204 | E71: Phillies | F71: Rich Rodriguez | G71: 224 | H71: Phillies | I71: Buddy Groom | L71: Round 4 | M71: 64 | N71: Phillies | O71: Javier Valentin
A72: 185 | B72: Mets | C72: Angelo Encarnacion | D72: 205 | E72: Mets | F72: Joe Hudson | G72: 225 | H72: Mets | I72: Pete Smith | L72: Round 4 | M72: 65 | N72: Mets | O72: David Delluci
A73: 186 | B73: Cardinals | C73: Einar Diaz | D73: 206 | E73: Cardinals | F73: Brian Lesher | G73: 226 | H73: Cardinals | I73: Ricky Otero | L73: Round 4 | M73: 66 | N73: Cardinals | O73: Brent Brede
A74: 187 | B74: Rockies | C74: George Williams | D74: 207 | E74: Expos | F74: Hipolito Pichardo | G74: 227 | H74: Expos | I74: Brook Fordyce | L74: Round 4 | M74: 67 | N74: Rockies | O74: Brian Moehler
A75: 188 | B75: Tigers | C75: Curtis King | D75: 208 | E75: Tigers | F75: Manny Alexander | G75: 228 | H75: Tigers | I75: Randy Veres | L75: Round 4 | M75: 68 | N75: Tigers | O75: Scott Sullivan
A76: 189 | B76: Blue Jays | C76: Luis Lopez | D76: 209 | E76: Blue Jays | F76: Clint Sodowsky | G76: 229 | H76: Blue Jays | I76: Ken Robinson | L76: Round 4 | M76: 69 | N76: Blue Jays | O76: Carlos Castillo
A77: 190 | B77: Yankees | C77: Carlos Mendoza | D77: 210 | E77: Yankees | F77: Chris Latham | G77: 230 | H77: Yankees | I77: Domingo Cedeno | L77: Round 4 | M77: 70 | N77: Yankees | O77: Mike Difelice
A78: 191 | B78: Expos | C78: Luis Ordaz | D78: 211 | E78: Giants | F78: Mike Matheny | G78: 231 | H78: Giants | I78: Kevin Ritz | L78: Round 4 | M78: 71 | N78: Indians | O78: Tony Fernandez
A79: 192 | B79: Astros | C79: Dave Hansen | D79: 212 | E79: Astros | F79: Mike Perez | G79: 232 | H79: Astros | I79: John Ericks | L79: Round 4 | M79: 72 | N79: Astros | O79: Bill Spiers
... A87: 200 | B87: Twins | C87: Torii Hunter | D87: 220 | E87: Twins | F87: Antone Williamson | G87: 240 | H87: Twins | I87: Mike Thurman | L87: Round 4 | M87: 80 | N87: Reds | O87: Joe Crawford
M89: ROUND 5
L90: Round 5 | M90: 81 | N90: Padres | O90: Anthony Telford
L91: Round 5 | M91: 82 | N91: Mariners | O91: Freddy Garcia
L92: Round 5 | M92: 83 | N92: White Sox | O92: Brad Rigby
L93: Round 5 | M93: 84 | N93: Phillies | O93: Bubba Trammell
L94: Round 5 | M94: 85 | N94: Mets | O94: Dante Powell
L95: Round 5 | M95: 86 | N95: Cardinals | O95: Joel Adamson
L96: Round 5 | M96: 87 | N96: Rockies | O96: Hideki Irabu
L97: Round 5 | M97: 88 | N97: Tigers | O97: Marc Wilikins
L98: Round 5 | M98: 89 | N98: Blue Jays | O98: Albie Lopez
L99: Round 5 | M99: 90 | N99: Yankees | O99: Scott Eyre
L100: Round 5 | M100: 91 | N100: Giants | O100: Mike Johnson
L101: Round 5 | M101: 92 | N101: Astros | O101: Ron Mahay
... L109: Round 5 | M109: 100 | N109: White Sox | O109: Cory Lidle
M111: ROUND 6
L112: Round 6 | M112: 101 | N112: Mariners | O112: Jed Hansen
L113: Round 6 | M113: 102 | N113: Athletics | O113: Marc Pisciotta
L114: Round 6 | M114: 103 | N114: Twins | O114: Mark Smith
L115: Round 6 | M115: 104 | N115: Phillies | O115: Shane Halter
L116: Round 6 | M116: 105 | N116: Mets | O116: Wilson Heredia
L117: Round 6 | M117: 106 | N117: Cardinals | O117: Denny Hocking
L118: Round 6 | M118: 107 | N118: Rockies | O118: Jason Johnson
L119: Round 6 | M119: 108 | N119: Royals | O119: Felix Martinez
L120: Round 6 | M120: 109 | N120: Blue Jays | O120: Jose Vidro
L121: Round 6 | M121: 110 | N121: Yankees | O121: Hanley Frias
L122: Round 6 | M122: 111 | N122: Twins | O122: Luis Sojo
L123: Round 6 | M123: 112 | N123: Astros | O123: Eric Gunderson
... L131: Round 6 | M131: 120 | N131: Mets | O131: Carlos Alamanzar
M133: ROUND 7
L134: Round 7 | M134: 121 | N134: Twins | O134: Keith Foulke
L135: Round 7 | M135: 122 | N135: Mariners | O135: Kevin Polcivich
L136: Round 7 | M136: 123 | N136: White Sox | O136: Jeff Wallace
L137: Round 7 | M137: 124 | N137: Phillies | O137: Derek Lowe
L138: Round 7 | M138: 125 | N138: Mets | O138: Julio Santana
L139: Round 7 | M139: 126 | N139: Cardinals | O139: Tom Pagnozzi
L140: Round 7 | M140: 127 | N140: Rockies | O140: Randall Simon
L141: Round 7 | M141: 128 | N141: Tigers | O141: A.J. Sager
L142: Round 7 | M142: 129 | N142: Blue Jays | O142: Jim Crowell
L143: Round 7 | M143: 130 | N143: Yankees | O143: Aaron Small
L144: Round 7 | M144: 131 | N144: Giants | O144: Richie Sexson
L145: Round 7 | M145: 132 | N145: Astros | O145: Roger Bailey
... L153: Round 7 | M153: 140 | N153: Twins | O153: Larry Sutton
M155: ROUND 8
L156: Round 8 | M156: 141 | N156: Mariners | O156: Lou Collier
...

Sheet 1999
A1: ROUND 1 | D1: ROUND 2 | G1: ROUND 3 | M1: ROUND 1
A2: 1 | B2: Giants | C2: J.D. Drew | D2: 21 | E2: White Sox | F2: Calvin Pickering | G2: 41 | H2: Athletics | I2: Odalis Perez | L2: Round 1 | M2: 1 | N2: Giants | O2: J.D. Drew
A3: 2 | B3: Giants | C3: Travis Lee | D3: 22 | E3: Padres | F3: A.J. Hinch | G3: 42 | H3: Twins | I3: Mitch Melusky | L3: Round 1 | M3: 2 | N3: Giants | O3: Travis Lee
A4: 3 | B4: Giants | C4: Adrian Beltre | D4: 23 | E4: Orioles | F4: Ron Belliard | G4: 43 | H4: Pirates | I4: Mike Williams | L4: Round 1 | M4: 3 | N4: Giants | O4: Adrian Beltre
A5: 4 | B5: Twins | C5: Kerry Wood | D5: 24 | E5: Rockies | F5: Ryan Christenson | G5: 44 | H5: Giants | I5: Braden Looper | L5: Round 1 | M5: 4 | N5: Twins | O5: Kerry Wood
A6: 5 | B6: Mariners | C6: Eric Chavez | D6: 25 | E6: Mariners | F6: Javier Vazquez | G6: 45 | H6: Mariners | I6: Randy Winn | L6: Round 1 | M6: 5 | N6: Mariners | O6: Eric Chavez
A7: 6 | B7: Blue Jays | C7: Carl Pavano | D7: 26 | E7: Giants | F7: Jeremy Giambi | G7: 46 | H7: Blue Jays | I7: Bob Fick | L7: Round 1 | M7: 6 | N7: Blue Jays | O7: Carl Pavano
A8: 7 | B8: Rockies | C8: Bruce Chen | D8: 27 | E8: Rockies | F8: Marlon Anderson | G8: 47 | H8: Rockies | I8: Eric Milton | L8: Round 1 | M8: 7 | N8: Rockies | O8: Bruce Chen
A9: 8 | B9: Reds | C9: Troy Glaus | D9: 28 | E9: Reds | F9: Michael Barrett | G9: 48 | H9: Reds | I9: Russ Ortiz | L9: Round 1 | M9: 8 | N9: Reds | O9: Troy Glaus
A10: 9 | B10: Mets | C10: Aramis Ramirez | D10: 29 | E10: Mets | F10: Gabe Kapler | G10: 49 | H10: Mets | I10: Jarrod Washburn | L10: Round 1 | M10: 9 | N10: Mets | O10: Aramis Ramirez
A11: 10 | B11: Expos | C11: Rolando Arrojo | D11: 30 | E11: Expos | F11: Roy Halliday | G11: 50 | H11: Expos | I11: Jeff Tabaka | L11: Round 1 | M11: 10 | N11: Expos | O11: Rolando Arrojo
A12: 11 | B12: Phillies | C12: Orlando Hernandez | D12: 31 | E12: Giants | F12: Matt Anderson | G12: 51 | H12: Phillies | I12: Rafael Medina | L12: Round 1 | M12: 11 | N12: Phillies | O12: Orlando Hernandez
A13: 12 | B13: Astros | C13: Mike Caruso | D13: 32 | E13: Mets | F13: Derrick Gibson | G13: 52 | H13: Astros | I13: Bobby Smith | L13: Round 1 | M13: 12 | N13: Astros | O13: Mike Caruso
... A21: 20 | B21: Orioles | C21: George Lombard | D21: 40 | E21: Cardinals | F21: John Rocker | G21: 60 | H21: Orioles | I21: Ryan Bradley | L21: Round 1 | M21: 20 | N21: Orioles | O21: George Lombard
A23: ROUND 4 | D23: ROUND 5 | G23: ROUND 6 | M23: ROUND 2
A24: 61 | B24: White Sox | C24: Seth Greisinger | D24: 81 | E24: White Sox | F24: John Halama | G24: 101 | H24: Athletics | I24: Ben Ford | L24: Round 2 | M24: 21 | N24: White Sox | O24: Calvin Pickering
A25: 62 | B25: Cardinals | C25: Valerio De Los Santos | D25: 82 | E25: Mets | F25: Geoff Jenkins | G25: 102 | H25: Cardinals | I25: Kelly Stinnett | L25: Round 2 | M25: 22 | N25: Padres | O25: A.J. Hinch
A26: 63 | B26: Giants | C26: Jim Parque | D26: 83 | E26: Phillies | F26: Shae Monahan | G26: 103 | H26: Giants | I26: Mark Johnson | L26: Round 2 | M26: 23 | N26: Orioles | O26: Ron Belliard
A27: 64 | B27: Athletics | C27: Corey Koskie | D27: 84 | E27: Expos | F27: Craig Wilson | G27: 104 | H27: Athletics | I27: Paul Bako | L27: Round 2 | M27: 24 | N27: Rockies | O27: Ryan Christenson
A28: 65 | B28: Mariners | C28: Doug Mientkiewicz | D28: 85 | E28: Mariners | F28: Brant Brown | G28: 105 | H28: Mariners | I28: Vladimir Nunez | L28: Round 2 | M28: 25 | N28: Mariners | O28: Javier Vazquez
A29: 66 | B29: Mariners | C29: Danny Klassen | D29: 86 | E29: Blue Jays | F29: Mike Simms | G29: 106 | H29: Blue Jays | I29: Edgard Clemente | L29: Round 2 | M29: 26 | N29: Giants | O29: Jeremy Giambi
A30: 67 | B30: Rockies | C30: Armando Rios | D30: 87 | E30: Rockies | F30: Gabe Alvarez | G30: 107 | H30: Rockies | I30: Blake Stein | L30: Round 2 | M30: 27 | N30: Rockies | O30: Marlon Anderson
A31: 68 | B31: Reds | C31: Alex Ramirez | D31: 88 | E31: Giants | F31: Benj Sampson | G31: 108 | H31: Reds | I31: Ben Molina | L31: Round 2 | M31: 28 | N31: Reds | O31: Michael Barrett
A32: 69 | B32: Mets | C32: Dermal Brown | D32: 89 | E32: Mets | F32: Ryan Minor | G32: 109 | H32: Mets | I32: Joe Fonenot | L32: Round 2 | M32: 29 | N32: Mets | O32: Gabe Kapler
A33: 70 | B33: Expos | C33: Daryle Ward | D33: 90 | E33: Phillies | F33: Bill Haselman | G33: 110 | H33: Expos | I33: Vic Darensbourg | L33: Round 2 | M33: 30 | N33: Expos | O33: Roy Halliday
A34: 71 | B34: Phillies | C34: Carlton Loewer | D34: 91 | E34: Phillies | F34: Masato Yoshii | G34: 111 | H34: Phillies | I34: Brian Powell | L34: Round 2 | M34: 31 | N34: Giants | O34: Matt Anderson
A35: 72 | B35: Mets | C35: Kevin Witt | D35: 92 | E35: Mets | F35: Placido Polanco | G35: 112 | H35: Astros | I35: Trenidad Hubbard | L35: Round 2 | M35: 32 | N35: Mets | O35: Derrick Gibson
... A43: 80 | B43: Orioles | C43: Brian Simmons | D43: 100 | E43: Orioles | F43: Dave Berg | G43: 120 | H43: Orioles | I43: Javier Martinez | L43: Round 2 | M43: 40 | N43: Cardinals | O43: John Rocker
A45: ROUND 7 | D45: ROUND 8 | G45: ROUND 9 | M45: ROUND 3
A46: 121 | B46: White Sox | C46: A.J. Pierzynski | D46: 141 | E46: White Sox | F46: Jonathan Johnson | G46: 161 | H46: White Sox | I46: Scott McClain | L46: Round 3 | M46: 41 | N46: Athletics | O46: Odalis Perez
A47: 122 | B47: Cardinals | C47: Mike Redmond | D47: 142 | E47: Padres | F47: Marvin Bernard | G47: 162 | H47: Cardinals | I47: Alex Arias | L47: Round 3 | M47: 42 | N47: Twins | O47: Mitch Melusky
A48: 123 | B48: Giants | C48: Jeff Kubenka | D48: 143 | E48: Giants | F48: Lariel Gonzalez | G48: 163 | H48: Giants | I48: Dean Crow | L48: Round 3 | M48: 43 | N48: Pirates | O48: Mike Williams
A49: 124 | B49: Athletics | C49: Xavier Hernandez | D49: 144 | E49: Athletics | F49: Bobby Jones | G49: 164 | H49: White Sox | I49: Phil Nevin | L49: Round 3 | M49: 44 | N49: Giants | O49: Braden Looper
A50: 125 | B50: Mariners | C50: Miguel Batista | D50: 145 | E50: Mariners | F50: Pat Watkins | G50: 165 | H50: Mariners | I50: Sean Runyan | L50: Round 3 | M50: 45 | N50: Mariners | O50: Randy Winn
A51: 126 | B51: Blue Jays | C51: Willis Olanez | D51: 146 | E51: Mariners | F51: Terry Jones | G51: 166 | H51: Blue Jays | I51: Juan Castro | L51: Round 3 | M51: 46 | N51: Blue Jays | O51: Bob Fick
A52: 127 | B52: Rockies | C52: Sal Fasano | D52: 147 | E52: Rockies | F52: Bobby Hughes | G52: 167 | H52: Rockies | I52: Bret Mayne | L52: Round 3 | M52: 47 | N52: Rockies | O52: Eric Milton
A53: 128 | B53: Reds | C53: Rich Croushore | D53: 148 | E53: Reds | F53: Rich Delucia | G53: 168 | H53: Reds | I53: Wil Cordero | L53: Round 3 | M53: 48 | N53: Reds | O53: Russ Ortiz
A54: 129 | B54: Mets | C54: Kerry Robinson | D54: 149 | E54: Mets | F54: Alex Cora | G54: 169 | H54: Mets | I54: Edwin Diaz | L54: Round 3 | M54: 49 | N54: Mets | O54: Jarrod Washburn
A55: 130 | B55: Expos | C55: Jeremy Powell | D55: 150 | E55: Expos | F55: Brian Barber | G55: 170 | H55: Expos | I55: Jesse Levis | L55: Round 3 | M55: 50 | N55: Expos | O55: Jeff Tabaka
A56: 131 | B56: Phillies | C56: Jose Jimenez | D56: 151 | E56: Phillies | F56: Rafael Roque | G56: 171 | H56: Phillies | I56: Damian Miller | L56: Round 3 | M56: 51 | N56: Phillies | O56: Rafael Medina
A57: 132 | B57: Astros | C57: Gil Heredia | D57: 152 | E57: Astros | F57: Lou Merloni | G57: 172 | H57: Astros | I57: Gary Bennett | L57: Round 3 | M57: 52 | N57: Astros | O57: Bobby Smith
... A65: 140 | B65: Orioles | C65: C.J. Nitkowski | D65: 160 | E65: Orioles | F65: Yorkis Perez | G65: 180 | H65: Orioles | I65: Alberto Castillo | L65: Round 3 | M65: 60 | N65: Orioles | O65: Ryan Bradley
A67: ROUND 10 | D67: ROUND 11 | G67: ROUND 12 | M67: ROUND 4
A68: 181 | B68: White Sox | C68: Darryl Strawberry | D68: 201 | E68: White Sox | F68: Trey Moore | G68: 221 | H68: White Sox | I68: Jose Santiago | L68: Round 4 | M68: 61 | N68: White Sox | O68: Seth Greisinger
A69: 182 | B69: Cardinals | C69: Chris Prichett | D69: 202 | E69: Cardinals | F69: Angel Echevarria | G69: 222 | H69: Cardinals | I69: Tim Laker | L69: Round 4 | M69: 62 | N69: Cardinals | O69: Valerio De Los Santos
A70: 183 | B70: Giants | C70: Dan Serafini | D70: 203 | E70: Giants | F70: Mark Langston | G70: 223 | H70: Giants | I70: Bill Swift | L70: Round 4 | M70: 63 | N70: Giants | O70: Jim Parque
A71: 184 | B71: Athletics | C71: Russ Springer | D71: 204 | E71: Athletics | F71: Jim Stoops | G71: 224 | H71: Twins | I71: Jose Vidro | L71: Round 4 | M71: 64 | N71: Athletics | O71: Corey Koskie
A72: 185 | B72: Mariners | C72: Travis Baptist | D72: 205 | E72: Mariners | F72: Jay Tessmer | G72: 225 | H72: Mariners | I72: Paul Spoljaric | L72: Round 4 | M72: 65 | N72: Mariners | O72: Doug Mientkiewicz
A73: 186 | B73: Blue Jays | C73: Roberto Petagine | D73: 206 | E73: Blue Jays | F73: Rich Garces | G73: 226 | H73: Blue Jays | I73: Greg Swindell | L73: Round 4 | M73: 66 | N73: Mariners | O73: Danny Klassen
A74: 187 | B74: Rockies | C74: Scott Service | D74: 207 | E74: Rockies | F74: T.J. Mathews | G74: 227 | H74: Expos | I74: Luis Andujar | L74: Round 4 | M74: 67 | N74: Rockies | O74: Armando Rios
A75: 188 | B75: Reds | C75: Mike Maddux | D75: 208 | E75: Reds | F75: Bill Risley | G75: 228 | H75: Reds | I75: Marc Piscioffa | L75: Round 4 | M75: 68 | N75: Reds | O75: Alex Ramirez
A76: 189 | B76: Mets | C76: Mark Little | D76: 209 | E76: Mets | F76: Stephen Larkin | G76: 229 | H76: Mets | I76: Ryan Dempster | L76: Round 4 | M76: 69 | N76: Mets | O76: Dermal Brown
A77: 190 | B77: Expos | C77: Garrett Stephenson | D77: 210 | E77: Expos | F77: Jason Rakers | G77: 230 | H77: Expos | I77: Geronimo Berroa | L77: Round 4 | M77: 70 | N77: Expos | O77: Daryle Ward
A78: 191 | B78: Phillies | C78: Bronswell Patrick | D78: 211 | E78: Phillies | F78: Curtis Leskanic | G78: 231 | H78: Phillies | I78: Kennie Steenstra | L78: Round 4 | M78: 71 | N78: Phillies | O78: Carlton Loewer
A79: 192 | B79: Astros | C79: Rick White | D79: 212 | E79: Astros | F79: Jerome Walton | G79: 232 | H79: Astros | I79: Mark Dalesandro | L79: Round 4 | M79: 72 | N79: Mets | O79: Kevin Witt
... A87: 200 | B87: Orioles | C87: Kurt Miller | D87: 220 | E87: Orioles | F87: Bryan Corey | G87: 240 | H87: Orioles | I87: Jeff Tam | L87: Round 4 | M87: 80 | N87: Orioles | O87: Brian Simmons
M89: ROUND 5
L90: Round 5 | M90: 81 | N90: White Sox | O90: John Halama
L91: Round 5 | M91: 82 | N91: Mets | O91: Geoff Jenkins
L92: Round 5 | M92: 83 | N92: Phillies | O92: Shae Monahan
L93: Round 5 | M93: 84 | N93: Expos | O93: Craig Wilson
L94: Round 5 | M94: 85 | N94: Mariners | O94: Brant Brown
L95: Round 5 | M95: 86 | N95: Blue Jays | O95: Mike Simms
L96: Round 5 | M96: 87 | N96: Rockies | O96: Gabe Alvarez
L97: Round 5 | M97: 88 | N97: Giants | O97: Benj Sampson
L98: Round 5 | M98: 89 | N98: Mets | O98: Ryan Minor
L99: Round 5 | M99: 90 | N99: Phillies | O99: Bill Haselman
L100: Round 5 | M100: 91 | N100: Phillies | O100: Masato Yoshii
L101: Round 5 | M101: 92 | N101: Mets | O101: Placido Polanco
... L109: Round 5 | M109: 100 | N109: Orioles | O109: Dave Berg
M111: ROUND 6
L112: Round 6 | M112: 101 | N112: Athletics | O112: Ben Ford
L113: Round 6 | M113: 102 | N113: Cardinals | O113: Kelly Stinnett
L114: Round 6 | M114: 103 | N114: Giants | O114: Mark Johnson
L115: Round 6 | M115: 104 | N115: Athletics | O115: Paul Bako
L116: Round 6 | M116: 105 | N116: Mariners | O116: Vladimir Nunez
L117: Round 6 | M117: 106 | N117: Blue Jays | O117: Edgard Clemente
L118: Round 6 | M118: 107 | N118: Rockies | O118: Blake Stein
L119: Round 6 | M119: 108 | N119: Reds | O119: Ben Molina
L120: Round 6 | M120: 109 | N120: Mets | O120: Joe Fonenot
L121: Round 6 | M121: 110 | N121: Expos | O121: Vic Darensbourg
L122: Round 6 | M122: 111 | N122: Phillies | O122: Brian Powell
L123: Round 6 | M123: 112 | N123: Astros | O123: Trenidad Hubbard
... L131: Round 6 | M131: 120 | N131: Orioles | O131: Javier Martinez
M133: ROUND 7
L134: Round 7 | M134: 121 | N134: White Sox | O134: A.J. Pierzynski
L135: Round 7 | M135: 122 | N135: Cardinals | O135: Mike Redmond
L136: Round 7 | M136: 123 | N136: Giants | O136: Jeff Kubenka
L137: Round 7 | M137: 124 | N137: Athletics | O137: Xavier Hernandez
L138: Round 7 | M138: 125 | N138: Mariners | O138: Miguel Batista
L139: Round 7 | M139: 126 | N139: Blue Jays | O139: Willis Olanez
L140: Round 7 | M140: 127 | N140: Rockies | O140: Sal Fasano
L141: Round 7 | M141: 128 | N141: Reds | O141: Rich Croushore
L142: Round 7 | M142: 129 | N142: Mets | O142: Kerry Robinson
L143: Round 7 | M143: 130 | N143: Expos | O143: Jeremy Powell
L144: Round 7 | M144: 131 | N144: Phillies | O144: Jose Jimenez
L145: Round 7 | M145: 132 | N145: Astros | O145: Gil Heredia
... L153: Round 7 | M153: 140 | N153: Orioles | O153: C.J. Nitkowski
M155: ROUND 8
L156: Round 8 | M156: 141 | N156: White Sox | O156: Jonathan Johnson
...

Sheet 2000
A1: ROUND 1 | D1: ROUND 2 | G1: ROUND 3 | M1: ROUND 1
A2: 1 | B2: Giants | C2: Rick Ankiel | D2: 21 | E2: Pirates | F2: Matt Riley | G2: 41 | H2: Giants | I2: Byung-Hyun Kim | L2: Round 1 | M2: 1 | N2: Giants | O2: Rick Ankiel
A3: 2 | B3: Athletics | C3: Kris Benson | D3: 22 | E3: Mariners | F3: Jeff Zimmerman | G3: 42 | H3: Mariners | I3: Scott Sauerbeck | L3: Round 1 | M3: 2 | N3: Athletics | O3: Kris Benson
A4: 3 | B4: Orioles | C4: Tim Hudson | D4: 23 | E4: Pirates | F4: Ed Yarnall | G4: 43 | H4: Pirates | I4: D'Angelo Jimenez | L4: Round 1 | M4: 3 | N4: Orioles | O4: Tim Hudson
A5: 4 | B5: Reds | C5: Kip Wells | D5: 24 | E5: Reds | F5: Travis Dawkins | G5: 44 | H5: Reds | I5: Orber Moreno | L5: Round 1 | M5: 4 | N5: Reds | O5: Kip Wells
A6: 5 | B6: Astros | C6: Warren Morris | D6: 25 | E6: Astros | F6: Jacque Jones | G6: 45 | H6: Astros | I6: Kevin Barker | L6: Round 1 | M6: 5 | N6: Astros | O6: Warren Morris
A7: 6 | B7: Orioles | C7: Ben Petrick | D7: 26 | E7: Phillies | F7: Lance Berkman | G7: 46 | H7: Giants | I7: Ted Lilly | L7: Round 1 | M7: 6 | N7: Orioles | O7: Ben Petrick
A8: 7 | B8: Reds | C8: A.J. Burnett | D8: 27 | E8: Twins | F8: R. Hernandez | G8: 47 | H8: Orioles | I8: Jeff Weaver | L8: Round 1 | M8: 7 | N8: Reds | O8: A.J. Burnett
A9: 8 | B9: Royals | C9: Ruben Mateo | D9: 28 | E9: Expos | F9: Terrence Long | G9: 48 | H9: Royals | I9: Cristian Guzman | L9: Round 1 | M9: 8 | N9: Royals | O9: Ruben Mateo
A10: 9 | B10: Pirates | C10: Vernon Wells | D10: 29 | E10: Yankees | F10: Wilton Veras | G10: 49 | H10: Pirates | I10: Steve Lomasney | L10: Round 1 | M10: 9 | N10: Pirates | O10: Vernon Wells
A11: 10 | B11: Mets | C11: Chad Hermansen | D11: 30 | E11: Tigers | F11: Todd Ritchie | G11: 50 | H11: Tigers | I11: Chris Singleton | L11: Round 1 | M11: 10 | N11: Mets | O11: Chad Hermansen
A12: 11 | B12: Mets | C12: Scott Williamson | D12: 31 | E12: Mets | F12: Kevin McGlinchy | G12: 51 | H12: Mets | I12: Onan Masaoka | L12: Round 1 | M12: 11 | N12: Mets | O12: Scott Williamson
A13: 12 | B13: Pirates | C13: Freddy Garcia | D13: 32 | E13: Orioles | F13: Billy Koch | G13: 52 | H13: Orioles | I13: Guillermon Mota | L13: Round 1 | M13: 12 | N13: Pirates | O13: Freddy Garcia
... A21: 20 | B21: Pirates | C21: Carlos Lee | D21: 40 | E21: Reds | F21: Dan Reichert | G21: 60 | H21: Pirates | I21: Darryl Kile | L21: Round 1 | M21: 20 | N21: Pirates | O21: Carlos Lee
A23: ROUND 4 | D23: ROUND 5 | G23: ROUND 6 | M23: ROUND 2
A24: 61 | B24: Giants | C24: Adam Kennedy | D24: 81 | E24: Giants | F24: Mike Venafro | G24: 101 | H24: Giants | I24: Wiki Gonzalez | L24: Round 2 | M24: 21 | N24: Pirates | O24: Matt Riley
A25: 62 | B25: Mariners | C25: Shane Andrews | D25: 82 | E25: Twins | F25: Ramon Castro | G25: 102 | H25: Mariners | I25: Brian Daubach | L25: Round 2 | M25: 22 | N25: Mariners | O25: Jeff Zimmerman
A26: 63 | B26: Athletics | C26: Mark Quinn | D26: 83 | E26: Pirates | F26: Sean De Paula | G26: 103 | H26: White Sox | I26: Pat Mahomes | L26: Round 2 | M26: 23 | N26: Pirates | O26: Ed Yarnall
A27: 64 | B27: Reds | C27: Wade Miller | D27: 84 | E27: Reds | F27: Tomokazu Ohka | G27: 104 | H27: Reds | I27: J.C. Romero | L27: Round 2 | M27: 24 | N27: Reds | O27: Travis Dawkins
A28: 65 | B28: Astros | C28: Chad Allen | D28: 85 | E28: Astros | F28: Casey Blake | G28: 105 | H28: Astros | I28: Lou Pote | L28: Round 2 | M28: 25 | N28: Astros | O28: Jacque Jones
A29: 66 | B29: Phillies | C29: Alex Ramirez | D29: 86 | E29: Phillies | F29: Gabe Alvarez | G29: 106 | H29: Phillies | I29: Eric Owens | L29: Round 2 | M29: 26 | N29: Phillies | O29: Lance Berkman
A30: 67 | B30: Pirates | C30: Chad Harville | D30: 87 | E30: Cardinals | F30: Manny Martinez | G30: 107 | H30: Padres | I30: Shawon Dunston | L30: Round 2 | M30: 27 | N30: Twins | O30: R. Hernandez
A31: 68 | B31: Royals | C31: Kyle Farnsworth | D31: 88 | E31: Giants | F31: Chad Myers | G31: 108 | H31: Royals | I31: Chad Durbin | L31: Round 2 | M31: 28 | N31: Expos | O31: Terrence Long
A32: 69 | B32: Mets | C32: Mike Darr | D32: 89 | E32: Athletics | F32: Allen Watson | G32: 109 | H32: Athletics | I32: Tony Graffanino | L32: Round 2 | M32: 29 | N32: Yankees | O32: Wilton Veras
A33: 70 | B33: Tigers | C33: Terry Shumpert | D33: 90 | E33: Tigers | F33: Brook Fordyce | G33: 110 | H33: Tigers | I33: Paul Abbott | L33: Round 2 | M33: 30 | N33: Tigers | O33: Todd Ritchie
A34: 71 | B34: Mets | C34: Cole Liniak | D34: 91 | E34: Mets | F34: Jorge Toca | G34: 111 | H34: Mets | I34: Sean Lowe | L34: Round 2 | M34: 31 | N34: Mets | O34: Kevin McGlinchy
A35: 72 | B35: Phillies | C35: Trent Durrington | D35: 92 | E35: Orioles | F35: Armando Almanza | G35: 112 | H35: Orioles | I35: Ron Mahay | L35: Round 2 | M35: 32 | N35: Orioles | O35: Billy Koch
... A43: 80 | B43: Pirates | C43: Juan Pena | D43: 100 | E43: Mariners | F43: Benny Agbayani | G43: 120 | H43: Pirates | I43: Michael Coleman | L43: Round 2 | M43: 40 | N43: Reds | O43: Dan Reichert
A45: ROUND 7 | D45: ROUND 8 | G45: ROUND 9 | M45: ROUND 3
A46: 121 | B46: Giants | C46: Calvin Murray | D46: 141 | E46: Giants | F46: Kevin Millar | G46: 161 | H46: Giants | I46: Hector Almonte | L46: Round 3 | M46: 41 | N46: Giants | O46: Byung-Hyun Kim
A47: 122 | B47: Mariners | C47: Travis Miller | D47: 142 | E47: Mariners | F47: Micah Bowie | G47: 162 | H47: Mariners | I47: Ed Sprague | L47: Round 3 | M47: 42 | N47: Mariners | O47: Scott Sauerbeck
A48: 123 | B48: Pirates | C48: Gary Glover | D48: 143 | E48: White Sox | F48: Steve Cox | G48: 163 | H48: White Sox | I48: Tony Batista | L48: Round 3 | M48: 43 | N48: Pirates | O48: D'Angelo Jimenez
A49: 124 | B49: Reds | C49: David Riske | D49: 144 | E49: Reds | F49: Dan Naulty | G49: 164 | H49: Reds | I49: Lance Painter | L49: Round 3 | M49: 44 | N49: Reds | O49: Orber Moreno
A50: 125 | B50: Astros | C50: Jason Dellaero | D50: 145 | E50: Astros | F50: Doug Mirabelli | G50: 165 | H50: Astros | I50: Brian Falkenborg | L50: Round 3 | M50: 45 | N50: Astros | O50: Kevin Barker
A51: 126 | B51: Phillies | C51: Mark Wilkins | D51: 146 | E51: Phillies | F51: Gabe White | G51: 166 | H51: Phillies | I51: Jeff Liefer | L51: Round 3 | M51: 46 | N51: Giants | O51: Ted Lilly
A52: 127 | B52: Blue Jays | C52: Henry Blanco | D52: 147 | E52: Padres | F52: Jason Grimsley | G52: 167 | H52: Padres | I52: Rheal Cormier | L52: Round 3 | M52: 47 | N52: Orioles | O52: Jeff Weaver
A53: 128 | B53: Royals | C53: Doug Davis | D53: 148 | E53: Royals | F53: Michael Tejera | G53: 168 | H53: Royals | I53: Pat Daneker | L53: Round 3 | M53: 48 | N53: Royals | O53: Cristian Guzman
A54: 129 | B54: Athletics | C54: Tom Lampkin | D54: 149 | E54: Mets | F54: Chuck McElroy | G54: 169 | H54: Pirates | I54: Bobby Witt | L54: Round 3 | M54: 49 | N54: Pirates | O54: Steve Lomasney
A55: 130 | B55: Tigers | C55: Kurt Abbott | D55: 150 | E55: Tigers | F55: Pedro Borbon | G55: 170 | H55: Tigers | I55: Tim Wakefield | L55: Round 3 | M55: 50 | N55: Tigers | O55: Chris Singleton
A56: 131 | B56: Blue Jays | C56: Steve Montgomery | D56: 151 | E56: Mets | F56: Rod Barajas | G56: 171 | H56: Mets | I56: Gabe Molina | L56: Round 3 | M56: 51 | N56: Mets | O56: Onan Masaoka
A57: 132 | B57: Orioles | C57: Steve Schrenk | D57: 152 | E57: Orioles | F57: Lance Carter | G57: 172 | H57: Orioles | I57: Olmedo Saenz | L57: Round 3 | M57: 52 | N57: Orioles | O57: Guillermon Mota
... A65: 140 | B65: Pirates | C65: Luis Vizcaino | D65: 160 | E65: Pirates | F65: Mike Morgan | G65: 180 | H65: Pirates | I65: Tim Belcher | L65: Round 3 | M65: 60 | N65: Pirates | O65: Darryl Kile
A67: ROUND 10 | D67: ROUND 11 | G67: ROUND 12 | M67: ROUND 4
A68: 181 | B68: Giants | C68: Robert Ramsay | D68: 201 | E68: Giants | F68: Jeff Williams | G68: 221 | H68: Yankees | I68: Frank Rodriguez | L68: Round 4 | M68: 61 | N68: Giants | O68: Adam Kennedy
A69: 182 | B69: Mariners | C69: Luis Polonia | D69: 202 | E69: Mariners | F69: Andrew Lorraine | G69: 222 | H69: Mariners | I69: Sandy Martinez | L69: Round 4 | M69: 62 | N69: Mariners | O69: Shane Andrews
A70: 183 | B70: White Sox | C70: Doug Jones | D70: 203 | E70: White Sox | F70: Robinson Checo | G70: 223 | H70: White Sox | I70: Tony Eusebio | L70: Round 4 | M70: 63 | N70: Athletics | O70: Mark Quinn
A71: 184 | B71: Reds | C71: Will Cunnane | D71: 204 | E71: Reds | F71: Scott Kamieniecki | G71: 224 | H71: Reds | I71: Chad Bradford | L71: Round 4 | M71: 64 | N71: Reds | O71: Wade Miller
A72: 185 | B72: Astros | C72: John McDonald | D72: 205 | E72: Astros | F72: Kevin Jordan | G72: 225 | H72: Astros | I72: Tripp Cromer | L72: Round 4 | M72: 65 | N72: Astros | O72: Chad Allen
A73: 186 | B73: Phillies | C73: Ricky Bottalico | D73: 206 | E73: Phillies | F73: Paul Loduca | G73: 226 | H73: Phillies | I73: Brian Banks | L73: Round 4 | M73: 66 | N73: Phillies | O73: Alex Ramirez
A74: 187 | B74: Padres | C74: Buddy Groom | D74: 207 | E74: Padres | F74: Shayne Bennett | G74: 227 | H74: Padres | I74: Craig Counsell | L74: Round 4 | M74: 67 | N74: Pirates | O74: Chad Harville
A75: 188 | B75: Royals | C75: Mike Oquist | D75: 208 | E75: Royals | F75: Chris Haney | G75: 228 | H75: Royals | I75: Eric Stuckenschneider | L75: Round 4 | M75: 68 | N75: Royals | O75: Kyle Farnsworth
A76: 189 | B76: Giants | C76: Mike Lincoln | D76: 209 | E76: White Sox | F76: Darryl Strawberry | G76: 229 | H76: Orioles | I76: Eduardo Perez | L76: Round 4 | M76: 69 | N76: Mets | O76: Mike Darr
A77: 190 | B77: Tigers | C77: Jose Mesa | D77: 210 | E77: Tigers | F77: Brent Gates | G77: 230 | H77: Tigers | I77: Jeff Montgomery | L77: Round 4 | M77: 70 | N77: Tigers | O77: Terry Shumpert
A78: 191 | B78: Mets | C78: Trace Coquillette | D78: 211 | E78: Mets | F78: Jordan Zimmerman | G78: 231 | H78: Mets | I78: Kelly Dransfeldt | L78: Round 4 | M78: 71 | N78: Mets | O78: Cole Liniak
A79: 192 | B79: Orioles | C79: Vicente Padilla | D79: 212 | E79: Orioles | F79: Glen Barker | G79: 232 | H79: Orioles | I79: Jim Morris | L79: Round 4 | M79: 72 | N79: Phillies | O79: Trent Durrington
... A87: 200 | B87: Pirates | C87: Mark Portugal | D87: 220 | E87: Pirates | F87: Jeff Fassero | G87: 240 | H87: Pirates | I87: Doc Gooden | L87: Round 4 | M87: 80 | N87: Pirates | O87: Juan Pena
M89: ROUND 5
L90: Round 5 | M90: 81 | N90: Giants | O90: Mike Venafro
L91: Round 5 | M91: 82 | N91: Twins | O91: Ramon Castro
L92: Round 5 | M92: 83 | N92: Pirates | O92: Sean De Paula
L93: Round 5 | M93: 84 | N93: Reds | O93: Tomokazu Ohka
L94: Round 5 | M94: 85 | N94: Astros | O94: Casey Blake
L95: Round 5 | M95: 86 | N95: Phillies | O95: Gabe Alvarez
L96: Round 5 | M96: 87 | N96: Cardinals | O96: Manny Martinez
L97: Round 5 | M97: 88 | N97: Giants | O97: Chad Myers
L98: Round 5 | M98: 89 | N98: Athletics | O98: Allen Watson
L99: Round 5 | M99: 90 | N99: Tigers | O99: Brook Fordyce
L100: Round 5 | M100: 91 | N100: Mets | O100: Jorge Toca
L101: Round 5 | M101: 92 | N101: Orioles | O101: Armando Almanza
... L109: Round 5 | M109: 100 | N109: Mariners | O109: Benny Agbayani
M111: ROUND 6
L112: Round 6 | M112: 101 | N112: Giants | O112: Wiki Gonzalez
L113: Round 6 | M113: 102 | N113: Mariners | O113: Brian Daubach
L114: Round 6 | M114: 103 | N114: White Sox | O114: Pat Mahomes
L115: Round 6 | M115: 104 | N115: Reds | O115: J.C. Romero
L116: Round 6 | M116: 105 | N116: Astros | O116: Lou Pote
L117: Round 6 | M117: 106 | N117: Phillies | O117: Eric Owens
L118: Round 6 | M118: 107 | N118: Padres | O118: Shawon Dunston
L119: Round 6 | M119: 108 | N119: Royals | O119: Chad Durbin
L120: Round 6 | M120: 109 | N120: Athletics | O120: Tony Graffanino
L121: Round 6 | M121: 110 | N121: Tigers | O121: Paul Abbott
L122: Round 6 | M122: 111 | N122: Mets | O122: Sean Lowe
L123: Round 6 | M123: 112 | N123: Orioles | O123: Ron Mahay
... L131: Round 6 | M131: 120 | N131: Pirates | O131: Michael Coleman
M133: ROUND 7
L134: Round 7 | M134: 121 | N134: Giants | O134: Calvin Murray
L135: Round 7 | M135: 122 | N135: Mariners | O135: Travis Miller
L136: Round 7 | M136: 123 | N136: Pirates | O136: Gary Glover
L137: Round 7 | M137: 124 | N137: Reds | O137: David Riske
L138: Round 7 | M138: 125 | N138: Astros | O138: Jason Dellaero
L139: Round 7 | M139: 126 | N139: Phillies | O139: Mark Wilkins
L140: Round 7 | M140: 127 | N140: Blue Jays | O140: Henry Blanco
L141: Round 7 | M141: 128 | N141: Royals | O141: Doug Davis
L142: Round 7 | M142: 129 | N142: Athletics | O142: Tom Lampkin
L143: Round 7 | M143: 130 | N143: Tigers | O143: Kurt Abbott
L144: Round 7 | M144: 131 | N144: Blue Jays | O144: Steve Montgomery
L145: Round 7 | M145: 132 | N145: Orioles | O145: Steve Schrenk
... L153: Round 7 | M153: 140 | N153: Pirates | O153: Luis Vizcaino
M155: ROUND 8
L156: Round 8 | M156: 141 | N156: Giants | O156: Kevin Millar
...

Sheet 2001
A1: ROUND 1 | D1: ROUND 2 | G1: ROUND 3 | M1: ROUND 1
A2: 1 | B2: Twins | C2: Barry Zito | D2: 21 | E2: Mets | F2: Jason Marquis | G2: 41 | H2: Indians | I2: Herbert Perry | L2: Round 1 | M2: 1 | N2: Twins | O2: Barry Zito
A3: 2 | B3: Mets | C3: Pat Burrell | D3: 22 | E3: Royals | F3: Britt Reames | G3: 42 | H3: Reds | I3: Tim Drew | L3: Round 1 | M3: 2 | N3: Mets | O3: Pat Burrell
A4: 3 | B4: Twins | C4: Rafael Furcal | D4: 23 | E4: Rockies | F4: Frank Castillo | G4: 43 | H4: Twins | I4: John Riedling | L4: Round 1 | M4: 3 | N4: Twins | O4: Rafael Furcal
A5: 4 | B5: Royals | C5: Jose Ortiz | D5: 24 | E5: Royals | F5: Adam Piatt | G5: 44 | H5: Royals | I5: Jason Larue | L5: Round 1 | M5: 4 | N5: Royals | O5: Jose Ortiz
A6: 5 | B6: Orioles | C6: Milton Bradley | D6: 25 | E6: Mariners | F6: Brian Tollberg | G6: 45 | H6: Mariners | I6: Ryan Kohlmeier | L6: Round 1 | M6: 5 | N6: Orioles | O6: Milton Bradley
A7: 6 | B7: Orioles | C7: Jimmy Rollins | D7: 26 | E7: Devil Rays | F7: Luke Prokopec | G7: 46 | H7: Devil Rays | I7: Xavier Nady | L7: Round 1 | M7: 6 | N7: Orioles | O7: Jimmy Rollins
A8: 7 | B8: Tigers | C8: Joe Crede | D8: 27 | E8: Tigers | F8: Mark Redman | G8: 47 | H8: Tigers | I8: Nate Rolison | L8: Round 1 | M8: 7 | N8: Tigers | O8: Joe Crede
A9: 8 | B9: Reds | C9: Corey Patterson | D9: 28 | E9: Reds | F9: Luis Rivas | G9: 48 | H9: Reds | I9: Eric Munson | L9: Round 1 | M9: 8 | N9: Reds | O9: Corey Patterson
A10: 9 | B10: Mets | C10: Rob Bell | D10: 29 | E10: Yankees | F10: Lorenzo Barcelo | G10: 49 | H10: Yankees | I10: Ryan Vogelsong | L10: Round 1 | M10: 9 | N10: Mets | O10: Rob Bell
A11: 10 | B11: Yankees | C11: Brad Penny | D11: 30 | E11: Pirates | F11: Chris Richard | G11: 50 | H11: Brewers | I11: Chad Kreuter | L11: Round 1 | M11: 10 | N11: Yankees | O11: Brad Penny
A12: 11 | B12: Mets | C12: Mark Mulder | D12: 31 | E12: Mets | F12: Ruben Quevedo | G12: 51 | H12: Indians | I12: Mike Matheny | L12: Round 1 | M12: 11 | N12: Mets | O12: Mark Mulder
A13: 12 | B13: Blue Jays | C13: Adam Eaton | D13: 32 | E13: Blue Jays | F13: Keith Ginter | G13: 52 | H13: Blue Jays | I13: Osvaldo Fernandez | L13: Round 1 | M13: 12 | N13: Blue Jays | O13: Adam Eaton
... A21: 20 | B21: Expos | C21: Paul Wilson | D21: 40 | E21: Twins | F21: Wes Helms | G21: 60 | H21: Twins | I21: Matt Wise | L21: Round 1 | M21: 20 | N21: Expos | O21: Paul Wilson
A23: ROUND 4 | D23: ROUND 5 | G23: ROUND 6 | M23: ROUND 2
A24: 61 | B24: Mariners | C24: Tomas Perez | D24: 81 | E24: White Sox | F24: Steve Rain | G24: 101 | H24: Giants | I24: Jose Mercedes | L24: Round 2 | M24: 21 | N24: Mets | O24: Jason Marquis
A25: 62 | B25: Pirates | C25: Kelly Wunsch | D25: 82 | E25: Pirates | F25: Geraldo Guzman | G25: 102 | H25: Pirates | I25: Ramon E. Martinez | L25: Round 2 | M25: 22 | N25: Royals | O25: Britt Reames
A26: 63 | B26: Twins | C26: Doug Mientkiewicz | D26: 83 | E26: Twins | F26: Tony McKnight | G26: 103 | H26: Twins | I26: Wally Joyner | L26: Round 2 | M26: 23 | N26: Rockies | O26: Frank Castillo
A27: 64 | B27: Royals | C27: Pedro Feliz | D27: 84 | E27: Athletics | F27: Dan Plesac | G27: 104 | H27: Royals | I27: Darwin Cubillan | L27: Round 2 | M27: 24 | N27: Royals | O27: Adam Piatt
A28: 65 | B28: Mariners | C28: Matt Herges | D28: 85 | E28: Mariners | F28: Jason Tyner | G28: 105 | H28: Mariners | I28: Ray King | L28: Round 2 | M28: 25 | N28: Mariners | O28: Brian Tollberg
A29: 66 | B29: Devil Rays | C29: John Parrish | D29: 86 | E29: Devil Rays | F29: Craig House | G29: 106 | H29: Devil Rays | I29: Jay Spurgeon | L29: Round 2 | M29: 26 | N29: Devil Rays | O29: Luke Prokopec
A30: 67 | B30: Tigers | C30: Paul Rigdon | D30: 87 | E30: Tigers | F30: Danny Bautista | G30: 107 | H30: Tigers | I30: Dave McCarty | L30: Round 2 | M30: 27 | N30: Tigers | O30: Mark Redman
A31: 68 | B31: Reds | C31: Jake Westbrook | D31: 88 | E31: Reds | F31: Allen Levrault | G31: 108 | H31: Reds | I31: Justin Speier | L31: Round 2 | M31: 28 | N31: Reds | O31: Luis Rivas
A32: 69 | B32: Yankees | C32: Grant Roberts | D32: 89 | E32: Yankees | F32: Derrick Turnbow | G32: 109 | H32: Yankees | I32: Rocky Biddle | L32: Round 2 | M32: 29 | N32: Yankees | O32: Lorenzo Barcelo
A33: 70 | B33: Brewers | C33: Geoff Blum | D33: 90 | E33: Brewers | F33: Dave Martinez | G33: 110 | H33: Brewers | I33: Juan Castro | L33: Round 2 | M33: 30 | N33: Pirates | O33: Chris Richard
A34: 71 | B34: Indians | C34: Cal Eldred | D34: 91 | E34: Athletics | F34: Jason Grilli | G34: 111 | H34: Athletics | I34: Joe Oliver | L34: Round 2 | M34: 31 | N34: Mets | O34: Ruben Quevedo
A35: 72 | B35: Twins | C35: Chad Bradford | D35: 92 | E35: Blue Jays | F35: Eugene Kingsdale | G35: 112 | H35: Blue Jays | I35: Dave Weathers | L35: Round 2 | M35: 32 | N35: Blue Jays | O35: Keith Ginter
... A43: 80 | B43: Cardinals | C43: Luis Matos | D43: 100 | E43: Yankees | F43: Toby Hall | G43: 120 | H43: Cardinals | I43: Mike Fyhrie | L43: Round 2 | M43: 40 | N43: Twins | O43: Wes Helms
A45: ROUND 7 | D45: ROUND 8 | G45: ROUND 9 | M45: ROUND 3
A46: 121 | B46: Giants | C46: Jeff Frye | D46: 141 | E46: Giants | F46: Scott Hatteberg | G46: 161 | H46: Giants | I46: Cory Lidle | L46: Round 3 | M46: 41 | N46: Indians | O46: Herbert Perry
A47: 122 | B47: Pirates | C47: Luis Alicea | D47: 142 | E47: Pirates | F47: Horacio Estrada | G47: 162 | H47: Pirates | I47: Luis Sojo | L47: Round 3 | M47: 42 | N47: Reds | O47: Tim Drew
A48: 123 | B48: Twins | C48: Keith Osik | D48: 143 | E48: Twins | F48: Todd Dunwoody | G48: 163 | H48: Twins | I48: Tom Evans | L48: Round 3 | M48: 43 | N48: Twins | O48: John Riedling
A49: 124 | B49: Royals | C49: Seth Etherton | D49: 144 | E49: Royals | F49: Adam Bernero | G49: 164 | H49: Cardinals | I49: Randy Choate | L49: Round 3 | M49: 44 | N49: Royals | O49: Jason Larue
A50: 125 | B50: Giants | C50: James Mouton | D50: 145 | E50: Mariners | F50: Julio Zuleta | G50: 165 | H50: Mariners | I50: Andy Tracy | L50: Round 3 | M50: 45 | N50: Mariners | O50: Ryan Kohlmeier
A51: 126 | B51: Devil Rays | C51: T.J. Tucker | D51: 146 | E51: Devil Rays | F51: Will Ohman | G51: 166 | H51: Devil Rays | I51: Morgan Ensberg | L51: Round 3 | M51: 46 | N51: Devil Rays | O51: Xavier Nady
A52: 127 | B52: Tigers | C52: Chris Clapinski | D52: 147 | E52: Tigers | F52: Doug Henry | G52: 167 | H52: Tigers | I52: Russ Davis | L52: Round 3 | M52: 47 | N52: Tigers | O52: Nate Rolison
A53: 128 | B53: Reds | C53: Joey Nation | D53: 148 | E53: Reds | F53: Lesli Brea | G53: 168 | H53: Reds | I53: Tanyon Sturtze | L53: Round 3 | M53: 48 | N53: Reds | O53: Eric Munson
